[ AOE2 MATCH · #479216872 ]
UnrankedMongols vs None
Rival team · WIN
[ REPLAY ANALYSIS · EXTRACTED FROM THE RECORDED GAME ]
Feudal
—
Castle
—
Imperial
—
| APM avg | 1.8 |
| APM peak | 25 |
| eAPM avg | 1.4 |
| Villagers / military | 0 / 0 |
Focus
⚔️ 67.1% · 🌾 32.9%
Unknown (4100) ×1
Feudal
—
Castle
—
Imperial
—
| APM avg | 37.4 |
| APM peak | 93 |
| eAPM avg | 33.9 |
| Villagers / military | 0 / 0 |
Focus
⚔️ 70.2% · 🌾 29.8%
Unknown (4100) ×6
Feudal
—
Castle
—
Imperial
—
| APM avg | 34.5 |
| APM peak | 68 |
| eAPM avg | 12.8 |
| Villagers / military | 0 / 0 |
Focus
⚔️ 86.0% · 🌾 14.0%
Feudal
—
Castle
—
Imperial
—
| APM avg | 1.1 |
| APM peak | 14 |
| eAPM avg | 0.8 |
| Villagers / military | 0 / 0 |
Focus
⚔️ 97.4% · 🌾 2.6%
Feudal
—
Castle
—
Imperial
—
| APM avg | 9.9 |
| APM peak | 58 |
| eAPM avg | 8.5 |
| Villagers / military | 0 / 0 |
Focus
⚔️ 97.7% · 🌾 2.3%
Unknown (4100) ×4
Feudal
—
Castle
—
Imperial
—
| APM avg | 12.4 |
| APM peak | 39 |
| eAPM avg | 10.2 |
| Villagers / military | 0 / 0 |
Focus
⚔️ 77.5% · 🌾 22.5%
Feudal
—
Castle
—
Imperial
—
| APM avg | 19.5 |
| APM peak | 64 |
| eAPM avg | 18.9 |
| Villagers / military | 0 / 0 |
Focus
⚔️ 66.3% · 🌾 33.7%
Feudal
—
Castle
—
Imperial
—
| APM avg | 7.3 |
| APM peak | 36 |
| eAPM avg | 6.9 |
| Villagers / military | 0 / 0 |
Focus
⚔️ 97.2% · 🌾 2.8%
Unknown (4100) ×2
Match map
Initial resources + every placement click. Lines = walls · curves = elevation contours. ◆ gold · ⬟ stone · ● berries · ✦ relic · ◌ wall gap
Your base· Open — 13t gap
gsnwizard999's base· Open — 13t gap
Beckendorf's base· Open — 13t gap
91老秦's base· Open — 13t gap
Enmore's base· Open — 13t gap
Filpill's base· Open — 13t gap
pattomi's base· Open — 13t gap
Slayer's base· Open — 13t gap
Smoothed initial terrain · ◌ = detected wall gap · hover for details
Inputs per minute
— 中国卢氏 - - gsnwizard999
Build order — 中国卢氏
38 actions detected in the replay
| 0:45 | Build | Building 4001 |
| 0:47 | Build | Building 4001 |
| 0:50 | Build | Building 4001 |
| 0:51 | Build | Building 4001 |
| 0:51 | Build | Building 4001 |
| 0:55 | Build | Building 4001 |
| 1:04 | Build | Building 4001 |
| 1:10 | Build | Building 4001 |
| 1:35 | Build | Building 4001 |
| 1:36 | Build | Building 4001 |
| 1:38 | Build | Building 4001 |
| 1:39 | Build | Building 4001 |
| 1:42 | Build | Building 4001 |
| 1:56 | Build | Stable |
| 2:41 | Build | Building 4001 |
| 2:46 | Build | Building 4001 |
| 2:58 | Build | Building 4001 |
| 3:08 | Build | Building 4001 |
| 3:11 | Build | Building 4001 |
| 3:11 | Build | Building 4001 |
| 3:11 | Build | Building 4001 |
| 3:17 | Build | Building 4001 |
| 3:21 | Build | Building 4001 |
| 3:27 | Build | Building 4001 |
| 3:37 | Build | Building 4001 |
| 3:43 | Build | Building 4001 |
| 3:48 | Build | Building 4001 |
| 4:01 | Build | Building 4001 |
| 4:08 | Build | Building 4001 |
| 4:17 | Create | Unit 4100 |
| 4:41 | Build | Building 4001 |
| 4:49 | Build | Building 4001 |
| 5:02 | Build | Building 4001 |
| 5:11 | Build | Building 4001 |
| 5:15 | Build | Building 4001 |
| 5:18 | Build | Building 4001 |
| 5:22 | Build | Building 4001 |
| 5:42 | Build | Building 4001 |
Build order — gsnwizard999
First 150 of 1509 actions detected
| 0:18 | Build | Building 4001 |
| 0:18 | Build | Building 4001 |
| 0:19 | Build | Building 4001 |
| 0:19 | Build | Building 4001 |
| 0:20 | Build | Building 4001 |
| 0:20 | Build | Building 4001 |
| 0:21 | Build | Building 4001 |
| 0:22 | Build | Building 4001 |
| 0:22 | Build | Building 4001 |
| 0:23 | Build | Building 4001 |
| 0:23 | Build | Building 4001 |
| 0:23 | Build | Building 4001 |
| 0:24 | Build | Building 4001 |
| 0:25 | Build | Building 4001 |
| 0:25 | Build | Building 4001 |
| 0:26 | Build | Building 4001 |
| 0:26 | Build | Building 4001 |
| 0:26 | Build | Building 4001 |
| 0:30 | Build | Building 4001 |
| 0:30 | Build | Building 4001 |
| 0:31 | Build | Building 4001 |
| 0:31 | Build | Building 4001 |
| 0:32 | Build | Building 4001 |
| 0:32 | Build | Building 4001 |
| 0:33 | Build | Building 4001 |
| 0:33 | Build | Building 4001 |
| 0:34 | Build | Building 4001 |
| 0:34 | Build | Building 4001 |
| 0:35 | Build | Building 4001 |
| 0:35 | Build | Building 4001 |
| 0:36 | Build | Building 4001 |
| 0:36 | Build | Building 4001 |
| 0:37 | Build | Building 4001 |
| 0:37 | Build | Building 4001 |
| 0:38 | Build | Building 4001 |
| 0:38 | Build | Building 4001 |
| 0:39 | Build | Building 4001 |
| 0:39 | Build | Building 4001 |
| 0:39 | Build | Building 4001 |
| 0:40 | Build | Building 4001 |
| 0:40 | Build | Building 4001 |
| 0:41 | Build | Building 4001 |
| 0:41 | Build | Building 4001 |
| 0:42 | Build | Building 4001 |
| 0:42 | Build | Building 4001 |
| 0:43 | Build | Building 4001 |
| 0:43 | Build | Building 4001 |
| 0:43 | Build | Building 4001 |
| 0:44 | Build | Building 4001 |
| 0:45 | Build | Building 4001 |
| 0:45 | Build | Building 4001 |
| 0:46 | Build | Building 4001 |
| 0:46 | Build | Building 4001 |
| 0:46 | Build | Building 4001 |
| 0:47 | Build | Building 4001 |
| 0:48 | Build | Building 4001 |
| 0:48 | Build | Building 4001 |
| 0:49 | Build | Building 4001 |
| 0:50 | Build | Building 4001 |
| 0:50 | Build | Building 4001 |
| 0:50 | Build | Building 4001 |
| 0:51 | Build | Building 4001 |
| 0:52 | Build | Building 4001 |
| 0:52 | Build | Building 4001 |
| 0:53 | Build | Building 4001 |
| 0:53 | Build | Building 4001 |
| 0:54 | Build | Building 4001 |
| 0:54 | Build | Building 4001 |
| 0:55 | Build | Building 4001 |
| 0:55 | Build | Building 4001 |
| 0:56 | Build | Building 4001 |
| 0:57 | Build | Building 4001 |
| 0:58 | Build | Building 4001 |
| 0:59 | Build | Building 4001 |
| 1:02 | Build | Building 4001 |
| 1:03 | Build | Building 4001 |
| 1:04 | Build | Building 4001 |
| 1:05 | Build | Building 4001 |
| 1:06 | Build | Building 4001 |
| 1:06 | Build | Building 4001 |
| 1:07 | Build | Building 4001 |
| 1:08 | Build | Building 4001 |
| 1:08 | Build | Building 4001 |
| 1:09 | Build | Building 4001 |
| 1:10 | Build | Building 4001 |
| 1:10 | Build | Building 4001 |
| 1:11 | Build | Building 4001 |
| 1:11 | Build | Building 4001 |
| 1:12 | Build | Building 4001 |
| 1:12 | Build | Building 4001 |
| 1:13 | Build | Building 4001 |
| 1:14 | Build | Building 4001 |
| 1:14 | Build | Building 4001 |
| 1:15 | Build | Building 4001 |
| 1:15 | Build | Building 4001 |
| 1:16 | Build | Building 4001 |
| 1:17 | Build | Building 4001 |
| 1:17 | Build | Building 4001 |
| 1:18 | Build | Building 4001 |
| 1:18 | Build | Building 4001 |
| 1:19 | Build | Building 4001 |
| 1:21 | Build | Building 4001 |
| 1:21 | Build | Building 4001 |
| 1:22 | Build | Building 4001 |
| 1:23 | Build | Building 4001 |
| 1:24 | Build | Building 4001 |
| 1:24 | Build | Building 4001 |
| 1:25 | Build | Building 4001 |
| 1:25 | Build | Building 4001 |
| 1:26 | Build | Building 4001 |
| 1:26 | Build | Building 4001 |
| 1:27 | Build | Building 4001 |
| 1:28 | Build | Building 4001 |
| 1:28 | Build | Building 4001 |
| 1:29 | Build | Building 4001 |
| 1:29 | Build | Building 4001 |
| 1:30 | Build | Building 4001 |
| 1:30 | Build | Building 4001 |
| 1:31 | Build | Building 4001 |
| 1:31 | Build | Building 4001 |
| 1:32 | Build | Building 4001 |
| 1:33 | Build | Building 4001 |
| 1:33 | Build | Building 4001 |
| 1:34 | Build | Building 4001 |
| 1:34 | Build | Building 4001 |
| 1:35 | Build | Building 4001 |
| 1:35 | Build | Building 4001 |
| 1:36 | Build | Building 4001 |
| 1:36 | Build | Building 4001 |
| 1:39 | Build | Building 4001 |
| 1:40 | Build | Building 4001 |
| 1:40 | Build | Building 4001 |
| 1:42 | Build | Building 4001 |
| 1:43 | Build | Building 4001 |
| 1:43 | Build | Building 4001 |
| 1:44 | Build | Building 4001 |
| 1:44 | Build | Building 4001 |
| 1:45 | Build | Building 4001 |
| 1:45 | Build | Building 4001 |
| 1:46 | Build | Building 4001 |
| 1:46 | Build | Building 4001 |
| 1:47 | Build | Building 4001 |
| 1:48 | Build | Building 4001 |
| 1:48 | Build | Building 4001 |
| 1:49 | Build | Building 4001 |
| 1:49 | Build | Building 4001 |
| 1:50 | Build | Building 4001 |
| 1:50 | Build | Building 4001 |
| 1:51 | Build | Building 4001 |
| 1:51 | Build | Building 4001 |
Build order — Beckendorf
0 actions detected in the replay
Build order — 91老秦
38 actions detected in the replay
| 0:28 | Build | Building 4001 |
| 0:33 | Build | Building 4001 |
| 0:38 | Build | Building 4001 |
| 0:41 | Build | Building 4001 |
| 0:47 | Build | Building 4001 |
| 0:52 | Build | Building 4001 |
| 1:03 | Build | Building 4001 |
| 1:05 | Build | Building 4001 |
| 1:09 | Build | Building 4001 |
| 1:15 | Build | Building 4001 |
| 1:22 | Build | Building 4001 |
| 1:25 | Build | Building 4001 |
| 1:29 | Build | Building 4001 |
| 1:31 | Build | Building 4001 |
| 1:34 | Build | Building 4001 |
| 1:37 | Build | Building 4001 |
| 2:20 | Build | Building 4001 |
| 2:47 | Build | Building 4001 |
| 2:49 | Build | Building 4001 |
| 2:52 | Build | Building 4001 |
| 2:55 | Build | Building 4001 |
| 3:00 | Build | Building 4001 |
| 3:06 | Build | Building 4001 |
| 3:12 | Build | Building 4001 |
| 3:15 | Build | Building 4001 |
| 3:18 | Build | Building 4001 |
| 3:23 | Build | Building 4001 |
| 3:30 | Build | Building 4001 |
| 3:42 | Build | Building 4001 |
| 3:47 | Build | Building 4001 |
| 3:53 | Build | Building 4001 |
| 3:56 | Build | Building 4001 |
| 3:59 | Build | Building 4001 |
| 4:01 | Build | Building 4001 |
| 4:04 | Build | Building 4001 |
| 4:05 | Build | Building 4001 |
| 4:06 | Build | Building 4001 |
| 4:08 | Build | Building 4001 |
Build order — Enmore
First 150 of 394 actions detected
| 0:24 | Build | Building 4001 |
| 0:36 | Build | Stable |
| 0:48 | Build | Building 4001 |
| 0:54 | Create | Unit 4100 |
| 0:55 | Create | Unit 4100 |
| 0:59 | Build | Building 4001 |
| 1:00 | Build | Building 4001 |
| 1:01 | Build | Building 4001 |
| 1:02 | Build | Building 4001 |
| 1:03 | Build | Building 4001 |
| 1:04 | Build | Building 4001 |
| 1:04 | Build | Building 4001 |
| 1:05 | Build | Building 4001 |
| 1:06 | Build | Building 4001 |
| 1:07 | Build | Building 4001 |
| 1:08 | Build | Building 4001 |
| 1:08 | Build | Building 4001 |
| 1:10 | Build | Building 4001 |
| 1:11 | Build | Building 4001 |
| 1:12 | Build | Building 4001 |
| 1:12 | Build | Building 4001 |
| 1:13 | Build | Building 4001 |
| 1:14 | Build | Building 4001 |
| 1:14 | Build | Building 4001 |
| 1:15 | Build | Building 4001 |
| 1:16 | Build | Building 4001 |
| 1:16 | Build | Building 4001 |
| 1:17 | Build | Building 4001 |
| 1:18 | Build | Building 4001 |
| 1:18 | Build | Building 4001 |
| 1:19 | Build | Building 4001 |
| 1:20 | Build | Building 4001 |
| 1:22 | Build | Building 4001 |
| 1:23 | Build | Building 4001 |
| 1:23 | Build | Building 4001 |
| 1:24 | Build | Building 4001 |
| 1:25 | Build | Building 4001 |
| 1:26 | Build | Building 4001 |
| 1:27 | Build | Building 4001 |
| 1:27 | Build | Building 4001 |
| 1:28 | Build | Building 4001 |
| 1:29 | Build | Building 4001 |
| 1:29 | Build | Building 4001 |
| 1:30 | Build | Building 4001 |
| 1:31 | Build | Building 4001 |
| 1:31 | Build | Building 4001 |
| 1:32 | Build | Building 4001 |
| 1:33 | Build | Building 4001 |
| 1:33 | Build | Building 4001 |
| 1:34 | Build | Building 4001 |
| 1:35 | Build | Building 4001 |
| 1:36 | Build | Building 4001 |
| 1:38 | Build | Building 4001 |
| 1:39 | Build | Building 4001 |
| 1:39 | Build | Building 4001 |
| 1:41 | Build | Building 4001 |
| 1:42 | Build | Building 4001 |
| 1:42 | Build | Building 4001 |
| 1:48 | Build | Building 4001 |
| 1:49 | Build | Building 4001 |
| 1:50 | Build | Building 4001 |
| 1:51 | Build | Building 4001 |
| 1:57 | Build | Building 4001 |
| 2:03 | Build | Building 4001 |
| 2:06 | Build | Building 4001 |
| 2:21 | Build | Building 4001 |
| 2:22 | Build | Building 4001 |
| 2:23 | Build | Building 4001 |
| 2:25 | Build | Building 4001 |
| 2:26 | Build | Building 4001 |
| 2:26 | Build | Building 4001 |
| 2:27 | Build | Building 4001 |
| 2:28 | Build | Building 4001 |
| 2:29 | Build | Building 4001 |
| 2:29 | Build | Building 4001 |
| 2:30 | Build | Building 4001 |
| 2:31 | Build | Building 4001 |
| 2:32 | Build | Building 4001 |
| 2:32 | Build | Building 4001 |
| 2:33 | Build | Building 4001 |
| 2:34 | Build | Building 4001 |
| 2:35 | Build | Building 4001 |
| 2:36 | Build | Building 4001 |
| 2:36 | Build | Building 4001 |
| 2:37 | Build | Building 4001 |
| 2:38 | Build | Building 4001 |
| 2:38 | Build | Building 4001 |
| 2:39 | Build | Building 4001 |
| 2:41 | Build | Building 4001 |
| 2:42 | Build | Building 4001 |
| 2:42 | Build | Building 4001 |
| 2:43 | Build | Building 4001 |
| 2:44 | Build | Building 4001 |
| 2:44 | Build | Building 4001 |
| 2:45 | Build | Building 4001 |
| 2:46 | Build | Building 4001 |
| 2:46 | Build | Building 4001 |
| 2:47 | Build | Building 4001 |
| 2:48 | Build | Building 4001 |
| 2:50 | Build | Building 4001 |
| 2:50 | Build | Building 4001 |
| 2:51 | Build | Building 4001 |
| 2:52 | Build | Building 4001 |
| 2:54 | Build | Building 4001 |
| 2:55 | Build | Building 4001 |
| 2:57 | Build | Building 4001 |
| 3:05 | Build | Building 4001 |
| 3:06 | Build | Building 4001 |
| 3:07 | Build | Building 4001 |
| 3:08 | Build | Building 4001 |
| 3:08 | Build | Building 4001 |
| 3:09 | Build | Building 4001 |
| 3:10 | Build | Building 4001 |
| 3:11 | Build | Building 4001 |
| 3:12 | Build | Building 4001 |
| 3:13 | Build | Building 4001 |
| 3:14 | Build | Building 4001 |
| 3:15 | Build | Building 4001 |
| 3:15 | Build | Building 4001 |
| 3:16 | Build | Building 4001 |
| 3:17 | Build | Building 4001 |
| 3:18 | Build | Building 4001 |
| 3:19 | Build | Building 4001 |
| 3:19 | Build | Building 4001 |
| 3:20 | Build | Building 4001 |
| 3:21 | Build | Building 4001 |
| 3:22 | Build | Building 4001 |
| 3:22 | Build | Building 4001 |
| 3:23 | Build | Building 4001 |
| 3:24 | Build | Building 4001 |
| 3:25 | Build | Building 4001 |
| 3:27 | Build | Building 4001 |
| 3:29 | Build | Building 4001 |
| 3:31 | Build | Building 4001 |
| 4:04 | Build | Building 4001 |
| 4:06 | Build | Building 4001 |
| 4:07 | Build | Building 4001 |
| 4:09 | Build | Building 4001 |
| 4:10 | Build | Building 4001 |
| 4:11 | Build | Building 4001 |
| 4:12 | Build | Building 4001 |
| 4:13 | Build | Building 4001 |
| 4:14 | Build | Building 4001 |
| 4:15 | Build | Building 4001 |
| 4:16 | Build | Building 4001 |
| 4:17 | Build | Building 4001 |
| 4:17 | Build | Building 4001 |
| 4:18 | Build | Building 4001 |
| 4:19 | Build | Building 4001 |
| 4:19 | Build | Building 4001 |
Build order — Filpill
First 150 of 209 actions detected
| 0:23 | Build | Building 4001 |
| 0:27 | Build | Building 4001 |
| 0:32 | Build | Building 4001 |
| 0:37 | Build | Building 4001 |
| 0:39 | Build | Building 4001 |
| 0:41 | Build | Building 4001 |
| 0:46 | Build | Building 4001 |
| 1:02 | Build | Building 4001 |
| 1:09 | Build | Building 4001 |
| 1:28 | Build | Building 4001 |
| 1:31 | Build | Building 4001 |
| 1:36 | Build | Building 4001 |
| 1:38 | Build | Building 4001 |
| 1:43 | Build | Building 4001 |
| 1:47 | Build | Building 4001 |
| 1:50 | Build | Building 4001 |
| 1:53 | Build | Building 4001 |
| 1:57 | Build | Building 4001 |
| 2:12 | Build | Building 4001 |
| 2:14 | Build | Building 4001 |
| 2:23 | Build | Building 4001 |
| 2:29 | Build | Building 4001 |
| 2:36 | Build | Building 4001 |
| 2:42 | Build | Building 4001 |
| 2:45 | Build | Building 4001 |
| 2:49 | Build | Building 4001 |
| 2:55 | Build | Building 4001 |
| 3:04 | Build | Building 4001 |
| 3:08 | Build | Building 4001 |
| 3:17 | Build | Building 4001 |
| 3:21 | Build | Building 4001 |
| 3:29 | Build | Building 4001 |
| 3:38 | Build | Building 4001 |
| 3:48 | Build | Building 4001 |
| 3:58 | Build | Building 4001 |
| 4:10 | Build | Building 4001 |
| 4:24 | Build | Building 4001 |
| 4:45 | Build | Building 4001 |
| 4:50 | Build | Building 4001 |
| 4:58 | Build | Building 4001 |
| 5:05 | Build | Building 4001 |
| 5:24 | Build | Building 4001 |
| 5:26 | Build | Building 4001 |
| 5:34 | Build | Building 4001 |
| 5:43 | Build | Building 4001 |
| 5:47 | Build | Building 4001 |
| 5:51 | Build | Building 4001 |
| 6:01 | Build | Building 4001 |
| 6:04 | Build | Building 4001 |
| 6:13 | Build | Building 4001 |
| 6:21 | Build | Building 4001 |
| 6:35 | Build | Building 4001 |
| 6:52 | Build | Building 4001 |
| 7:03 | Build | Building 4001 |
| 7:18 | Build | Building 4001 |
| 7:32 | Build | Building 4001 |
| 7:47 | Build | Building 4001 |
| 7:51 | Build | Building 4001 |
| 8:26 | Build | Building 4001 |
| 8:35 | Build | Building 4001 |
| 8:51 | Build | Building 4001 |
| 9:05 | Build | Building 4001 |
| 9:13 | Build | Building 4001 |
| 9:39 | Build | Building 4001 |
| 9:41 | Build | Building 4001 |
| 9:45 | Build | Building 4001 |
| 10:06 | Build | Building 4001 |
| 10:10 | Build | Building 4001 |
| 10:25 | Build | Building 4001 |
| 10:26 | Build | Building 4001 |
| 10:31 | Build | Building 4001 |
| 10:35 | Build | Building 4001 |
| 10:39 | Build | Building 4001 |
| 10:48 | Build | Building 4001 |
| 10:51 | Build | Building 4001 |
| 11:05 | Build | Building 4001 |
| 11:18 | Build | Building 4001 |
| 11:27 | Build | Building 4001 |
| 11:34 | Build | Building 4001 |
| 11:39 | Build | Building 4001 |
| 11:45 | Build | Building 4001 |
| 11:50 | Build | Building 4001 |
| 11:55 | Build | Building 4001 |
| 11:57 | Build | Building 4001 |
| 11:58 | Build | Building 4001 |
| 12:00 | Build | Building 4001 |
| 12:03 | Build | Building 4001 |
| 12:05 | Build | Building 4001 |
| 12:08 | Build | Building 4001 |
| 12:13 | Build | Building 4001 |
| 12:17 | Build | Building 4001 |
| 12:24 | Build | Building 4001 |
| 12:30 | Build | Building 4001 |
| 12:38 | Build | Building 4001 |
| 12:42 | Build | Building 4001 |
| 13:53 | Build | Building 4001 |
| 13:56 | Build | Building 4001 |
| 14:01 | Build | Building 4001 |
| 14:05 | Build | Building 4001 |
| 14:08 | Build | Building 4001 |
| 14:12 | Build | Building 4001 |
| 14:15 | Build | Building 4001 |
| 14:18 | Build | Building 4001 |
| 14:24 | Build | Building 4001 |
| 14:29 | Build | Building 4001 |
| 15:30 | Build | Building 4001 |
| 15:37 | Build | Building 4001 |
| 15:41 | Build | Building 4001 |
| 15:47 | Build | Building 4001 |
| 15:56 | Build | Building 4001 |
| 16:03 | Build | Building 4001 |
| 16:10 | Build | Building 4001 |
| 16:20 | Build | Building 4001 |
| 16:26 | Build | Building 4001 |
| 16:36 | Build | Building 4001 |
| 16:43 | Build | Building 4001 |
| 16:50 | Build | Building 4001 |
| 17:00 | Build | Building 4001 |
| 17:07 | Build | Building 4001 |
| 17:14 | Build | Building 4001 |
| 17:49 | Build | Building 4001 |
| 18:09 | Build | Building 4001 |
| 18:22 | Build | Building 4001 |
| 18:26 | Build | Building 4001 |
| 18:31 | Build | Building 4001 |
| 18:46 | Build | Building 4001 |
| 18:47 | Build | Building 4001 |
| 18:52 | Build | Building 4001 |
| 18:55 | Build | Building 4001 |
| 19:08 | Build | Building 4001 |
| 19:24 | Build | Building 4001 |
| 19:26 | Build | Building 4001 |
| 19:29 | Build | Building 4001 |
| 19:32 | Build | Building 4001 |
| 19:37 | Build | Building 4001 |
| 19:40 | Build | Building 4001 |
| 19:45 | Build | Building 4001 |
| 19:48 | Build | Building 4001 |
| 20:05 | Build | Building 4001 |
| 20:10 | Build | Building 4001 |
| 20:18 | Build | Building 4001 |
| 26:59 | Build | Building 4001 |
| 27:04 | Build | Building 4001 |
| 27:11 | Build | Building 4001 |
| 27:15 | Build | Building 4001 |
| 27:22 | Build | Building 4001 |
| 27:32 | Build | Building 4001 |
| 27:45 | Build | Building 4001 |
| 27:47 | Build | Building 4001 |
| 27:53 | Build | Building 4001 |
Build order — pattomi
First 150 of 869 actions detected
| 0:27 | Build | Building 4001 |
| 0:44 | Build | Building 4001 |
| 0:46 | Build | Building 4001 |
| 0:50 | Build | Building 4001 |
| 0:55 | Build | Building 4001 |
| 0:58 | Build | Building 4001 |
| 1:02 | Build | Building 4001 |
| 1:06 | Build | Building 4001 |
| 1:08 | Build | Building 4001 |
| 1:09 | Build | Building 4001 |
| 1:10 | Build | Building 4001 |
| 1:11 | Build | Building 4001 |
| 1:12 | Build | Building 4001 |
| 1:12 | Build | Building 4001 |
| 1:13 | Build | Building 4001 |
| 1:14 | Build | Building 4001 |
| 1:15 | Build | Building 4001 |
| 1:17 | Build | Building 4001 |
| 1:17 | Build | Building 4001 |
| 1:18 | Build | Building 4001 |
| 1:19 | Build | Building 4001 |
| 1:20 | Build | Building 4001 |
| 1:20 | Build | Building 4001 |
| 1:21 | Build | Building 4001 |
| 1:22 | Build | Building 4001 |
| 1:22 | Build | Building 4001 |
| 1:23 | Build | Building 4001 |
| 1:24 | Build | Building 4001 |
| 1:24 | Build | Building 4001 |
| 1:25 | Build | Building 4001 |
| 1:26 | Build | Building 4001 |
| 1:26 | Build | Building 4001 |
| 1:27 | Build | Building 4001 |
| 1:28 | Build | Building 4001 |
| 1:28 | Build | Building 4001 |
| 1:36 | Build | Building 4001 |
| 1:40 | Build | Building 4001 |
| 1:48 | Build | Building 4001 |
| 1:56 | Build | Building 4001 |
| 2:06 | Build | Building 4001 |
| 2:13 | Build | Building 4001 |
| 2:29 | Build | Building 4001 |
| 2:32 | Build | Building 4001 |
| 2:37 | Build | Building 4001 |
| 2:48 | Build | Building 4001 |
| 2:53 | Build | Building 4001 |
| 3:06 | Build | Building 4001 |
| 3:23 | Build | Building 4001 |
| 3:24 | Build | Building 4001 |
| 3:24 | Build | Building 4001 |
| 3:25 | Build | Building 4001 |
| 3:26 | Build | Building 4001 |
| 3:26 | Build | Building 4001 |
| 3:27 | Build | Building 4001 |
| 3:28 | Build | Building 4001 |
| 3:29 | Build | Building 4001 |
| 3:29 | Build | Building 4001 |
| 3:30 | Build | Building 4001 |
| 3:30 | Build | Building 4001 |
| 3:31 | Build | Building 4001 |
| 3:32 | Build | Building 4001 |
| 3:32 | Build | Building 4001 |
| 3:33 | Build | Building 4001 |
| 3:34 | Build | Building 4001 |
| 3:34 | Build | Building 4001 |
| 3:35 | Build | Building 4001 |
| 3:35 | Build | Building 4001 |
| 3:36 | Build | Building 4001 |
| 3:37 | Build | Building 4001 |
| 3:37 | Build | Building 4001 |
| 3:38 | Build | Building 4001 |
| 3:38 | Build | Building 4001 |
| 3:39 | Build | Building 4001 |
| 3:39 | Build | Building 4001 |
| 3:40 | Build | Building 4001 |
| 3:41 | Build | Building 4001 |
| 3:41 | Build | Building 4001 |
| 3:42 | Build | Building 4001 |
| 3:43 | Build | Building 4001 |
| 3:43 | Build | Building 4001 |
| 3:45 | Build | Building 4001 |
| 3:46 | Build | Building 4001 |
| 3:47 | Build | Building 4001 |
| 3:48 | Build | Building 4001 |
| 3:48 | Build | Building 4001 |
| 3:49 | Build | Building 4001 |
| 3:50 | Build | Building 4001 |
| 3:52 | Build | Building 4001 |
| 3:54 | Build | Building 4001 |
| 4:07 | Build | Building 4001 |
| 4:08 | Build | Building 4001 |
| 4:09 | Build | Building 4001 |
| 4:09 | Build | Building 4001 |
| 4:10 | Build | Building 4001 |
| 4:11 | Build | Building 4001 |
| 4:12 | Build | Building 4001 |
| 4:12 | Build | Building 4001 |
| 4:13 | Build | Building 4001 |
| 4:14 | Build | Building 4001 |
| 4:26 | Build | Building 4001 |
| 4:32 | Build | Building 4001 |
| 4:35 | Build | Building 4001 |
| 4:37 | Build | Building 4001 |
| 4:38 | Build | Building 4001 |
| 4:38 | Build | Building 4001 |
| 4:39 | Build | Building 4001 |
| 4:40 | Build | Building 4001 |
| 4:40 | Build | Building 4001 |
| 4:41 | Build | Building 4001 |
| 4:42 | Build | Building 4001 |
| 4:43 | Build | Building 4001 |
| 4:44 | Build | Building 4001 |
| 4:44 | Build | Building 4001 |
| 4:45 | Build | Building 4001 |
| 4:46 | Build | Building 4001 |
| 4:46 | Build | Building 4001 |
| 4:47 | Build | Building 4001 |
| 4:48 | Build | Building 4001 |
| 4:48 | Build | Building 4001 |
| 4:53 | Build | Building 4001 |
| 4:55 | Build | Building 4001 |
| 4:59 | Build | Building 4001 |
| 5:01 | Build | Building 4001 |
| 5:04 | Build | Building 4001 |
| 5:10 | Build | Building 4001 |
| 5:15 | Build | Building 4001 |
| 5:20 | Build | Building 4001 |
| 5:23 | Build | Building 4001 |
| 5:29 | Build | Building 4001 |
| 5:37 | Build | Building 4001 |
| 5:42 | Build | Building 4001 |
| 5:51 | Build | Building 4001 |
| 6:25 | Build | Building 4001 |
| 6:29 | Build | Building 4001 |
| 6:32 | Build | Building 4001 |
| 6:34 | Build | Building 4001 |
| 6:35 | Build | Building 4001 |
| 6:36 | Build | Building 4001 |
| 6:39 | Build | Building 4001 |
| 6:54 | Build | Building 4001 |
| 6:56 | Build | Building 4001 |
| 7:12 | Build | Building 4001 |
| 7:14 | Build | Building 4001 |
| 7:17 | Build | Building 4001 |
| 7:35 | Build | Building 4001 |
| 7:39 | Build | Building 4001 |
| 8:18 | Build | Building 4001 |
| 8:19 | Build | Building 4001 |
| 8:25 | Build | Building 4001 |
| 8:32 | Build | Building 4001 |
Build order — Slayer
First 150 of 302 actions detected
| 0:27 | Build | Building 4001 |
| 0:36 | Build | Building 4001 |
| 0:42 | Build | Building 4001 |
| 0:45 | Build | Building 4001 |
| 0:57 | Build | Building 4001 |
| 1:03 | Build | Building 4001 |
| 1:09 | Build | Building 4001 |
| 1:13 | Build | Building 4001 |
| 1:17 | Build | Building 4001 |
| 1:21 | Build | Building 4001 |
| 2:19 | Build | Stable |
| 2:28 | Create | Unit 4100 |
| 2:29 | Create | Unit 4100 |
| 2:54 | Build | Building 4001 |
| 2:55 | Build | Building 4001 |
| 2:58 | Build | Building 4001 |
| 2:59 | Build | Building 4001 |
| 3:02 | Build | Building 4001 |
| 3:03 | Build | Building 4001 |
| 3:05 | Build | Building 4001 |
| 3:06 | Build | Building 4001 |
| 3:08 | Build | Building 4001 |
| 3:10 | Build | Building 4001 |
| 3:12 | Build | Building 4001 |
| 3:14 | Build | Building 4001 |
| 3:16 | Build | Building 4001 |
| 3:17 | Build | Building 4001 |
| 3:19 | Build | Building 4001 |
| 3:20 | Build | Building 4001 |
| 3:24 | Build | Building 4001 |
| 3:25 | Build | Building 4001 |
| 3:27 | Build | Building 4001 |
| 3:29 | Build | Building 4001 |
| 3:31 | Build | Building 4001 |
| 3:32 | Build | Building 4001 |
| 3:34 | Build | Building 4001 |
| 3:35 | Build | Building 4001 |
| 3:41 | Build | Building 4001 |
| 3:42 | Build | Building 4001 |
| 3:45 | Build | Building 4001 |
| 3:46 | Build | Building 4001 |
| 3:50 | Build | Building 4001 |
| 3:51 | Build | Building 4001 |
| 4:16 | Build | Building 4001 |
| 4:18 | Build | Building 4001 |
| 4:21 | Build | Building 4001 |
| 4:22 | Build | Building 4001 |
| 4:24 | Build | Building 4001 |
| 4:26 | Build | Building 4001 |
| 4:28 | Build | Building 4001 |
| 4:29 | Build | Building 4001 |
| 4:31 | Build | Building 4001 |
| 4:33 | Build | Building 4001 |
| 4:35 | Build | Building 4001 |
| 4:36 | Build | Building 4001 |
| 4:38 | Build | Building 4001 |
| 4:42 | Build | Building 4001 |
| 4:44 | Build | Building 4001 |
| 4:45 | Build | Building 4001 |
| 4:52 | Build | Building 4001 |
| 4:54 | Build | Building 4001 |
| 4:57 | Build | Building 4001 |
| 4:58 | Build | Building 4001 |
| 5:00 | Build | Building 4001 |
| 5:02 | Build | Building 4001 |
| 5:03 | Build | Building 4001 |
| 5:05 | Build | Building 4001 |
| 5:08 | Build | Building 4001 |
| 5:10 | Build | Building 4001 |
| 5:12 | Build | Building 4001 |
| 5:13 | Build | Building 4001 |
| 5:16 | Build | Building 4001 |
| 5:17 | Build | Building 4001 |
| 5:19 | Build | Building 4001 |
| 5:20 | Build | Building 4001 |
| 5:23 | Build | Building 4001 |
| 5:24 | Build | Building 4001 |
| 5:26 | Build | Building 4001 |
| 5:28 | Build | Building 4001 |
| 5:30 | Build | Building 4001 |
| 5:31 | Build | Building 4001 |
| 6:28 | Build | Building 4001 |
| 6:31 | Build | Building 4001 |
| 6:33 | Build | Building 4001 |
| 6:35 | Build | Building 4001 |
| 6:39 | Build | Building 4001 |
| 6:43 | Build | Building 4001 |
| 6:45 | Build | Building 4001 |
| 6:48 | Build | Building 4001 |
| 6:49 | Build | Building 4001 |
| 6:51 | Build | Building 4001 |
| 6:53 | Build | Building 4001 |
| 6:55 | Build | Building 4001 |
| 6:56 | Build | Building 4001 |
| 6:58 | Build | Building 4001 |
| 7:00 | Build | Building 4001 |
| 7:02 | Build | Building 4001 |
| 7:05 | Build | Building 4001 |
| 8:57 | Build | Building 4001 |
| 9:13 | Build | Building 4001 |
| 9:18 | Build | Building 4001 |
| 9:21 | Build | Building 4001 |
| 9:22 | Build | Building 4001 |
| 9:25 | Build | Building 4001 |
| 9:26 | Build | Building 4001 |
| 9:28 | Build | Building 4001 |
| 9:30 | Build | Building 4001 |
| 9:32 | Build | Building 4001 |
| 9:33 | Build | Building 4001 |
| 10:21 | Build | Building 4001 |
| 10:23 | Build | Building 4001 |
| 10:25 | Build | Building 4001 |
| 10:26 | Build | Building 4001 |
| 10:28 | Build | Building 4001 |
| 10:31 | Build | Building 4001 |
| 10:33 | Build | Building 4001 |
| 10:35 | Build | Building 4001 |
| 10:37 | Build | Building 4001 |
| 10:39 | Build | Building 4001 |
| 10:41 | Build | Building 4001 |
| 10:43 | Build | Building 4001 |
| 10:45 | Build | Building 4001 |
| 10:47 | Build | Building 4001 |
| 10:48 | Build | Building 4001 |
| 10:50 | Build | Building 4001 |
| 10:51 | Build | Building 4001 |
| 10:53 | Build | Building 4001 |
| 10:54 | Build | Building 4001 |
| 10:56 | Build | Building 4001 |
| 10:57 | Build | Building 4001 |
| 11:00 | Build | Building 4001 |
| 11:11 | Build | Building 4001 |
| 11:16 | Build | Building 4001 |
| 11:17 | Build | Building 4001 |
| 11:20 | Build | Building 4001 |
| 11:21 | Build | Building 4001 |
| 11:23 | Build | Building 4001 |
| 11:24 | Build | Building 4001 |
| 11:27 | Build | Building 4001 |
| 11:28 | Build | Building 4001 |
| 11:35 | Build | Building 4001 |
| 11:36 | Build | Building 4001 |
| 11:38 | Build | Building 4001 |
| 11:39 | Build | Building 4001 |
| 11:42 | Build | Building 4001 |
| 11:42 | Build | Building 4001 |
| 11:45 | Build | Building 4001 |
| 11:46 | Build | Building 4001 |
| 11:49 | Build | Building 4001 |
| 11:50 | Build | Building 4001 |
Match timeline
| 0:18 | gsnwizard999 · wall_segment Unknown (4001) x1 |
| 0:18 | gsnwizard999 · wall_segment Unknown (4001) x1 |
| 0:19 | gsnwizard999 · wall_segment Unknown (4001) x1 |
| 0:19 | gsnwizard999 · wall_segment Unknown (4001) x1 |
| 0:20 | gsnwizard999 · wall_segment Unknown (4001) x1 |
| 0:20 | gsnwizard999 · wall_segment Unknown (4001) x1 |
| 0:21 | gsnwizard999 · wall_segment Unknown (4001) x1 |
| 0:22 | gsnwizard999 · wall_segment Unknown (4001) x1 |
| 0:22 | gsnwizard999 · wall_segment Unknown (4001) x1 |
| 0:23 | gsnwizard999 · wall_segment Unknown (4001) x1 |
| 0:23 | Filpill · wall_segment Unknown (4001) x5 |
| 0:23 | gsnwizard999 · wall_segment Unknown (4001) x1 |
| 0:23 | gsnwizard999 · wall_segment Unknown (4001) x1 |
| 0:24 | Enmore · wall_segment Unknown (4001) x25 |
| 0:24 | gsnwizard999 · wall_segment Unknown (4001) x1 |
| 0:25 | gsnwizard999 · wall_segment Unknown (4001) x1 |
| 0:25 | gsnwizard999 · wall_segment Unknown (4001) x1 |
| 0:26 | gsnwizard999 · wall_segment Unknown (4001) x1 |
| 0:26 | gsnwizard999 · wall_segment Unknown (4001) x1 |
| 0:26 | gsnwizard999 · wall_segment Unknown (4001) x1 |
| 0:27 | Filpill · wall_segment Unknown (4001) x7 |
| 0:27 | pattomi · wall_segment Unknown (4001) x11 |
| 0:27 | Slayer · wall_segment Unknown (4001) x16 |
| 0:28 | 91老秦 · wall_segment Unknown (4001) x5 |
| 0:30 | gsnwizard999 · wall_segment Unknown (4001) x1 |
| 0:30 | gsnwizard999 · wall_segment Unknown (4001) x1 |
| 0:31 | gsnwizard999 · wall_segment Unknown (4001) x1 |
| 0:31 | gsnwizard999 · wall_segment Unknown (4001) x1 |
| 0:32 | gsnwizard999 · wall_segment Unknown (4001) x1 |
| 0:32 | Filpill · wall_segment Unknown (4001) x14 |
| 0:32 | gsnwizard999 · wall_segment Unknown (4001) x1 |
| 0:33 | gsnwizard999 · wall_segment Unknown (4001) x1 |
| 0:33 | 91老秦 · wall_segment Unknown (4001) x3 |
| 0:33 | gsnwizard999 · wall_segment Unknown (4001) x1 |
| 0:34 | gsnwizard999 · wall_segment Unknown (4001) x1 |
| 0:34 | gsnwizard999 · wall_segment Unknown (4001) x1 |
| 0:35 | gsnwizard999 · wall_segment Unknown (4001) x1 |
| 0:35 | gsnwizard999 · wall_segment Unknown (4001) x1 |
| 0:36 | gsnwizard999 · wall_segment Unknown (4001) x1 |
| 0:36 | Enmore · first_building Stable |
| 0:36 | Slayer · wall_segment Unknown (4001) x11 |
| 0:36 | gsnwizard999 · wall_segment Unknown (4001) x1 |
| 0:37 | gsnwizard999 · wall_segment Unknown (4001) x1 |
| 0:37 | gsnwizard999 · wall_segment Unknown (4001) x1 |
| 0:37 | Filpill · wall_segment Unknown (4001) x1 |
| 0:38 | gsnwizard999 · wall_segment Unknown (4001) x1 |
| 0:38 | gsnwizard999 · wall_segment Unknown (4001) x1 |
| 0:38 | 91老秦 · wall_segment Unknown (4001) x6 |
| 0:39 | gsnwizard999 · wall_segment Unknown (4001) x1 |
| 0:39 | Filpill · wall_segment Unknown (4001) x1 |
| 0:39 | gsnwizard999 · wall_segment Unknown (4001) x1 |
| 0:39 | gsnwizard999 · wall_segment Unknown (4001) x1 |
| 0:40 | gsnwizard999 · wall_segment Unknown (4001) x1 |
| 0:40 | gsnwizard999 · wall_segment Unknown (4001) x1 |
| 0:41 | gsnwizard999 · wall_segment Unknown (4001) x1 |
| 0:41 | Filpill · wall_segment Unknown (4001) x1 |
| 0:41 | 91老秦 · wall_segment Unknown (4001) x7 |
| 0:41 | gsnwizard999 · wall_segment Unknown (4001) x1 |
| 0:42 | Slayer · wall_segment Unknown (4001) x11 |
| 0:42 | gsnwizard999 · wall_segment Unknown (4001) x1 |
| 0:42 | gsnwizard999 · wall_segment Unknown (4001) x1 |
| 0:43 | gsnwizard999 · wall_segment Unknown (4001) x1 |
| 0:43 | gsnwizard999 · wall_segment Unknown (4001) x1 |
| 0:43 | gsnwizard999 · wall_segment Unknown (4001) x1 |
| 0:44 | gsnwizard999 · wall_segment Unknown (4001) x1 |
| 0:44 | pattomi · wall_segment Unknown (4001) x11 |
| 0:45 | gsnwizard999 · wall_segment Unknown (4001) x1 |
| 0:45 | gsnwizard999 · wall_segment Unknown (4001) x1 |
| 0:45 | Slayer · wall_segment Unknown (4001) x15 |
| 0:45 | 中国卢氏 · wall_segment Unknown (4001) x1 |
| 0:46 | gsnwizard999 · wall_segment Unknown (4001) x1 |
| 0:46 | pattomi · wall_segment Unknown (4001) x1 |
| 0:46 | gsnwizard999 · wall_segment Unknown (4001) x1 |
| 0:46 | Filpill · wall_segment Unknown (4001) x27 |
| 0:46 | gsnwizard999 · wall_segment Unknown (4001) x1 |
| 0:47 | 91老秦 · wall_segment Unknown (4001) x1 |
| 0:47 | 中国卢氏 · wall_segment Unknown (4001) x8 |
| 0:47 | gsnwizard999 · wall_segment Unknown (4001) x1 |
| 0:48 | gsnwizard999 · wall_segment Unknown (4001) x1 |
| 0:48 | gsnwizard999 · wall_segment Unknown (4001) x1 |
| 0:48 | Enmore · wall_segment Unknown (4001) x25 |
| 0:49 | gsnwizard999 · wall_segment Unknown (4001) x1 |
| 0:50 | gsnwizard999 · wall_segment Unknown (4001) x1 |
| 0:50 | pattomi · wall_segment Unknown (4001) x2 |
| 0:50 | gsnwizard999 · wall_segment Unknown (4001) x1 |
| 0:50 | 中国卢氏 · wall_segment Unknown (4001) x2 |
| 0:50 | gsnwizard999 · wall_segment Unknown (4001) x1 |
| 0:51 | 中国卢氏 · wall_segment Unknown (4001) x3 |
| 0:51 | gsnwizard999 · wall_segment Unknown (4001) x1 |
| 0:51 | 中国卢氏 · wall_segment Unknown (4001) x3 |
| 0:52 | gsnwizard999 · wall_segment Unknown (4001) x1 |
| 0:52 | gsnwizard999 · wall_segment Unknown (4001) x1 |
| 0:52 | 91老秦 · wall_segment Unknown (4001) x8 |
| 0:53 | gsnwizard999 · wall_segment Unknown (4001) x2 |
| 0:53 | gsnwizard999 · wall_segment Unknown (4001) x1 |
| 0:54 | gsnwizard999 · wall_segment Unknown (4001) x2 |
| 0:54 | gsnwizard999 · wall_segment Unknown (4001) x1 |
| 0:55 | gsnwizard999 · wall_segment Unknown (4001) x1 |
| 0:55 | 中国卢氏 · wall_segment Unknown (4001) x4 |
| 0:55 | pattomi · wall_segment Unknown (4001) x4 |
| 0:55 | gsnwizard999 · wall_segment Unknown (4001) x1 |
| 0:56 | gsnwizard999 · wall_segment Unknown (4001) x1 |
| 0:57 | gsnwizard999 · wall_segment Unknown (4001) x3 |
| 0:57 | Slayer · wall_segment Unknown (4001) x13 |
| 0:58 | gsnwizard999 · wall_segment Unknown (4001) x2 |
| 0:58 | pattomi · wall_segment Unknown (4001) x16 |
| 0:59 | Enmore · wall_segment Unknown (4001) x3 |
| 0:59 | gsnwizard999 · wall_segment Unknown (4001) x2 |
| 1:00 | Enmore · wall_segment Unknown (4001) x1 |
| 1:01 | Enmore · wall_segment Unknown (4001) x1 |
| 1:02 | gsnwizard999 · wall_segment Unknown (4001) x8 |
| 1:02 | Enmore · wall_segment Unknown (4001) x1 |
| 1:02 | Filpill · wall_segment Unknown (4001) x10 |
| 1:02 | pattomi · wall_segment Unknown (4001) x9 |
| 1:03 | 91老秦 · wall_segment Unknown (4001) x7 |
| 1:03 | gsnwizard999 · wall_segment Unknown (4001) x1 |
| 1:03 | Enmore · wall_segment Unknown (4001) x1 |
| 1:03 | Slayer · wall_segment Unknown (4001) x9 |
| 1:04 | 中国卢氏 · wall_segment Unknown (4001) x10 |
| 1:04 | Enmore · wall_segment Unknown (4001) x1 |
| 1:04 | gsnwizard999 · wall_segment Unknown (4001) x1 |
| 1:04 | Enmore · wall_segment Unknown (4001) x1 |
| 1:05 | gsnwizard999 · wall_segment Unknown (4001) x1 |
| 1:05 | 91老秦 · wall_segment Unknown (4001) x1 |
| 1:05 | Enmore · wall_segment Unknown (4001) x1 |
| 1:06 | gsnwizard999 · wall_segment Unknown (4001) x1 |
| 1:06 | Enmore · wall_segment Unknown (4001) x1 |
| 1:06 | pattomi · wall_segment Unknown (4001) x1 |
| 1:06 | gsnwizard999 · wall_segment Unknown (4001) x1 |
| 1:07 | Enmore · wall_segment Unknown (4001) x1 |
| 1:07 | gsnwizard999 · wall_segment Unknown (4001) x1 |
| 1:08 | Enmore · wall_segment Unknown (4001) x1 |
| 1:08 | gsnwizard999 · wall_segment Unknown (4001) x1 |
| 1:08 | gsnwizard999 · wall_segment Unknown (4001) x1 |
| 1:08 | Enmore · wall_segment Unknown (4001) x1 |
| 1:08 | pattomi · wall_segment Unknown (4001) x4 |
| 1:09 | Filpill · wall_segment Unknown (4001) x9 |
| 1:09 | Slayer · wall_segment Unknown (4001) x24 |
| 1:09 | gsnwizard999 · wall_segment Unknown (4001) x1 |
| 1:09 | pattomi · wall_segment Unknown (4001) x1 |
| 1:09 | 91老秦 · wall_segment Unknown (4001) x11 |
| 1:10 | gsnwizard999 · wall_segment Unknown (4001) x1 |
| 1:10 | Enmore · wall_segment Unknown (4001) x1 |
| 1:10 | gsnwizard999 · wall_segment Unknown (4001) x1 |
| 1:10 | 中国卢氏 · wall_segment Unknown (4001) x14 |
| 1:10 | pattomi · wall_segment Unknown (4001) x1 |
| 1:11 | gsnwizard999 · wall_segment Unknown (4001) x1 |
| 1:11 | pattomi · wall_segment Unknown (4001) x1 |
| 1:11 | Enmore · wall_segment Unknown (4001) x1 |
| 1:11 | gsnwizard999 · wall_segment Unknown (4001) x1 |
| 1:12 | Enmore · wall_segment Unknown (4001) x1 |
| 1:12 | pattomi · wall_segment Unknown (4001) x1 |
| 1:12 | gsnwizard999 · wall_segment Unknown (4001) x1 |
| 1:12 | Enmore · wall_segment Unknown (4001) x1 |
| 1:12 | gsnwizard999 · wall_segment Unknown (4001) x1 |
| 1:12 | pattomi · wall_segment Unknown (4001) x1 |
| 1:13 | Slayer · wall_segment Unknown (4001) x9 |
| 1:13 | Enmore · wall_segment Unknown (4001) x1 |
| 1:13 | gsnwizard999 · wall_segment Unknown (4001) x1 |
| 1:13 | pattomi · wall_segment Unknown (4001) x1 |
| 1:14 | gsnwizard999 · wall_segment Unknown (4001) x1 |
| 1:14 | Enmore · wall_segment Unknown (4001) x1 |
| 1:14 | pattomi · wall_segment Unknown (4001) x1 |
| 1:14 | gsnwizard999 · wall_segment Unknown (4001) x1 |
| 1:14 | Enmore · wall_segment Unknown (4001) x2 |
| 1:15 | pattomi · wall_segment Unknown (4001) x1 |
| 1:15 | gsnwizard999 · wall_segment Unknown (4001) x1 |
| 1:15 | gsnwizard999 · wall_segment Unknown (4001) x1 |
| 1:15 | 91老秦 · wall_segment Unknown (4001) x21 |
| 1:15 | Enmore · wall_segment Unknown (4001) x1 |
| 1:16 | Enmore · wall_segment Unknown (4001) x1 |
| 1:16 | gsnwizard999 · wall_segment Unknown (4001) x1 |
| 1:16 | Enmore · wall_segment Unknown (4001) x1 |
| 1:17 | gsnwizard999 · wall_segment Unknown (4001) x1 |
| 1:17 | pattomi · wall_segment Unknown (4001) x1 |
| 1:17 | gsnwizard999 · wall_segment Unknown (4001) x1 |
| 1:17 | Enmore · wall_segment Unknown (4001) x1 |
| 1:17 | pattomi · wall_segment Unknown (4001) x1 |
| 1:17 | Slayer · wall_segment Unknown (4001) x8 |
| 1:18 | gsnwizard999 · wall_segment Unknown (4001) x1 |
| 1:18 | Enmore · wall_segment Unknown (4001) x1 |
| 1:18 | gsnwizard999 · wall_segment Unknown (4001) x1 |
| 1:18 | pattomi · wall_segment Unknown (4001) x1 |
| 1:18 | Enmore · wall_segment Unknown (4001) x1 |
| 1:19 | gsnwizard999 · wall_segment Unknown (4001) x1 |
| 1:19 | Enmore · wall_segment Unknown (4001) x1 |
| 1:19 | pattomi · wall_segment Unknown (4001) x1 |
| 1:20 | pattomi · wall_segment Unknown (4001) x1 |
| 1:20 | Enmore · wall_segment Unknown (4001) x1 |
| 1:20 | pattomi · wall_segment Unknown (4001) x1 |
| 1:21 | gsnwizard999 · wall_segment Unknown (4001) x1 |
| 1:21 | gsnwizard999 · wall_segment Unknown (4001) x1 |
| 1:21 | pattomi · wall_segment Unknown (4001) x1 |
| 1:21 | Slayer · wall_segment Unknown (4001) x23 |
| 1:22 | Enmore · wall_segment Unknown (4001) x1 |
| 1:22 | 91老秦 · wall_segment Unknown (4001) x3 |
| 1:22 | pattomi · wall_segment Unknown (4001) x1 |
| 1:22 | gsnwizard999 · wall_segment Unknown (4001) x1 |
| 1:22 | pattomi · wall_segment Unknown (4001) x1 |
| 1:23 | Enmore · wall_segment Unknown (4001) x1 |
| 1:23 | gsnwizard999 · wall_segment Unknown (4001) x1 |
| 1:23 | Enmore · wall_segment Unknown (4001) x1 |
| 1:23 | pattomi · wall_segment Unknown (4001) x1 |
| 1:24 | gsnwizard999 · wall_segment Unknown (4001) x1 |
| 1:24 | pattomi · wall_segment Unknown (4001) x1 |
| 1:24 | Enmore · wall_segment Unknown (4001) x1 |
| 1:24 | gsnwizard999 · wall_segment Unknown (4001) x1 |
| 1:24 | pattomi · wall_segment Unknown (4001) x1 |
| 1:25 | 91老秦 · wall_segment Unknown (4001) x10 |
| 1:25 | gsnwizard999 · wall_segment Unknown (4001) x1 |
| 1:25 | pattomi · wall_segment Unknown (4001) x1 |
| 1:25 | gsnwizard999 · wall_segment Unknown (4001) x1 |
| 1:25 | Enmore · wall_segment Unknown (4001) x1 |
| 1:26 | pattomi · wall_segment Unknown (4001) x1 |
| 1:26 | gsnwizard999 · wall_segment Unknown (4001) x1 |
| 1:26 | Enmore · wall_segment Unknown (4001) x1 |
| 1:26 | gsnwizard999 · wall_segment Unknown (4001) x1 |
| 1:26 | pattomi · wall_segment Unknown (4001) x1 |
| 1:27 | Enmore · wall_segment Unknown (4001) x1 |
| 1:27 | gsnwizard999 · wall_segment Unknown (4001) x1 |
| 1:27 | pattomi · wall_segment Unknown (4001) x1 |
| 1:27 | Enmore · wall_segment Unknown (4001) x1 |
| 1:28 | gsnwizard999 · wall_segment Unknown (4001) x1 |
| 1:28 | Filpill · wall_segment Unknown (4001) x6 |
| 1:28 | pattomi · wall_segment Unknown (4001) x1 |
| 1:28 | gsnwizard999 · wall_segment Unknown (4001) x1 |
| 1:28 | Enmore · wall_segment Unknown (4001) x1 |
| 1:28 | pattomi · wall_segment Unknown (4001) x1 |
| 1:29 | 91老秦 · wall_segment Unknown (4001) x2 |
| 1:29 | Enmore · wall_segment Unknown (4001) x1 |
| 1:29 | gsnwizard999 · wall_segment Unknown (4001) x1 |
| 1:29 | gsnwizard999 · wall_segment Unknown (4001) x1 |
| 1:29 | Enmore · wall_segment Unknown (4001) x1 |
| 1:30 | gsnwizard999 · wall_segment Unknown (4001) x1 |
| 1:30 | Enmore · wall_segment Unknown (4001) x1 |
| 1:30 | gsnwizard999 · wall_segment Unknown (4001) x1 |
| 1:31 | Enmore · wall_segment Unknown (4001) x1 |
| 1:31 | 91老秦 · wall_segment Unknown (4001) x3 |
| 1:31 | gsnwizard999 · wall_segment Unknown (4001) x1 |
| 1:31 | Filpill · wall_segment Unknown (4001) x5 |
| 1:31 | gsnwizard999 · wall_segment Unknown (4001) x1 |
| 1:31 | Enmore · wall_segment Unknown (4001) x1 |
| 1:32 | gsnwizard999 · wall_segment Unknown (4001) x1 |
| 1:32 | Enmore · wall_segment Unknown (4001) x1 |
| 1:33 | gsnwizard999 · wall_segment Unknown (4001) x1 |
| 1:33 | Enmore · wall_segment Unknown (4001) x1 |
| 1:33 | gsnwizard999 · wall_segment Unknown (4001) x1 |
| 1:33 | Enmore · wall_segment Unknown (4001) x1 |
| 1:34 | gsnwizard999 · wall_segment Unknown (4001) x1 |
| 1:34 | 91老秦 · wall_segment Unknown (4001) x13 |
| 1:34 | gsnwizard999 · wall_segment Unknown (4001) x1 |
| 1:34 | Enmore · wall_segment Unknown (4001) x1 |
| 1:35 | gsnwizard999 · wall_segment Unknown (4001) x1 |
| 1:35 | 中国卢氏 · wall_segment Unknown (4001) x15 |
| 1:35 | gsnwizard999 · wall_segment Unknown (4001) x1 |
| 1:35 | Enmore · wall_segment Unknown (4001) x1 |
| 1:36 | gsnwizard999 · wall_segment Unknown (4001) x1 |
| 1:36 | gsnwizard999 · wall_segment Unknown (4001) x1 |
| 1:36 | 中国卢氏 · wall_segment Unknown (4001) x1 |
| 1:36 | pattomi · wall_segment Unknown (4001) x1 |
| 1:36 | Enmore · wall_segment Unknown (4001) x1 |
| 1:36 | Filpill · wall_segment Unknown (4001) x6 |
| 1:37 | 91老秦 · wall_segment Unknown (4001) x13 |
| 1:38 | Enmore · wall_segment Unknown (4001) x1 |
| 1:38 | 中国卢氏 · wall_segment Unknown (4001) x2 |
| 1:38 | Filpill · wall_segment Unknown (4001) x4 |
| 1:39 | Enmore · wall_segment Unknown (4001) x1 |
| 1:39 | gsnwizard999 · wall_segment Unknown (4001) x1 |
| 1:39 | 中国卢氏 · wall_segment Unknown (4001) x1 |
| 1:39 | Enmore · wall_segment Unknown (4001) x1 |
| 1:40 | gsnwizard999 · wall_segment Unknown (4001) x1 |
| 1:40 | gsnwizard999 · wall_segment Unknown (4001) x1 |
| 1:40 | pattomi · wall_segment Unknown (4001) x7 |
| 1:41 | Enmore · wall_segment Unknown (4001) x1 |
| 1:42 | gsnwizard999 · wall_segment Unknown (4001) x1 |
| 1:42 | Enmore · wall_segment Unknown (4001) x2 |
| 1:42 | 中国卢氏 · wall_segment Unknown (4001) x8 |
| 1:42 | Enmore · wall_segment Unknown (4001) x1 |
| 1:43 | gsnwizard999 · wall_segment Unknown (4001) x1 |
| 1:43 | gsnwizard999 · wall_segment Unknown (4001) x1 |
| 1:43 | Filpill · wall_segment Unknown (4001) x6 |
| 1:44 | gsnwizard999 · wall_segment Unknown (4001) x1 |
| 1:44 | gsnwizard999 · wall_segment Unknown (4001) x1 |
| 1:45 | gsnwizard999 · wall_segment Unknown (4001) x1 |
| 1:45 | gsnwizard999 · wall_segment Unknown (4001) x1 |
| 1:46 | gsnwizard999 · wall_segment Unknown (4001) x1 |
| 1:46 | gsnwizard999 · wall_segment Unknown (4001) x1 |
| 1:47 | gsnwizard999 · wall_segment Unknown (4001) x1 |
| 1:47 | Filpill · wall_segment Unknown (4001) x4 |
| 1:48 | gsnwizard999 · wall_segment Unknown (4001) x1 |
| 1:48 | gsnwizard999 · wall_segment Unknown (4001) x1 |
| 1:48 | Enmore · wall_segment Unknown (4001) x1 |
| 1:48 | pattomi · wall_segment Unknown (4001) x11 |
| 1:49 | gsnwizard999 · wall_segment Unknown (4001) x1 |
| 1:49 | gsnwizard999 · wall_segment Unknown (4001) x1 |
| 1:49 | Enmore · wall_segment Unknown (4001) x1 |
| 1:50 | gsnwizard999 · wall_segment Unknown (4001) x1 |
| 1:50 | gsnwizard999 · wall_segment Unknown (4001) x1 |
| 1:50 | Filpill · wall_segment Unknown (4001) x4 |
| 1:50 | Enmore · wall_segment Unknown (4001) x1 |
| 1:51 | gsnwizard999 · wall_segment Unknown (4001) x1 |
| 1:51 | Enmore · wall_segment Unknown (4001) x1 |
| 1:51 | gsnwizard999 · wall_segment Unknown (4001) x1 |
| 1:52 | gsnwizard999 · wall_segment Unknown (4001) x1 |
| 1:52 | gsnwizard999 · wall_segment Unknown (4001) x1 |
| 1:53 | gsnwizard999 · wall_segment Unknown (4001) x1 |
| 1:53 | gsnwizard999 · wall_segment Unknown (4001) x1 |
| 1:53 | Filpill · wall_segment Unknown (4001) x4 |
| 1:54 | gsnwizard999 · wall_segment Unknown (4001) x1 |
| 1:54 | gsnwizard999 · wall_segment Unknown (4001) x1 |
| 1:55 | gsnwizard999 · wall_segment Unknown (4001) x1 |
| 1:55 | gsnwizard999 · wall_segment Unknown (4001) x1 |
| 1:56 | gsnwizard999 · wall_segment Unknown (4001) x1 |
| 1:56 | pattomi · wall_segment Unknown (4001) x5 |
| 1:56 | 中国卢氏 · first_building Stable |
| 1:56 | gsnwizard999 · wall_segment Unknown (4001) x1 |
| 1:57 | gsnwizard999 · wall_segment Unknown (4001) x1 |
| 1:57 | gsnwizard999 · wall_segment Unknown (4001) x1 |
| 1:57 | Enmore · wall_segment Unknown (4001) x6 |
| 1:57 | Filpill · wall_segment Unknown (4001) x14 |
| 2:00 | gsnwizard999 · wall_segment Unknown (4001) x1 |
| 2:01 | gsnwizard999 · wall_segment Unknown (4001) x1 |
| 2:02 | gsnwizard999 · wall_segment Unknown (4001) x1 |
| 2:03 | gsnwizard999 · wall_segment Unknown (4001) x1 |
| 2:03 | Enmore · wall_segment Unknown (4001) x9 |
| 2:03 | gsnwizard999 · wall_segment Unknown (4001) x1 |
| 2:04 | gsnwizard999 · wall_segment Unknown (4001) x1 |
| 2:04 | gsnwizard999 · wall_segment Unknown (4001) x1 |
| 2:05 | gsnwizard999 · wall_segment Unknown (4001) x1 |
| 2:05 | gsnwizard999 · wall_segment Unknown (4001) x1 |
| 2:06 | gsnwizard999 · wall_segment Unknown (4001) x1 |
| 2:06 | Enmore · wall_segment Unknown (4001) x9 |
| 2:06 | pattomi · wall_segment Unknown (4001) x5 |
| 2:07 | gsnwizard999 · wall_segment Unknown (4001) x1 |
| 2:07 | gsnwizard999 · wall_segment Unknown (4001) x2 |
| 2:08 | gsnwizard999 · wall_segment Unknown (4001) x1 |
| 2:08 | gsnwizard999 · wall_segment Unknown (4001) x1 |
| 2:08 | gsnwizard999 · wall_segment Unknown (4001) x1 |
| 2:12 | Filpill · wall_segment Unknown (4001) x1 |
| 2:13 | gsnwizard999 · wall_segment Unknown (4001) x17 |
| 2:13 | pattomi · wall_segment Unknown (4001) x18 |
| 2:14 | Filpill · wall_segment Unknown (4001) x8 |
| 2:16 | gsnwizard999 · wall_segment Unknown (4001) x1 |
| 2:17 | gsnwizard999 · wall_segment Unknown (4001) x1 |
| 2:18 | gsnwizard999 · wall_segment Unknown (4001) x1 |
| 2:19 | gsnwizard999 · wall_segment Unknown (4001) x1 |
| 2:19 | gsnwizard999 · wall_segment Unknown (4001) x1 |
| 2:19 | Slayer · first_building Stable |
| 2:20 | gsnwizard999 · wall_segment Unknown (4001) x1 |
| 2:20 | 91老秦 · wall_segment Unknown (4001) x19 |
| 2:20 | gsnwizard999 · wall_segment Unknown (4001) x1 |
| 2:21 | gsnwizard999 · wall_segment Unknown (4001) x1 |
| 2:21 | Enmore · wall_segment Unknown (4001) x3 |
| 2:22 | gsnwizard999 · wall_segment Unknown (4001) x1 |
| 2:22 | gsnwizard999 · wall_segment Unknown (4001) x1 |
| 2:22 | gsnwizard999 · wall_segment Unknown (4001) x1 |
| 2:22 | Enmore · wall_segment Unknown (4001) x1 |
| 2:23 | Filpill · wall_segment Unknown (4001) x7 |
| 2:23 | gsnwizard999 · wall_segment Unknown (4001) x1 |
| 2:23 | Enmore · wall_segment Unknown (4001) x1 |
| 2:24 | gsnwizard999 · wall_segment Unknown (4001) x1 |
| 2:24 | gsnwizard999 · wall_segment Unknown (4001) x1 |
| 2:25 | gsnwizard999 · wall_segment Unknown (4001) x1 |
| 2:25 | Enmore · wall_segment Unknown (4001) x1 |
| 2:25 | gsnwizard999 · wall_segment Unknown (4001) x1 |
| 2:26 | gsnwizard999 · wall_segment Unknown (4001) x1 |
| 2:26 | Enmore · wall_segment Unknown (4001) x1 |
| 2:26 | gsnwizard999 · wall_segment Unknown (4001) x1 |
| 2:26 | Enmore · wall_segment Unknown (4001) x1 |
| 2:27 | gsnwizard999 · wall_segment Unknown (4001) x1 |
| 2:27 | gsnwizard999 · wall_segment Unknown (4001) x1 |
| 2:27 | Enmore · wall_segment Unknown (4001) x1 |
| 2:28 | gsnwizard999 · wall_segment Unknown (4001) x1 |
| 2:28 | Enmore · wall_segment Unknown (4001) x1 |
| 2:28 | gsnwizard999 · wall_segment Unknown (4001) x1 |
| 2:29 | gsnwizard999 · wall_segment Unknown (4001) x1 |
| 2:29 | Enmore · wall_segment Unknown (4001) x1 |
| 2:29 | pattomi · wall_segment Unknown (4001) x3 |
| 2:29 | gsnwizard999 · wall_segment Unknown (4001) x1 |
| 2:29 | Enmore · wall_segment Unknown (4001) x1 |
| 2:29 | Filpill · wall_segment Unknown (4001) x4 |
| 2:30 | gsnwizard999 · wall_segment Unknown (4001) x1 |
| 2:30 | gsnwizard999 · wall_segment Unknown (4001) x1 |
| 2:30 | Enmore · wall_segment Unknown (4001) x1 |
| 2:31 | Enmore · wall_segment Unknown (4001) x1 |
| 2:31 | gsnwizard999 · wall_segment Unknown (4001) x1 |
| 2:32 | Enmore · wall_segment Unknown (4001) x1 |
| 2:32 | pattomi · wall_segment Unknown (4001) x4 |
| 2:32 | gsnwizard999 · wall_segment Unknown (4001) x1 |
| 2:32 | Enmore · wall_segment Unknown (4001) x1 |
| 2:33 | gsnwizard999 · wall_segment Unknown (4001) x1 |
| 2:33 | Enmore · wall_segment Unknown (4001) x1 |
| 2:33 | gsnwizard999 · wall_segment Unknown (4001) x1 |
| 2:34 | Enmore · wall_segment Unknown (4001) x1 |
| 2:35 | Enmore · wall_segment Unknown (4001) x1 |
| 2:36 | Enmore · wall_segment Unknown (4001) x1 |
| 2:36 | Filpill · wall_segment Unknown (4001) x10 |
| 2:36 | Enmore · wall_segment Unknown (4001) x2 |
| 2:37 | Enmore · wall_segment Unknown (4001) x1 |
| 2:37 | pattomi · wall_segment Unknown (4001) x5 |
| 2:38 | Enmore · wall_segment Unknown (4001) x1 |
| 2:38 | Enmore · wall_segment Unknown (4001) x1 |
| 2:39 | gsnwizard999 · wall_segment Unknown (4001) x1 |
| 2:39 | Enmore · wall_segment Unknown (4001) x1 |
| 2:40 | gsnwizard999 · wall_segment Unknown (4001) x1 |
| 2:40 | gsnwizard999 · wall_segment Unknown (4001) x1 |
| 2:41 | 中国卢氏 · wall_segment Unknown (4001) x9 |
| 2:41 | gsnwizard999 · wall_segment Unknown (4001) x1 |
| 2:41 | Enmore · wall_segment Unknown (4001) x1 |
| 2:41 | gsnwizard999 · wall_segment Unknown (4001) x1 |
| 2:42 | Enmore · wall_segment Unknown (4001) x2 |
| 2:42 | gsnwizard999 · wall_segment Unknown (4001) x1 |
| 2:42 | Filpill · wall_segment Unknown (4001) x6 |
| 2:42 | Enmore · wall_segment Unknown (4001) x1 |
| 2:42 | gsnwizard999 · wall_segment Unknown (4001) x1 |
| 2:43 | gsnwizard999 · wall_segment Unknown (4001) x1 |
| 2:43 | Enmore · wall_segment Unknown (4001) x1 |
| 2:43 | gsnwizard999 · wall_segment Unknown (4001) x1 |
| 2:44 | Enmore · wall_segment Unknown (4001) x1 |
| 2:44 | gsnwizard999 · wall_segment Unknown (4001) x1 |
| 2:44 | Enmore · wall_segment Unknown (4001) x1 |
| 2:44 | gsnwizard999 · wall_segment Unknown (4001) x1 |
| 2:45 | Enmore · wall_segment Unknown (4001) x1 |
| 2:45 | Filpill · wall_segment Unknown (4001) x3 |
| 2:45 | gsnwizard999 · wall_segment Unknown (4001) x1 |
| 2:46 | gsnwizard999 · wall_segment Unknown (4001) x1 |
| 2:46 | Enmore · wall_segment Unknown (4001) x1 |
| 2:46 | gsnwizard999 · wall_segment Unknown (4001) x1 |
| 2:46 | 中国卢氏 · wall_segment Unknown (4001) x8 |
| 2:46 | Enmore · wall_segment Unknown (4001) x1 |
| 2:47 | 91老秦 · wall_segment Unknown (4001) x3 |
| 2:47 | gsnwizard999 · wall_segment Unknown (4001) x1 |
| 2:47 | Enmore · wall_segment Unknown (4001) x1 |
| 2:47 | gsnwizard999 · wall_segment Unknown (4001) x1 |
| 2:48 | gsnwizard999 · wall_segment Unknown (4001) x1 |
| 2:48 | pattomi · wall_segment Unknown (4001) x5 |
| 2:48 | gsnwizard999 · wall_segment Unknown (4001) x1 |
| 2:48 | Enmore · wall_segment Unknown (4001) x1 |
| 2:49 | gsnwizard999 · wall_segment Unknown (4001) x1 |
| 2:49 | 91老秦 · wall_segment Unknown (4001) x2 |
| 2:49 | gsnwizard999 · wall_segment Unknown (4001) x1 |
| 2:49 | Filpill · wall_segment Unknown (4001) x5 |
| 2:50 | gsnwizard999 · wall_segment Unknown (4001) x1 |
| 2:50 | Enmore · wall_segment Unknown (4001) x1 |
| 2:50 | gsnwizard999 · wall_segment Unknown (4001) x1 |
| 2:50 | Enmore · wall_segment Unknown (4001) x1 |
| 2:51 | gsnwizard999 · wall_segment Unknown (4001) x1 |
| 2:51 | Enmore · wall_segment Unknown (4001) x1 |
| 2:52 | 91老秦 · wall_segment Unknown (4001) x9 |
| 2:52 | Enmore · wall_segment Unknown (4001) x1 |
| 2:53 | pattomi · wall_segment Unknown (4001) x9 |
| 2:53 | gsnwizard999 · wall_segment Unknown (4001) x1 |
| 2:54 | gsnwizard999 · wall_segment Unknown (4001) x1 |
| 2:54 | Slayer · wall_segment Unknown (4001) x8 |
| 2:54 | gsnwizard999 · wall_segment Unknown (4001) x1 |
| 2:54 | Enmore · wall_segment Unknown (4001) x1 |
| 2:54 | gsnwizard999 · wall_segment Unknown (4001) x1 |
| 2:55 | 91老秦 · wall_segment Unknown (4001) x6 |
| 2:55 | gsnwizard999 · wall_segment Unknown (4001) x1 |
| 2:55 | Filpill · wall_segment Unknown (4001) x6 |
| 2:55 | Slayer · wall_segment Unknown (4001) x3 |
| 2:55 | Enmore · wall_segment Unknown (4001) x1 |
| 2:56 | gsnwizard999 · wall_segment Unknown (4001) x1 |
| 2:56 | gsnwizard999 · wall_segment Unknown (4001) x1 |
| 2:56 | gsnwizard999 · wall_segment Unknown (4001) x1 |
| 2:57 | Enmore · wall_segment Unknown (4001) x2 |
| 2:57 | gsnwizard999 · wall_segment Unknown (4001) x1 |
| 2:57 | gsnwizard999 · wall_segment Unknown (4001) x1 |
| 2:58 | Slayer · wall_segment Unknown (4001) x8 |
| 2:58 | gsnwizard999 · wall_segment Unknown (4001) x1 |
| 2:58 | 中国卢氏 · wall_segment Unknown (4001) x6 |
| 2:59 | gsnwizard999 · wall_segment Unknown (4001) x1 |
| 2:59 | gsnwizard999 · wall_segment Unknown (4001) x1 |
| 2:59 | Slayer · wall_segment Unknown (4001) x3 |
| 3:00 | gsnwizard999 · wall_segment Unknown (4001) x1 |
| 3:00 | gsnwizard999 · wall_segment Unknown (4001) x1 |
| 3:00 | 91老秦 · wall_segment Unknown (4001) x4 |
| 3:00 | gsnwizard999 · wall_segment Unknown (4001) x1 |
| 3:01 | gsnwizard999 · wall_segment Unknown (4001) x1 |
| 3:02 | gsnwizard999 · wall_segment Unknown (4001) x1 |
| 3:02 | Slayer · wall_segment Unknown (4001) x8 |
| 3:02 | gsnwizard999 · wall_segment Unknown (4001) x1 |
| 3:02 | gsnwizard999 · wall_segment Unknown (4001) x1 |
| 3:03 | gsnwizard999 · wall_segment Unknown (4001) x1 |
| 3:03 | gsnwizard999 · wall_segment Unknown (4001) x1 |
| 3:03 | Slayer · wall_segment Unknown (4001) x3 |
| 3:04 | Filpill · wall_segment Unknown (4001) x5 |
| 3:05 | Enmore · wall_segment Unknown (4001) x1 |
| 3:05 | Slayer · wall_segment Unknown (4001) x8 |
| 3:06 | gsnwizard999 · wall_segment Unknown (4001) x1 |
| 3:06 | 91老秦 · wall_segment Unknown (4001) x9 |
| 3:06 | Enmore · wall_segment Unknown (4001) x1 |
| 3:06 | pattomi · wall_segment Unknown (4001) x6 |
| 3:06 | Slayer · wall_segment Unknown (4001) x3 |
| 3:07 | gsnwizard999 · wall_segment Unknown (4001) x1 |
| 3:07 | Enmore · wall_segment Unknown (4001) x1 |
| 3:07 | gsnwizard999 · wall_segment Unknown (4001) x1 |
| 3:07 | gsnwizard999 · wall_segment Unknown (4001) x1 |
| 3:08 | Enmore · wall_segment Unknown (4001) x1 |
| 3:08 | 中国卢氏 · wall_segment Unknown (4001) x1 |
| 3:08 | Enmore · wall_segment Unknown (4001) x1 |
| 3:08 | Filpill · wall_segment Unknown (4001) x6 |
| 3:08 | Slayer · wall_segment Unknown (4001) x8 |
| 3:09 | gsnwizard999 · wall_segment Unknown (4001) x1 |
| 3:09 | Enmore · wall_segment Unknown (4001) x1 |
| 3:10 | Slayer · wall_segment Unknown (4001) x3 |
| 3:10 | Enmore · wall_segment Unknown (4001) x2 |
| 3:11 | 中国卢氏 · wall_segment Unknown (4001) x5 |
| 3:11 | 中国卢氏 · wall_segment Unknown (4001) x1 |
| 3:11 | 中国卢氏 · wall_segment Unknown (4001) x1 |
| 3:11 | Enmore · wall_segment Unknown (4001) x1 |
| 3:12 | gsnwizard999 · wall_segment Unknown (4001) x9 |
| 3:12 | Slayer · wall_segment Unknown (4001) x8 |
| 3:12 | Enmore · wall_segment Unknown (4001) x1 |
| 3:12 | gsnwizard999 · wall_segment Unknown (4001) x1 |
| 3:12 | 91老秦 · wall_segment Unknown (4001) x9 |
| 3:13 | gsnwizard999 · wall_segment Unknown (4001) x1 |
| 3:13 | Enmore · wall_segment Unknown (4001) x1 |
| 3:14 | gsnwizard999 · wall_segment Unknown (4001) x1 |
| 3:14 | Slayer · wall_segment Unknown (4001) x3 |
| 3:14 | gsnwizard999 · wall_segment Unknown (4001) x1 |
| 3:14 | Enmore · wall_segment Unknown (4001) x2 |
| 3:15 | gsnwizard999 · wall_segment Unknown (4001) x1 |
| 3:15 | Enmore · wall_segment Unknown (4001) x1 |
| 3:15 | 91老秦 · wall_segment Unknown (4001) x6 |
| 3:15 | gsnwizard999 · wall_segment Unknown (4001) x1 |
| 3:15 | Enmore · wall_segment Unknown (4001) x1 |
| 3:16 | gsnwizard999 · wall_segment Unknown (4001) x1 |
| 3:16 | gsnwizard999 · wall_segment Unknown (4001) x1 |
| 3:16 | Slayer · wall_segment Unknown (4001) x8 |
| 3:16 | Enmore · wall_segment Unknown (4001) x1 |
| 3:17 | 中国卢氏 · wall_segment Unknown (4001) x5 |
| 3:17 | Filpill · wall_segment Unknown (4001) x3 |
| 3:17 | gsnwizard999 · wall_segment Unknown (4001) x1 |
| 3:17 | Enmore · wall_segment Unknown (4001) x1 |
| 3:17 | Slayer · wall_segment Unknown (4001) x3 |
| 3:18 | gsnwizard999 · wall_segment Unknown (4001) x1 |
| 3:18 | gsnwizard999 · wall_segment Unknown (4001) x1 |
| 3:18 | Enmore · wall_segment Unknown (4001) x1 |
| 3:18 | 91老秦 · wall_segment Unknown (4001) x8 |
| 3:19 | Enmore · wall_segment Unknown (4001) x1 |
| 3:19 | gsnwizard999 · wall_segment Unknown (4001) x1 |
| 3:19 | Slayer · wall_segment Unknown (4001) x8 |
| 3:19 | gsnwizard999 · wall_segment Unknown (4001) x1 |
| 3:19 | Enmore · wall_segment Unknown (4001) x1 |
| 3:20 | gsnwizard999 · wall_segment Unknown (4001) x1 |
| 3:20 | Enmore · wall_segment Unknown (4001) x1 |
| 3:20 | Slayer · wall_segment Unknown (4001) x3 |
| 3:21 | gsnwizard999 · wall_segment Unknown (4001) x1 |
| 3:21 | Enmore · wall_segment Unknown (4001) x1 |
| 3:21 | gsnwizard999 · wall_segment Unknown (4001) x1 |
| 3:21 | 中国卢氏 · wall_segment Unknown (4001) x1 |
| 3:21 | gsnwizard999 · wall_segment Unknown (4001) x1 |
| 3:21 | Filpill · wall_segment Unknown (4001) x10 |
| 3:22 | Enmore · wall_segment Unknown (4001) x1 |
| 3:22 | gsnwizard999 · wall_segment Unknown (4001) x1 |
| 3:22 | Enmore · wall_segment Unknown (4001) x1 |
| 3:23 | gsnwizard999 · wall_segment Unknown (4001) x1 |
| 3:23 | gsnwizard999 · wall_segment Unknown (4001) x1 |
| 3:23 | pattomi · wall_segment Unknown (4001) x3 |
| 3:23 | 91老秦 · wall_segment Unknown (4001) x5 |
| 3:23 | Enmore · wall_segment Unknown (4001) x1 |
| 3:24 | gsnwizard999 · wall_segment Unknown (4001) x1 |
| 3:24 | pattomi · wall_segment Unknown (4001) x1 |
| 3:24 | gsnwizard999 · wall_segment Unknown (4001) x1 |
| 3:24 | Enmore · wall_segment Unknown (4001) x1 |
| 3:24 | pattomi · wall_segment Unknown (4001) x1 |
| 3:24 | Slayer · wall_segment Unknown (4001) x8 |
| 3:25 | gsnwizard999 · wall_segment Unknown (4001) x1 |
| 3:25 | Enmore · wall_segment Unknown (4001) x1 |
| 3:25 | pattomi · wall_segment Unknown (4001) x1 |
| 3:25 | gsnwizard999 · wall_segment Unknown (4001) x1 |
| 3:25 | Slayer · wall_segment Unknown (4001) x3 |
| 3:26 | pattomi · wall_segment Unknown (4001) x1 |
| 3:26 | gsnwizard999 · wall_segment Unknown (4001) x1 |
| 3:26 | gsnwizard999 · wall_segment Unknown (4001) x1 |
| 3:26 | pattomi · wall_segment Unknown (4001) x1 |
| 3:27 | gsnwizard999 · wall_segment Unknown (4001) x1 |
| 3:27 | Enmore · wall_segment Unknown (4001) x9 |
| 3:27 | pattomi · wall_segment Unknown (4001) x1 |
| 3:27 | 中国卢氏 · wall_segment Unknown (4001) x6 |
| 3:27 | gsnwizard999 · wall_segment Unknown (4001) x1 |
| 3:27 | Slayer · wall_segment Unknown (4001) x8 |
| 3:28 | gsnwizard999 · wall_segment Unknown (4001) x1 |
| 3:28 | pattomi · wall_segment Unknown (4001) x1 |
| 3:28 | gsnwizard999 · wall_segment Unknown (4001) x1 |
| 3:29 | Enmore · wall_segment Unknown (4001) x10 |
| 3:29 | pattomi · wall_segment Unknown (4001) x1 |
| 3:29 | gsnwizard999 · wall_segment Unknown (4001) x1 |
| 3:29 | Filpill · wall_segment Unknown (4001) x7 |
| 3:29 | Slayer · wall_segment Unknown (4001) x3 |
| 3:29 | pattomi · wall_segment Unknown (4001) x1 |
| 3:29 | gsnwizard999 · wall_segment Unknown (4001) x1 |
| 3:30 | gsnwizard999 · wall_segment Unknown (4001) x1 |
| 3:30 | pattomi · wall_segment Unknown (4001) x1 |
| 3:30 | 91老秦 · wall_segment Unknown (4001) x5 |
| 3:30 | gsnwizard999 · wall_segment Unknown (4001) x1 |
| 3:30 | pattomi · wall_segment Unknown (4001) x1 |
| 3:31 | gsnwizard999 · wall_segment Unknown (4001) x1 |
| 3:31 | Slayer · wall_segment Unknown (4001) x8 |
| 3:31 | pattomi · wall_segment Unknown (4001) x1 |
| 3:31 | gsnwizard999 · wall_segment Unknown (4001) x1 |
| 3:31 | Enmore · wall_segment Unknown (4001) x8 |
| 3:32 | pattomi · wall_segment Unknown (4001) x1 |
| 3:32 | gsnwizard999 · wall_segment Unknown (4001) x1 |
| 3:32 | Slayer · wall_segment Unknown (4001) x3 |
| 3:32 | gsnwizard999 · wall_segment Unknown (4001) x1 |
| 3:32 | pattomi · wall_segment Unknown (4001) x1 |
| 3:33 | gsnwizard999 · wall_segment Unknown (4001) x1 |
| 3:33 | pattomi · wall_segment Unknown (4001) x1 |
| 3:33 | gsnwizard999 · wall_segment Unknown (4001) x1 |
| 3:34 | gsnwizard999 · wall_segment Unknown (4001) x1 |
| 3:34 | pattomi · wall_segment Unknown (4001) x1 |
| 3:34 | Slayer · wall_segment Unknown (4001) x8 |
| 3:34 | pattomi · wall_segment Unknown (4001) x1 |
| 3:34 | gsnwizard999 · wall_segment Unknown (4001) x1 |
| 3:35 | pattomi · wall_segment Unknown (4001) x1 |
| 3:35 | gsnwizard999 · wall_segment Unknown (4001) x1 |
| 3:35 | gsnwizard999 · wall_segment Unknown (4001) x2 |
| 3:35 | Slayer · wall_segment Unknown (4001) x3 |
| 3:35 | pattomi · wall_segment Unknown (4001) x1 |
| 3:36 | gsnwizard999 · wall_segment Unknown (4001) x1 |
| 3:36 | pattomi · wall_segment Unknown (4001) x1 |
| 3:36 | gsnwizard999 · wall_segment Unknown (4001) x1 |
| 3:37 | 中国卢氏 · wall_segment Unknown (4001) x15 |
| 3:37 | pattomi · wall_segment Unknown (4001) x1 |
| 3:37 | pattomi · wall_segment Unknown (4001) x1 |
| 3:38 | pattomi · wall_segment Unknown (4001) x1 |
| 3:38 | pattomi · wall_segment Unknown (4001) x1 |
| 3:38 | Filpill · wall_segment Unknown (4001) x10 |
| 3:39 | pattomi · wall_segment Unknown (4001) x1 |
| 3:39 | pattomi · wall_segment Unknown (4001) x1 |
| 3:40 | pattomi · wall_segment Unknown (4001) x1 |
| 3:41 | pattomi · wall_segment Unknown (4001) x1 |
| 3:41 | Slayer · wall_segment Unknown (4001) x7 |
| 3:41 | pattomi · wall_segment Unknown (4001) x1 |
| 3:42 | gsnwizard999 · wall_segment Unknown (4001) x1 |
| 3:42 | pattomi · wall_segment Unknown (4001) x1 |
| 3:42 | Slayer · wall_segment Unknown (4001) x3 |
| 3:42 | 91老秦 · wall_segment Unknown (4001) x5 |
| 3:43 | gsnwizard999 · wall_segment Unknown (4001) x1 |
| 3:43 | pattomi · wall_segment Unknown (4001) x1 |
| 3:43 | gsnwizard999 · wall_segment Unknown (4001) x1 |
| 3:43 | pattomi · wall_segment Unknown (4001) x1 |
| 3:43 | gsnwizard999 · wall_segment Unknown (4001) x1 |
| 3:43 | 中国卢氏 · wall_segment Unknown (4001) x6 |
| 3:45 | Slayer · wall_segment Unknown (4001) x8 |
| 3:45 | gsnwizard999 · wall_segment Unknown (4001) x1 |
| 3:45 | pattomi · wall_segment Unknown (4001) x1 |
| 3:46 | gsnwizard999 · wall_segment Unknown (4001) x1 |
| 3:46 | Slayer · wall_segment Unknown (4001) x3 |
| 3:46 | pattomi · wall_segment Unknown (4001) x1 |
| 3:46 | gsnwizard999 · wall_segment Unknown (4001) x1 |
| 3:47 | gsnwizard999 · wall_segment Unknown (4001) x1 |
| 3:47 | pattomi · wall_segment Unknown (4001) x1 |
| 3:47 | 91老秦 · wall_segment Unknown (4001) x6 |
| 3:47 | gsnwizard999 · wall_segment Unknown (4001) x1 |
| 3:48 | 中国卢氏 · wall_segment Unknown (4001) x8 |
| 3:48 | pattomi · wall_segment Unknown (4001) x1 |
| 3:48 | gsnwizard999 · wall_segment Unknown (4001) x1 |
| 3:48 | gsnwizard999 · wall_segment Unknown (4001) x1 |
| 3:48 | Filpill · wall_segment Unknown (4001) x8 |
| 3:48 | pattomi · wall_segment Unknown (4001) x1 |
| 3:49 | gsnwizard999 · wall_segment Unknown (4001) x1 |
| 3:49 | pattomi · wall_segment Unknown (4001) x1 |
| 3:49 | gsnwizard999 · wall_segment Unknown (4001) x1 |
| 3:50 | gsnwizard999 · wall_segment Unknown (4001) x1 |
| 3:50 | Slayer · wall_segment Unknown (4001) x8 |
| 3:50 | gsnwizard999 · wall_segment Unknown (4001) x1 |
| 3:50 | pattomi · wall_segment Unknown (4001) x3 |
| 3:51 | gsnwizard999 · wall_segment Unknown (4001) x1 |
| 3:51 | gsnwizard999 · wall_segment Unknown (4001) x1 |
| 3:51 | Slayer · wall_segment Unknown (4001) x3 |
| 3:52 | gsnwizard999 · wall_segment Unknown (4001) x1 |
| 3:52 | gsnwizard999 · wall_segment Unknown (4001) x1 |
| 3:52 | pattomi · wall_segment Unknown (4001) x3 |
| 3:53 | gsnwizard999 · wall_segment Unknown (4001) x1 |
| 3:53 | 91老秦 · wall_segment Unknown (4001) x4 |
| 3:53 | gsnwizard999 · wall_segment Unknown (4001) x1 |
| 3:54 | gsnwizard999 · wall_segment Unknown (4001) x1 |
| 3:54 | pattomi · wall_segment Unknown (4001) x2 |
| 3:54 | gsnwizard999 · wall_segment Unknown (4001) x1 |
| 3:55 | gsnwizard999 · wall_segment Unknown (4001) x1 |
| 3:56 | gsnwizard999 · wall_segment Unknown (4001) x1 |
| 3:56 | gsnwizard999 · wall_segment Unknown (4001) x1 |
| 3:56 | 91老秦 · wall_segment Unknown (4001) x4 |
| 3:57 | gsnwizard999 · wall_segment Unknown (4001) x1 |
| 3:57 | gsnwizard999 · wall_segment Unknown (4001) x1 |
| 3:58 | gsnwizard999 · wall_segment Unknown (4001) x1 |
| 3:58 | gsnwizard999 · wall_segment Unknown (4001) x1 |
| 3:58 | Filpill · wall_segment Unknown (4001) x14 |
| 3:59 | 91老秦 · wall_segment Unknown (4001) x3 |
| 4:01 | 中国卢氏 · wall_segment Unknown (4001) x9 |
| 4:01 | 91老秦 · wall_segment Unknown (4001) x3 |
| 4:04 | 91老秦 · wall_segment Unknown (4001) x2 |
| 4:04 | Enmore · wall_segment Unknown (4001) x3 |
| 4:05 | 91老秦 · wall_segment Unknown (4001) x1 |
| 4:06 | Enmore · wall_segment Unknown (4001) x3 |
| 4:06 | 91老秦 · wall_segment Unknown (4001) x1 |
| 4:07 | Enmore · wall_segment Unknown (4001) x1 |
| 4:07 | pattomi · wall_segment Unknown (4001) x1 |
| 4:08 | 91老秦 · wall_segment Unknown (4001) x1 |
| 4:08 | 中国卢氏 · wall_segment Unknown (4001) x8 |
| 4:08 | pattomi · wall_segment Unknown (4001) x1 |
| 4:09 | pattomi · wall_segment Unknown (4001) x1 |
| 4:09 | Enmore · wall_segment Unknown (4001) x1 |
| 4:09 | pattomi · wall_segment Unknown (4001) x1 |
| 4:10 | gsnwizard999 · wall_segment Unknown (4001) x1 |
| 4:10 | Enmore · wall_segment Unknown (4001) x1 |
| 4:10 | Filpill · wall_segment Unknown (4001) x12 |
| 4:10 | pattomi · wall_segment Unknown (4001) x1 |
| 4:11 | Enmore · wall_segment Unknown (4001) x1 |
| 4:11 | pattomi · wall_segment Unknown (4001) x1 |
| 4:12 | Enmore · wall_segment Unknown (4001) x1 |
| 4:12 | pattomi · wall_segment Unknown (4001) x1 |
| 4:12 | gsnwizard999 · wall_segment Unknown (4001) x6 |
| 4:12 | pattomi · wall_segment Unknown (4001) x1 |
| 4:13 | Enmore · wall_segment Unknown (4001) x1 |
| 4:13 | pattomi · wall_segment Unknown (4001) x1 |
| 4:14 | Enmore · wall_segment Unknown (4001) x1 |
| 4:14 | pattomi · wall_segment Unknown (4001) x1 |
| 4:14 | gsnwizard999 · wall_segment Unknown (4001) x6 |
| 4:15 | Enmore · wall_segment Unknown (4001) x1 |
| 4:16 | Enmore · wall_segment Unknown (4001) x1 |
| 4:16 | Slayer · wall_segment Unknown (4001) x7 |
| 4:17 | Enmore · wall_segment Unknown (4001) x1 |
| 4:17 | gsnwizard999 · wall_segment Unknown (4001) x13 |
| 4:17 | Enmore · wall_segment Unknown (4001) x1 |
| 4:18 | Slayer · wall_segment Unknown (4001) x3 |
| 4:18 | Enmore · wall_segment Unknown (4001) x1 |
| 4:19 | Enmore · wall_segment Unknown (4001) x1 |
| 4:19 | Enmore · wall_segment Unknown (4001) x1 |
| 4:20 | Enmore · wall_segment Unknown (4001) x1 |
| 4:21 | Enmore · wall_segment Unknown (4001) x1 |
| 4:21 | Slayer · wall_segment Unknown (4001) x8 |
| 4:22 | Slayer · wall_segment Unknown (4001) x3 |
| 4:24 | Slayer · wall_segment Unknown (4001) x8 |
| 4:24 | Filpill · wall_segment Unknown (4001) x21 |
| 4:25 | Enmore · wall_segment Unknown (4001) x1 |
| 4:26 | pattomi · wall_segment Unknown (4001) x5 |
| 4:26 | Enmore · wall_segment Unknown (4001) x1 |
| 4:26 | Slayer · wall_segment Unknown (4001) x2 |
| 4:27 | Enmore · wall_segment Unknown (4001) x1 |
| 4:28 | Enmore · wall_segment Unknown (4001) x1 |
| 4:28 | Slayer · wall_segment Unknown (4001) x8 |
| 4:29 | Slayer · wall_segment Unknown (4001) x3 |
| 4:30 | Enmore · wall_segment Unknown (4001) x1 |
| 4:30 | Enmore · wall_segment Unknown (4001) x1 |
| 4:31 | Enmore · wall_segment Unknown (4001) x1 |
| 4:31 | Slayer · wall_segment Unknown (4001) x8 |
| 4:32 | pattomi · wall_segment Unknown (4001) x1 |
| 4:32 | gsnwizard999 · wall_segment Unknown (4001) x7 |
| 4:32 | Enmore · wall_segment Unknown (4001) x1 |
| 4:33 | Enmore · wall_segment Unknown (4001) x1 |
| 4:33 | Slayer · wall_segment Unknown (4001) x3 |
| 4:33 | Enmore · wall_segment Unknown (4001) x1 |
| 4:34 | gsnwizard999 · wall_segment Unknown (4001) x9 |
| 4:34 | Enmore · wall_segment Unknown (4001) x1 |
| 4:35 | gsnwizard999 · wall_segment Unknown (4001) x3 |
| 4:35 | pattomi · wall_segment Unknown (4001) x6 |
| 4:35 | Enmore · wall_segment Unknown (4001) x1 |
| 4:35 | Slayer · wall_segment Unknown (4001) x8 |
| 4:36 | gsnwizard999 · wall_segment Unknown (4001) x5 |
| 4:36 | Enmore · wall_segment Unknown (4001) x1 |
| 4:36 | Slayer · wall_segment Unknown (4001) x3 |
| 4:37 | Enmore · wall_segment Unknown (4001) x1 |
| 4:37 | pattomi · wall_segment Unknown (4001) x4 |
| 4:37 | gsnwizard999 · wall_segment Unknown (4001) x4 |
| 4:38 | pattomi · wall_segment Unknown (4001) x1 |
| 4:38 | Enmore · wall_segment Unknown (4001) x1 |
| 4:38 | Slayer · wall_segment Unknown (4001) x8 |
| 4:38 | pattomi · wall_segment Unknown (4001) x1 |
| 4:39 | Enmore · wall_segment Unknown (4001) x1 |
| 4:39 | pattomi · wall_segment Unknown (4001) x1 |
| 4:39 | Enmore · wall_segment Unknown (4001) x1 |
| 4:40 | pattomi · wall_segment Unknown (4001) x1 |
| 4:40 | Enmore · wall_segment Unknown (4001) x1 |
| 4:40 | pattomi · wall_segment Unknown (4001) x1 |
| 4:41 | Enmore · wall_segment Unknown (4001) x1 |
| 4:41 | 中国卢氏 · wall_segment Unknown (4001) x9 |
| 4:41 | pattomi · wall_segment Unknown (4001) x1 |
| 4:42 | pattomi · wall_segment Unknown (4001) x1 |
| 4:42 | Slayer · wall_segment Unknown (4001) x17 |
| 4:43 | Enmore · wall_segment Unknown (4001) x1 |
| 4:43 | pattomi · wall_segment Unknown (4001) x1 |
| 4:43 | Enmore · wall_segment Unknown (4001) x1 |
| 4:44 | pattomi · wall_segment Unknown (4001) x1 |
| 4:44 | Slayer · wall_segment Unknown (4001) x2 |
| 4:44 | Enmore · wall_segment Unknown (4001) x1 |
| 4:44 | pattomi · wall_segment Unknown (4001) x1 |
| 4:45 | Enmore · wall_segment Unknown (4001) x1 |
| 4:45 | Filpill · wall_segment Unknown (4001) x6 |
| 4:45 | pattomi · wall_segment Unknown (4001) x1 |
| 4:45 | Slayer · wall_segment Unknown (4001) x1 |
| 4:46 | Enmore · wall_segment Unknown (4001) x1 |
| 4:46 | pattomi · wall_segment Unknown (4001) x1 |
| 4:46 | Enmore · wall_segment Unknown (4001) x1 |
| 4:46 | pattomi · wall_segment Unknown (4001) x1 |
| 4:47 | pattomi · wall_segment Unknown (4001) x1 |
| 4:48 | Enmore · wall_segment Unknown (4001) x1 |
| 4:48 | pattomi · wall_segment Unknown (4001) x1 |
| 4:48 | pattomi · wall_segment Unknown (4001) x1 |
| 4:48 | Enmore · wall_segment Unknown (4001) x1 |
| 4:49 | 中国卢氏 · wall_segment Unknown (4001) x6 |
| 4:49 | Enmore · wall_segment Unknown (4001) x1 |
| 4:50 | Filpill · wall_segment Unknown (4001) x11 |
| 4:51 | Enmore · wall_segment Unknown (4001) x1 |
| 4:52 | Enmore · wall_segment Unknown (4001) x1 |
| 4:52 | Slayer · wall_segment Unknown (4001) x9 |
| 4:53 | pattomi · wall_segment Unknown (4001) x3 |
| 4:54 | Slayer · wall_segment Unknown (4001) x3 |
| 4:55 | Enmore · wall_segment Unknown (4001) x11 |
| 4:55 | pattomi · wall_segment Unknown (4001) x3 |
| 4:57 | Slayer · wall_segment Unknown (4001) x9 |
| 4:58 | Slayer · wall_segment Unknown (4001) x3 |
| 4:58 | Filpill · wall_segment Unknown (4001) x1 |
| 4:59 | pattomi · wall_segment Unknown (4001) x3 |
| 5:00 | Slayer · wall_segment Unknown (4001) x9 |
| 5:01 | pattomi · wall_segment Unknown (4001) x8 |
| 5:02 | 中国卢氏 · wall_segment Unknown (4001) x4 |
| 5:02 | Slayer · wall_segment Unknown (4001) x2 |
| 5:02 | Enmore · wall_segment Unknown (4001) x12 |
| 5:03 | Slayer · wall_segment Unknown (4001) x1 |
| 5:04 | gsnwizard999 · wall_segment Unknown (4001) x18 |
| 5:04 | pattomi · wall_segment Unknown (4001) x1 |
| 5:05 | Filpill · wall_segment Unknown (4001) x16 |
| 5:05 | Slayer · wall_segment Unknown (4001) x1 |
| 5:06 | Enmore · wall_segment Unknown (4001) x12 |
| 5:08 | gsnwizard999 · wall_segment Unknown (4001) x13 |
| 5:08 | Slayer · wall_segment Unknown (4001) x9 |
| 5:10 | pattomi · wall_segment Unknown (4001) x7 |
| 5:10 | Slayer · wall_segment Unknown (4001) x3 |
| 5:10 | gsnwizard999 · wall_segment Unknown (4001) x19 |
| 5:11 | 中国卢氏 · wall_segment Unknown (4001) x6 |
| 5:12 | Slayer · wall_segment Unknown (4001) x9 |
| 5:13 | Slayer · wall_segment Unknown (4001) x3 |
| 5:15 | pattomi · wall_segment Unknown (4001) x6 |
| 5:15 | 中国卢氏 · wall_segment Unknown (4001) x7 |
| 5:16 | Slayer · wall_segment Unknown (4001) x8 |
| 5:17 | Slayer · wall_segment Unknown (4001) x3 |
| 5:18 | 中国卢氏 · wall_segment Unknown (4001) x6 |
| 5:19 | Slayer · wall_segment Unknown (4001) x9 |
| 5:20 | pattomi · wall_segment Unknown (4001) x5 |
| 5:20 | Slayer · wall_segment Unknown (4001) x3 |
| 5:22 | 中国卢氏 · wall_segment Unknown (4001) x5 |
| 5:22 | Enmore · wall_segment Unknown (4001) x1 |
| 5:23 | pattomi · wall_segment Unknown (4001) x15 |
| 5:23 | Slayer · wall_segment Unknown (4001) x9 |
| 5:24 | Filpill · wall_segment Unknown (4001) x2 |
| 5:24 | Slayer · wall_segment Unknown (4001) x3 |
| 5:26 | Filpill · wall_segment Unknown (4001) x10 |
| 5:26 | Slayer · wall_segment Unknown (4001) x9 |
| 5:27 | Enmore · wall_segment Unknown (4001) x1 |
| 5:28 | Slayer · wall_segment Unknown (4001) x3 |
| 5:29 | Enmore · wall_segment Unknown (4001) x1 |
| 5:29 | pattomi · wall_segment Unknown (4001) x7 |
| 5:30 | Slayer · wall_segment Unknown (4001) x9 |
| 5:30 | Enmore · wall_segment Unknown (4001) x1 |
| 5:31 | Slayer · wall_segment Unknown (4001) x3 |
| 5:32 | Enmore · wall_segment Unknown (4001) x1 |
| 5:34 | Filpill · wall_segment Unknown (4001) x9 |
| 5:34 | Enmore · wall_segment Unknown (4001) x1 |
| 5:36 | Enmore · wall_segment Unknown (4001) x1 |
| 5:37 | pattomi · wall_segment Unknown (4001) x4 |
| 5:37 | Enmore · wall_segment Unknown (4001) x1 |
| 5:38 | Enmore · wall_segment Unknown (4001) x1 |
| 5:38 | Enmore · wall_segment Unknown (4001) x1 |
| 5:39 | Enmore · wall_segment Unknown (4001) x1 |
| 5:40 | Enmore · wall_segment Unknown (4001) x1 |
| 5:41 | Enmore · wall_segment Unknown (4001) x1 |
| 5:42 | 中国卢氏 · wall_segment Unknown (4001) x10 |
| 5:42 | Enmore · wall_segment Unknown (4001) x1 |
| 5:42 | pattomi · wall_segment Unknown (4001) x11 |
| 5:43 | gsnwizard999 · wall_segment Unknown (4001) x12 |
| 5:43 | Enmore · wall_segment Unknown (4001) x1 |
| 5:43 | Filpill · wall_segment Unknown (4001) x4 |
| 5:44 | Enmore · wall_segment Unknown (4001) x1 |
| 5:45 | Enmore · wall_segment Unknown (4001) x1 |
| 5:46 | gsnwizard999 · wall_segment Unknown (4001) x19 |
| 5:46 | Enmore · wall_segment Unknown (4001) x1 |
| 5:47 | Enmore · wall_segment Unknown (4001) x1 |
| 5:47 | Filpill · wall_segment Unknown (4001) x4 |
| 5:48 | Enmore · wall_segment Unknown (4001) x1 |
| 5:49 | Enmore · wall_segment Unknown (4001) x1 |
| 5:50 | Enmore · wall_segment Unknown (4001) x1 |
| 5:51 | Enmore · wall_segment Unknown (4001) x1 |
| 5:51 | pattomi · wall_segment Unknown (4001) x11 |
| 5:51 | Enmore · wall_segment Unknown (4001) x1 |
| 5:51 | Filpill · wall_segment Unknown (4001) x9 |
| 5:53 | Enmore · wall_segment Unknown (4001) x1 |
| 5:53 | Enmore · wall_segment Unknown (4001) x1 |
| 5:54 | Enmore · wall_segment Unknown (4001) x1 |
| 5:55 | Enmore · wall_segment Unknown (4001) x1 |
| 5:56 | Enmore · wall_segment Unknown (4001) x1 |
| 5:59 | Enmore · wall_segment Unknown (4001) x1 |
| 6:00 | Enmore · wall_segment Unknown (4001) x1 |
| 6:01 | Enmore · wall_segment Unknown (4001) x1 |
| 6:01 | Filpill · wall_segment Unknown (4001) x8 |
| 6:02 | Enmore · wall_segment Unknown (4001) x1 |
| 6:03 | Enmore · wall_segment Unknown (4001) x1 |
| 6:04 | Enmore · wall_segment Unknown (4001) x1 |
| 6:04 | Filpill · wall_segment Unknown (4001) x5 |
| 6:05 | Enmore · wall_segment Unknown (4001) x1 |
| 6:06 | Enmore · wall_segment Unknown (4001) x1 |
| 6:06 | Enmore · wall_segment Unknown (4001) x1 |
| 6:07 | Enmore · wall_segment Unknown (4001) x1 |
| 6:08 | Enmore · wall_segment Unknown (4001) x1 |
| 6:09 | Enmore · wall_segment Unknown (4001) x1 |
| 6:10 | Enmore · wall_segment Unknown (4001) x1 |
| 6:12 | Enmore · wall_segment Unknown (4001) x1 |
| 6:13 | Enmore · wall_segment Unknown (4001) x1 |
| 6:13 | Filpill · wall_segment Unknown (4001) x10 |
| 6:14 | Enmore · wall_segment Unknown (4001) x1 |
| 6:15 | Enmore · wall_segment Unknown (4001) x1 |
| 6:16 | Enmore · wall_segment Unknown (4001) x1 |
| 6:17 | Enmore · wall_segment Unknown (4001) x1 |
| 6:18 | Enmore · wall_segment Unknown (4001) x1 |
| 6:19 | Enmore · wall_segment Unknown (4001) x1 |
| 6:20 | Enmore · wall_segment Unknown (4001) x1 |
| 6:21 | Filpill · wall_segment Unknown (4001) x10 |
| 6:21 | Enmore · wall_segment Unknown (4001) x1 |
| 6:23 | Enmore · wall_segment Unknown (4001) x1 |
| 6:23 | Enmore · wall_segment Unknown (4001) x1 |
| 6:25 | pattomi · wall_segment Unknown (4001) x8 |
| 6:28 | Slayer · wall_segment Unknown (4001) x9 |
| 6:29 | pattomi · wall_segment Unknown (4001) x2 |
| 6:29 | Enmore · wall_segment Unknown (4001) x1 |
| 6:31 | Slayer · wall_segment Unknown (4001) x8 |
| 6:31 | Enmore · wall_segment Unknown (4001) x1 |
| 6:32 | Enmore · wall_segment Unknown (4001) x1 |
| 6:32 | pattomi · wall_segment Unknown (4001) x3 |
| 6:33 | Slayer · wall_segment Unknown (4001) x3 |
| 6:34 | pattomi · wall_segment Unknown (4001) x3 |
| 6:35 | Filpill · wall_segment Unknown (4001) x19 |
| 6:35 | pattomi · wall_segment Unknown (4001) x1 |
| 6:35 | Slayer · wall_segment Unknown (4001) x9 |
| 6:36 | pattomi · wall_segment Unknown (4001) x2 |
| 6:37 | gsnwizard999 · wall_segment Unknown (4001) x11 |
| 6:37 | Enmore · wall_segment Unknown (4001) x21 |
| 6:39 | pattomi · wall_segment Unknown (4001) x2 |
| 6:39 | Slayer · wall_segment Unknown (4001) x3 |
| 6:40 | gsnwizard999 · wall_segment Unknown (4001) x18 |
| 6:41 | gsnwizard999 · wall_segment Unknown (4001) x11 |
| 6:43 | Slayer · wall_segment Unknown (4001) x8 |
| 6:43 | gsnwizard999 · wall_segment Unknown (4001) x17 |
| 6:45 | Slayer · wall_segment Unknown (4001) x3 |
| 6:48 | Slayer · wall_segment Unknown (4001) x7 |
| 6:49 | Slayer · wall_segment Unknown (4001) x3 |
| 6:51 | Enmore · wall_segment Unknown (4001) x9 |
| 6:51 | Slayer · wall_segment Unknown (4001) x8 |
| 6:52 | Filpill · wall_segment Unknown (4001) x15 |
| 6:53 | Slayer · wall_segment Unknown (4001) x3 |
| 6:54 | pattomi · wall_segment Unknown (4001) x11 |
| 6:55 | Slayer · wall_segment Unknown (4001) x8 |
| 6:56 | Slayer · wall_segment Unknown (4001) x3 |
| 6:56 | pattomi · wall_segment Unknown (4001) x1 |
| 6:58 | Slayer · wall_segment Unknown (4001) x8 |
| 7:00 | Slayer · wall_segment Unknown (4001) x3 |
| 7:02 | Enmore · wall_segment Unknown (4001) x3 |
| 7:02 | Slayer · wall_segment Unknown (4001) x7 |
| 7:03 | Enmore · wall_segment Unknown (4001) x1 |
| 7:03 | Filpill · wall_segment Unknown (4001) x14 |
| 7:05 | Slayer · wall_segment Unknown (4001) x8 |
| 7:06 | Enmore · wall_segment Unknown (4001) x1 |
| 7:07 | Enmore · wall_segment Unknown (4001) x1 |
| 7:08 | Enmore · wall_segment Unknown (4001) x1 |
| 7:09 | Enmore · wall_segment Unknown (4001) x1 |
| 7:10 | Enmore · wall_segment Unknown (4001) x1 |
| 7:11 | Enmore · wall_segment Unknown (4001) x1 |
| 7:11 | Enmore · wall_segment Unknown (4001) x1 |
| 7:12 | pattomi · wall_segment Unknown (4001) x2 |
| 7:12 | Enmore · wall_segment Unknown (4001) x1 |
| 7:13 | Enmore · wall_segment Unknown (4001) x1 |
| 7:14 | Enmore · wall_segment Unknown (4001) x2 |
| 7:14 | pattomi · wall_segment Unknown (4001) x10 |
| 7:15 | Enmore · wall_segment Unknown (4001) x1 |
| 7:16 | Enmore · wall_segment Unknown (4001) x1 |
| 7:17 | Enmore · wall_segment Unknown (4001) x1 |
| 7:17 | pattomi · wall_segment Unknown (4001) x9 |
| 7:18 | Enmore · wall_segment Unknown (4001) x1 |
| 7:18 | Filpill · wall_segment Unknown (4001) x15 |
| 7:19 | Enmore · wall_segment Unknown (4001) x1 |
| 7:20 | Enmore · wall_segment Unknown (4001) x1 |
| 7:20 | Enmore · wall_segment Unknown (4001) x1 |
| 7:22 | Enmore · wall_segment Unknown (4001) x1 |
| 7:23 | gsnwizard999 · wall_segment Unknown (4001) x10 |
| 7:23 | Enmore · wall_segment Unknown (4001) x1 |
| 7:24 | Enmore · wall_segment Unknown (4001) x1 |
| 7:24 | gsnwizard999 · wall_segment Unknown (4001) x16 |
| 7:25 | Enmore · wall_segment Unknown (4001) x1 |
| 7:26 | gsnwizard999 · wall_segment Unknown (4001) x9 |
| 7:26 | Enmore · wall_segment Unknown (4001) x1 |
| 7:27 | Enmore · wall_segment Unknown (4001) x1 |
| 7:28 | gsnwizard999 · wall_segment Unknown (4001) x16 |
| 7:28 | Enmore · wall_segment Unknown (4001) x1 |
| 7:29 | Enmore · wall_segment Unknown (4001) x1 |
| 7:30 | Enmore · wall_segment Unknown (4001) x1 |
| 7:31 | Enmore · wall_segment Unknown (4001) x1 |
| 7:32 | Enmore · wall_segment Unknown (4001) x1 |
| 7:32 | Filpill · wall_segment Unknown (4001) x15 |
| 7:32 | Enmore · wall_segment Unknown (4001) x1 |
| 7:33 | Enmore · wall_segment Unknown (4001) x1 |
| 7:34 | Enmore · wall_segment Unknown (4001) x1 |
| 7:35 | Enmore · wall_segment Unknown (4001) x1 |
| 7:35 | pattomi · wall_segment Unknown (4001) x7 |
| 7:36 | Enmore · wall_segment Unknown (4001) x1 |
| 7:37 | Enmore · wall_segment Unknown (4001) x1 |
| 7:37 | Enmore · wall_segment Unknown (4001) x1 |
| 7:39 | Enmore · wall_segment Unknown (4001) x1 |
| 7:39 | pattomi · wall_segment Unknown (4001) x7 |
| 7:40 | Enmore · wall_segment Unknown (4001) x1 |
| 7:40 | Enmore · wall_segment Unknown (4001) x1 |
| 7:41 | Enmore · wall_segment Unknown (4001) x1 |
| 7:42 | Enmore · wall_segment Unknown (4001) x1 |
| 7:43 | Enmore · wall_segment Unknown (4001) x1 |
| 7:47 | Filpill · wall_segment Unknown (4001) x15 |
| 7:51 | Filpill · wall_segment Unknown (4001) x17 |
| 8:18 | pattomi · wall_segment Unknown (4001) x1 |
| 8:19 | pattomi · wall_segment Unknown (4001) x1 |
| 8:25 | pattomi · wall_segment Unknown (4001) x7 |
| 8:26 | Filpill · wall_segment Unknown (4001) x15 |
| 8:27 | gsnwizard999 · wall_segment Unknown (4001) x34 |
| 8:32 | pattomi · wall_segment Unknown (4001) x7 |
| 8:34 | pattomi · wall_segment Unknown (4001) x3 |
| 8:35 | Filpill · wall_segment Unknown (4001) x15 |
| 8:43 | gsnwizard999 · wall_segment Unknown (4001) x29 |
| 8:45 | pattomi · wall_segment Unknown (4001) x3 |
| 8:48 | Enmore · wall_segment Unknown (4001) x4 |
| 8:51 | Filpill · wall_segment Unknown (4001) x15 |
| 8:57 | Slayer · wall_segment Unknown (4001) x20 |
| 8:59 | pattomi · wall_segment Unknown (4001) x3 |
| 9:03 | pattomi · wall_segment Unknown (4001) x3 |
| 9:05 | Filpill · wall_segment Unknown (4001) x14 |
| 9:05 | pattomi · wall_segment Unknown (4001) x3 |
| 9:08 | pattomi · wall_segment Unknown (4001) x3 |
| 9:11 | pattomi · wall_segment Unknown (4001) x3 |
| 9:13 | Filpill · wall_segment Unknown (4001) x14 |
| 9:13 | Slayer · wall_segment Unknown (4001) x23 |
| 9:13 | gsnwizard999 · wall_segment Unknown (4001) x30 |
| 9:14 | pattomi · wall_segment Unknown (4001) x3 |
| 9:16 | pattomi · wall_segment Unknown (4001) x3 |
| 9:18 | Slayer · wall_segment Unknown (4001) x3 |
| 9:20 | pattomi · wall_segment Unknown (4001) x3 |
| 9:21 | Slayer · wall_segment Unknown (4001) x9 |
| 9:22 | pattomi · wall_segment Unknown (4001) x8 |
| 9:22 | Slayer · wall_segment Unknown (4001) x3 |
| 9:25 | Slayer · wall_segment Unknown (4001) x9 |
| 9:26 | Slayer · wall_segment Unknown (4001) x3 |
| 9:28 | Slayer · wall_segment Unknown (4001) x9 |
| 9:30 | Slayer · wall_segment Unknown (4001) x3 |
| 9:31 | pattomi · wall_segment Unknown (4001) x2 |
| 9:32 | Slayer · wall_segment Unknown (4001) x9 |
| 9:33 | Slayer · wall_segment Unknown (4001) x3 |
| 9:34 | pattomi · wall_segment Unknown (4001) x2 |
| 9:38 | pattomi · wall_segment Unknown (4001) x2 |
| 9:39 | Filpill · wall_segment Unknown (4001) x3 |
| 9:41 | Filpill · wall_segment Unknown (4001) x3 |
| 9:42 | pattomi · wall_segment Unknown (4001) x2 |
| 9:45 | Filpill · wall_segment Unknown (4001) x17 |
| 9:46 | pattomi · wall_segment Unknown (4001) x2 |
| 9:49 | pattomi · wall_segment Unknown (4001) x2 |
| 9:51 | pattomi · wall_segment Unknown (4001) x2 |
| 9:53 | gsnwizard999 · wall_segment Unknown (4001) x6 |
| 9:53 | pattomi · wall_segment Unknown (4001) x2 |
| 9:55 | pattomi · wall_segment Unknown (4001) x2 |
| 9:58 | pattomi · wall_segment Unknown (4001) x2 |
| 10:00 | pattomi · wall_segment Unknown (4001) x2 |
| 10:01 | gsnwizard999 · wall_segment Unknown (4001) x7 |
| 10:01 | Enmore · wall_segment Unknown (4001) x4 |
| 10:03 | pattomi · wall_segment Unknown (4001) x2 |
| 10:06 | Enmore · wall_segment Unknown (4001) x8 |
| 10:06 | Filpill · wall_segment Unknown (4001) x8 |
| 10:07 | gsnwizard999 · wall_segment Unknown (4001) x4 |
| 10:09 | gsnwizard999 · wall_segment Unknown (4001) x5 |
| 10:10 | Filpill · wall_segment Unknown (4001) x13 |
| 10:11 | gsnwizard999 · wall_segment Unknown (4001) x4 |
| 10:12 | Enmore · wall_segment Unknown (4001) x3 |
| 10:13 | Enmore · wall_segment Unknown (4001) x1 |
| 10:13 | gsnwizard999 · wall_segment Unknown (4001) x4 |
| 10:14 | Enmore · wall_segment Unknown (4001) x1 |
| 10:15 | gsnwizard999 · wall_segment Unknown (4001) x3 |
| 10:15 | Enmore · wall_segment Unknown (4001) x1 |
| 10:16 | Enmore · wall_segment Unknown (4001) x1 |
| 10:16 | Enmore · wall_segment Unknown (4001) x1 |
| 10:17 | gsnwizard999 · wall_segment Unknown (4001) x4 |
| 10:17 | Enmore · wall_segment Unknown (4001) x1 |
| 10:18 | Enmore · wall_segment Unknown (4001) x1 |
| 10:19 | Enmore · wall_segment Unknown (4001) x1 |
| 10:19 | Enmore · wall_segment Unknown (4001) x1 |
| 10:20 | gsnwizard999 · wall_segment Unknown (4001) x4 |
| 10:20 | Enmore · wall_segment Unknown (4001) x1 |
| 10:20 | Enmore · wall_segment Unknown (4001) x1 |
| 10:21 | Slayer · wall_segment Unknown (4001) x8 |
| 10:21 | Enmore · wall_segment Unknown (4001) x1 |
| 10:22 | gsnwizard999 · wall_segment Unknown (4001) x3 |
| 10:22 | Enmore · wall_segment Unknown (4001) x1 |
| 10:23 | Enmore · wall_segment Unknown (4001) x2 |
| 10:23 | Slayer · wall_segment Unknown (4001) x3 |
| 10:23 | gsnwizard999 · wall_segment Unknown (4001) x2 |
| 10:23 | Enmore · wall_segment Unknown (4001) x1 |
| 10:24 | Enmore · wall_segment Unknown (4001) x1 |
| 10:25 | gsnwizard999 · wall_segment Unknown (4001) x2 |
| 10:25 | Slayer · wall_segment Unknown (4001) x9 |
| 10:25 | Enmore · wall_segment Unknown (4001) x1 |
| 10:25 | Filpill · wall_segment Unknown (4001) x2 |
| 10:26 | Slayer · wall_segment Unknown (4001) x3 |
| 10:26 | Enmore · wall_segment Unknown (4001) x1 |
| 10:26 | Filpill · wall_segment Unknown (4001) x1 |
| 10:27 | Enmore · wall_segment Unknown (4001) x1 |
| 10:27 | gsnwizard999 · wall_segment Unknown (4001) x2 |
| 10:27 | Enmore · wall_segment Unknown (4001) x1 |
| 10:28 | Enmore · wall_segment Unknown (4001) x1 |
| 10:28 | Slayer · wall_segment Unknown (4001) x9 |
| 10:30 | Enmore · wall_segment Unknown (4001) x1 |
| 10:30 | Enmore · wall_segment Unknown (4001) x1 |
| 10:31 | gsnwizard999 · wall_segment Unknown (4001) x6 |
| 10:31 | Slayer · wall_segment Unknown (4001) x5 |
| 10:31 | Filpill · wall_segment Unknown (4001) x3 |
| 10:31 | Enmore · wall_segment Unknown (4001) x1 |
| 10:33 | Enmore · wall_segment Unknown (4001) x1 |
| 10:33 | Enmore · wall_segment Unknown (4001) x1 |
| 10:33 | Slayer · wall_segment Unknown (4001) x2 |
| 10:35 | Enmore · wall_segment Unknown (4001) x1 |
| 10:35 | Filpill · wall_segment Unknown (4001) x14 |
| 10:35 | Slayer · wall_segment Unknown (4001) x1 |
| 10:36 | Enmore · wall_segment Unknown (4001) x1 |
| 10:37 | Slayer · wall_segment Unknown (4001) x5 |
| 10:37 | Enmore · wall_segment Unknown (4001) x1 |
| 10:38 | Enmore · wall_segment Unknown (4001) x1 |
| 10:39 | Slayer · wall_segment Unknown (4001) x6 |
| 10:39 | Filpill · wall_segment Unknown (4001) x3 |
| 10:40 | Enmore · wall_segment Unknown (4001) x11 |
| 10:41 | Slayer · wall_segment Unknown (4001) x6 |
| 10:43 | Slayer · wall_segment Unknown (4001) x5 |
| 10:45 | Slayer · wall_segment Unknown (4001) x3 |
| 10:47 | Slayer · wall_segment Unknown (4001) x5 |
| 10:48 | gsnwizard999 · wall_segment Unknown (4001) x4 |
| 10:48 | Enmore · wall_segment Unknown (4001) x3 |
| 10:48 | Filpill · wall_segment Unknown (4001) x4 |
| 10:48 | Slayer · wall_segment Unknown (4001) x3 |
| 10:49 | Enmore · wall_segment Unknown (4001) x1 |
| 10:50 | Enmore · wall_segment Unknown (4001) x1 |
| 10:50 | Slayer · wall_segment Unknown (4001) x5 |
| 10:50 | Enmore · wall_segment Unknown (4001) x1 |
| 10:51 | gsnwizard999 · wall_segment Unknown (4001) x4 |
| 10:51 | Filpill · wall_segment Unknown (4001) x12 |
| 10:51 | Slayer · wall_segment Unknown (4001) x3 |
| 10:52 | Enmore · wall_segment Unknown (4001) x1 |
| 10:52 | gsnwizard999 · wall_segment Unknown (4001) x8 |
| 10:52 | Enmore · wall_segment Unknown (4001) x1 |
| 10:53 | Slayer · wall_segment Unknown (4001) x4 |
| 10:53 | Enmore · wall_segment Unknown (4001) x1 |
| 10:54 | Enmore · wall_segment Unknown (4001) x1 |
| 10:54 | Slayer · wall_segment Unknown (4001) x3 |
| 10:55 | Enmore · wall_segment Unknown (4001) x1 |
| 10:56 | Enmore · wall_segment Unknown (4001) x1 |
| 10:56 | pattomi · wall_segment Unknown (4001) x12 |
| 10:56 | Slayer · wall_segment Unknown (4001) x5 |
| 10:56 | Enmore · wall_segment Unknown (4001) x1 |
| 10:57 | Slayer · wall_segment Unknown (4001) x3 |
| 10:57 | Enmore · wall_segment Unknown (4001) x1 |
| 10:59 | Enmore · wall_segment Unknown (4001) x1 |
| 10:59 | Enmore · wall_segment Unknown (4001) x1 |
| 11:00 | Slayer · wall_segment Unknown (4001) x5 |
| 11:00 | Enmore · wall_segment Unknown (4001) x1 |
| 11:01 | Enmore · wall_segment Unknown (4001) x1 |
| 11:02 | Enmore · wall_segment Unknown (4001) x1 |
| 11:03 | Enmore · wall_segment Unknown (4001) x2 |
| 11:04 | Enmore · wall_segment Unknown (4001) x1 |
| 11:04 | gsnwizard999 · wall_segment Unknown (4001) x13 |
| 11:05 | Filpill · wall_segment Unknown (4001) x15 |
| 11:06 | gsnwizard999 · wall_segment Unknown (4001) x13 |
| 11:07 | Enmore · wall_segment Unknown (4001) x1 |
| 11:07 | gsnwizard999 · wall_segment Unknown (4001) x7 |
| 11:08 | gsnwizard999 · wall_segment Unknown (4001) x5 |
| 11:08 | Enmore · wall_segment Unknown (4001) x1 |
| 11:09 | Enmore · wall_segment Unknown (4001) x1 |
| 11:09 | Enmore · wall_segment Unknown (4001) x1 |
| 11:11 | Enmore · wall_segment Unknown (4001) x1 |
| 11:11 | Slayer · wall_segment Unknown (4001) x8 |
| 11:12 | Enmore · wall_segment Unknown (4001) x1 |
| 11:13 | Enmore · wall_segment Unknown (4001) x1 |
| 11:13 | Enmore · wall_segment Unknown (4001) x1 |
| 11:15 | Enmore · wall_segment Unknown (4001) x5 |
| 11:16 | Enmore · wall_segment Unknown (4001) x4 |
| 11:16 | Slayer · wall_segment Unknown (4001) x9 |
| 11:17 | Slayer · wall_segment Unknown (4001) x3 |
| 11:18 | Enmore · wall_segment Unknown (4001) x3 |
| 11:18 | Filpill · wall_segment Unknown (4001) x5 |
| 11:20 | Enmore · wall_segment Unknown (4001) x1 |
| 11:20 | Slayer · wall_segment Unknown (4001) x10 |
| 11:21 | Slayer · wall_segment Unknown (4001) x3 |
| 11:23 | Slayer · wall_segment Unknown (4001) x9 |
| 11:24 | Slayer · wall_segment Unknown (4001) x4 |
| 11:27 | Enmore · wall_segment Unknown (4001) x12 |
| 11:27 | Slayer · wall_segment Unknown (4001) x9 |
| 11:27 | Filpill · wall_segment Unknown (4001) x5 |
| 11:27 | gsnwizard999 · wall_segment Unknown (4001) x5 |
| 11:28 | Slayer · wall_segment Unknown (4001) x3 |
| 11:30 | gsnwizard999 · wall_segment Unknown (4001) x7 |
| 11:32 | gsnwizard999 · wall_segment Unknown (4001) x12 |
| 11:34 | Filpill · wall_segment Unknown (4001) x4 |
| 11:34 | gsnwizard999 · wall_segment Unknown (4001) x11 |
| 11:35 | Slayer · wall_segment Unknown (4001) x9 |
| 11:36 | Enmore · wall_segment Unknown (4001) x3 |
| 11:36 | Slayer · wall_segment Unknown (4001) x2 |
| 11:36 | gsnwizard999 · wall_segment Unknown (4001) x7 |
| 11:37 | gsnwizard999 · wall_segment Unknown (4001) x5 |
| 11:38 | Enmore · wall_segment Unknown (4001) x1 |
| 11:38 | Slayer · wall_segment Unknown (4001) x9 |
| 11:39 | Slayer · wall_segment Unknown (4001) x3 |
| 11:39 | Enmore · wall_segment Unknown (4001) x3 |
| 11:39 | Filpill · wall_segment Unknown (4001) x3 |
| 11:40 | Enmore · wall_segment Unknown (4001) x1 |
| 11:41 | Enmore · wall_segment Unknown (4001) x1 |
| 11:42 | Slayer · wall_segment Unknown (4001) x9 |
| 11:42 | Enmore · wall_segment Unknown (4001) x2 |
| 11:42 | Slayer · wall_segment Unknown (4001) x3 |
| 11:43 | Enmore · wall_segment Unknown (4001) x1 |
| 11:44 | Enmore · wall_segment Unknown (4001) x1 |
| 11:45 | Filpill · wall_segment Unknown (4001) x3 |
| 11:45 | Slayer · wall_segment Unknown (4001) x9 |
| 11:45 | Enmore · wall_segment Unknown (4001) x1 |
| 11:46 | Slayer · wall_segment Unknown (4001) x3 |
| 11:49 | Slayer · wall_segment Unknown (4001) x9 |
| 11:49 | Enmore · wall_segment Unknown (4001) x1 |
| 11:50 | Filpill · wall_segment Unknown (4001) x4 |
| 11:50 | Slayer · wall_segment Unknown (4001) x3 |
| 11:50 | Enmore · wall_segment Unknown (4001) x2 |
| 11:51 | Enmore · wall_segment Unknown (4001) x1 |
| 11:52 | Enmore · wall_segment Unknown (4001) x1 |
| 11:53 | Enmore · wall_segment Unknown (4001) x1 |
| 11:53 | Slayer · wall_segment Unknown (4001) x9 |
| 11:54 | Enmore · wall_segment Unknown (4001) x1 |
| 11:55 | Filpill · wall_segment Unknown (4001) x4 |
| 11:55 | Enmore · wall_segment Unknown (4001) x1 |
| 11:55 | Slayer · wall_segment Unknown (4001) x3 |
| 11:56 | Enmore · wall_segment Unknown (4001) x1 |
| 11:57 | Enmore · wall_segment Unknown (4001) x1 |
| 11:57 | Filpill · wall_segment Unknown (4001) x2 |
| 11:58 | Enmore · wall_segment Unknown (4001) x1 |
| 11:58 | Filpill · wall_segment Unknown (4001) x4 |
| 12:00 | Slayer · wall_segment Unknown (4001) x9 |
| 12:00 | Filpill · wall_segment Unknown (4001) x2 |
| 12:01 | Enmore · wall_segment Unknown (4001) x1 |
| 12:01 | Slayer · wall_segment Unknown (4001) x2 |
| 12:02 | Enmore · wall_segment Unknown (4001) x1 |
| 12:02 | pattomi · wall_segment Unknown (4001) x8 |
| 12:03 | Enmore · wall_segment Unknown (4001) x1 |
| 12:03 | Filpill · wall_segment Unknown (4001) x2 |
| 12:03 | Enmore · wall_segment Unknown (4001) x1 |
| 12:03 | Slayer · wall_segment Unknown (4001) x9 |
| 12:04 | Enmore · wall_segment Unknown (4001) x1 |
| 12:05 | Slayer · wall_segment Unknown (4001) x3 |
| 12:05 | Enmore · wall_segment Unknown (4001) x1 |
| 12:05 | Filpill · wall_segment Unknown (4001) x1 |
| 12:06 | gsnwizard999 · wall_segment Unknown (4001) x3 |
| 12:06 | Enmore · wall_segment Unknown (4001) x1 |
| 12:06 | Enmore · wall_segment Unknown (4001) x1 |
| 12:07 | Slayer · wall_segment Unknown (4001) x9 |
| 12:08 | gsnwizard999 · wall_segment Unknown (4001) x7 |
| 12:08 | Enmore · wall_segment Unknown (4001) x1 |
| 12:08 | Filpill · wall_segment Unknown (4001) x6 |
| 12:08 | Slayer · wall_segment Unknown (4001) x3 |
| 12:08 | Enmore · wall_segment Unknown (4001) x1 |
| 12:09 | Enmore · wall_segment Unknown (4001) x1 |
| 12:10 | Enmore · wall_segment Unknown (4001) x1 |
| 12:11 | Enmore · wall_segment Unknown (4001) x1 |
| 12:11 | Slayer · wall_segment Unknown (4001) x9 |
| 12:11 | Enmore · wall_segment Unknown (4001) x1 |
| 12:12 | gsnwizard999 · wall_segment Unknown (4001) x10 |
| 12:12 | Slayer · wall_segment Unknown (4001) x3 |
| 12:12 | Enmore · wall_segment Unknown (4001) x1 |
| 12:13 | Filpill · wall_segment Unknown (4001) x7 |
| 12:13 | pattomi · wall_segment Unknown (4001) x2 |
| 12:14 | Enmore · wall_segment Unknown (4001) x1 |
| 12:14 | Slayer · wall_segment Unknown (4001) x9 |
| 12:15 | Enmore · wall_segment Unknown (4001) x5 |
| 12:16 | Slayer · wall_segment Unknown (4001) x2 |
| 12:17 | pattomi · wall_segment Unknown (4001) x7 |
| 12:17 | Filpill · wall_segment Unknown (4001) x4 |
| 12:21 | pattomi · wall_segment Unknown (4001) x7 |
| 12:22 | Slayer · wall_segment Unknown (4001) x8 |
| 12:23 | Slayer · wall_segment Unknown (4001) x3 |
| 12:24 | Filpill · wall_segment Unknown (4001) x12 |
| 12:25 | Slayer · wall_segment Unknown (4001) x8 |
| 12:27 | Slayer · wall_segment Unknown (4001) x3 |
| 12:28 | Enmore · wall_segment Unknown (4001) x1 |
| 12:30 | Filpill · wall_segment Unknown (4001) x1 |
| 12:32 | Slayer · wall_segment Unknown (4001) x8 |
| 12:33 | Slayer · wall_segment Unknown (4001) x3 |
| 12:35 | Slayer · wall_segment Unknown (4001) x8 |
| 12:36 | pattomi · wall_segment Unknown (4001) x4 |
| 12:37 | Slayer · wall_segment Unknown (4001) x3 |
| 12:37 | pattomi · wall_segment Unknown (4001) x2 |
| 12:38 | Filpill · wall_segment Unknown (4001) x8 |
| 12:39 | pattomi · wall_segment Unknown (4001) x5 |
| 12:39 | Slayer · wall_segment Unknown (4001) x9 |
| 12:40 | Slayer · wall_segment Unknown (4001) x3 |
| 12:42 | Filpill · wall_segment Unknown (4001) x3 |
| 12:42 | pattomi · wall_segment Unknown (4001) x5 |
| 12:43 | Slayer · wall_segment Unknown (4001) x9 |
| 12:44 | Slayer · wall_segment Unknown (4001) x3 |
| 12:47 | pattomi · wall_segment Unknown (4001) x3 |
| 12:48 | pattomi · wall_segment Unknown (4001) x1 |
| 12:48 | pattomi · wall_segment Unknown (4001) x1 |
| 12:49 | pattomi · wall_segment Unknown (4001) x1 |
| 12:50 | pattomi · wall_segment Unknown (4001) x1 |
| 12:51 | pattomi · wall_segment Unknown (4001) x1 |
| 12:52 | pattomi · wall_segment Unknown (4001) x1 |
| 12:53 | gsnwizard999 · wall_segment Unknown (4001) x9 |
| 12:53 | pattomi · wall_segment Unknown (4001) x1 |
| 12:53 | pattomi · wall_segment Unknown (4001) x1 |
| 12:54 | pattomi · wall_segment Unknown (4001) x1 |
| 12:55 | pattomi · wall_segment Unknown (4001) x1 |
| 12:55 | pattomi · wall_segment Unknown (4001) x1 |
| 12:56 | gsnwizard999 · wall_segment Unknown (4001) x6 |
| 12:56 | pattomi · wall_segment Unknown (4001) x1 |
| 12:56 | pattomi · wall_segment Unknown (4001) x1 |
| 12:57 | pattomi · wall_segment Unknown (4001) x1 |
| 12:57 | pattomi · wall_segment Unknown (4001) x1 |
| 12:58 | pattomi · wall_segment Unknown (4001) x1 |
| 12:58 | pattomi · wall_segment Unknown (4001) x1 |
| 12:59 | pattomi · wall_segment Unknown (4001) x1 |
| 12:59 | pattomi · wall_segment Unknown (4001) x2 |
| 13:00 | pattomi · wall_segment Unknown (4001) x1 |
| 13:03 | pattomi · wall_segment Unknown (4001) x1 |
| 13:04 | pattomi · wall_segment Unknown (4001) x8 |
| 13:12 | gsnwizard999 · wall_segment Unknown (4001) x5 |
| 13:13 | gsnwizard999 · wall_segment Unknown (4001) x8 |
| 13:22 | gsnwizard999 · wall_segment Unknown (4001) x7 |
| 13:23 | pattomi · wall_segment Unknown (4001) x1 |
| 13:24 | pattomi · wall_segment Unknown (4001) x1 |
| 13:25 | pattomi · wall_segment Unknown (4001) x1 |
| 13:26 | pattomi · wall_segment Unknown (4001) x1 |
| 13:26 | pattomi · wall_segment Unknown (4001) x1 |
| 13:27 | pattomi · wall_segment Unknown (4001) x1 |
| 13:28 | pattomi · wall_segment Unknown (4001) x1 |
| 13:28 | pattomi · wall_segment Unknown (4001) x1 |
| 13:29 | pattomi · wall_segment Unknown (4001) x1 |
| 13:29 | pattomi · wall_segment Unknown (4001) x1 |
| 13:30 | pattomi · wall_segment Unknown (4001) x1 |
| 13:30 | pattomi · wall_segment Unknown (4001) x1 |
| 13:32 | pattomi · wall_segment Unknown (4001) x1 |
| 13:32 | pattomi · wall_segment Unknown (4001) x1 |
| 13:33 | pattomi · wall_segment Unknown (4001) x1 |
| 13:33 | pattomi · wall_segment Unknown (4001) x1 |
| 13:34 | pattomi · wall_segment Unknown (4001) x1 |
| 13:35 | pattomi · wall_segment Unknown (4001) x1 |
| 13:38 | pattomi · wall_segment Unknown (4001) x1 |
| 13:38 | pattomi · wall_segment Unknown (4001) x1 |
| 13:39 | pattomi · wall_segment Unknown (4001) x1 |
| 13:40 | pattomi · wall_segment Unknown (4001) x1 |
| 13:40 | pattomi · wall_segment Unknown (4001) x2 |
| 13:41 | pattomi · wall_segment Unknown (4001) x1 |
| 13:42 | pattomi · wall_segment Unknown (4001) x1 |
| 13:42 | pattomi · wall_segment Unknown (4001) x1 |
| 13:43 | pattomi · wall_segment Unknown (4001) x1 |
| 13:44 | pattomi · wall_segment Unknown (4001) x1 |
| 13:44 | pattomi · wall_segment Unknown (4001) x1 |
| 13:45 | pattomi · wall_segment Unknown (4001) x1 |
| 13:45 | pattomi · wall_segment Unknown (4001) x1 |
| 13:46 | pattomi · wall_segment Unknown (4001) x1 |
| 13:47 | pattomi · wall_segment Unknown (4001) x1 |
| 13:47 | pattomi · wall_segment Unknown (4001) x1 |
| 13:48 | pattomi · wall_segment Unknown (4001) x1 |
| 13:52 | gsnwizard999 · wall_segment Unknown (4001) x2 |
| 13:53 | Filpill · wall_segment Unknown (4001) x4 |
| 13:54 | gsnwizard999 · wall_segment Unknown (4001) x13 |
| 13:54 | pattomi · wall_segment Unknown (4001) x9 |
| 13:56 | Filpill · wall_segment Unknown (4001) x5 |
| 13:58 | Slayer · wall_segment Unknown (4001) x8 |
| 13:59 | Slayer · wall_segment Unknown (4001) x3 |
| 14:01 | Filpill · wall_segment Unknown (4001) x5 |
| 14:02 | Slayer · wall_segment Unknown (4001) x9 |
| 14:03 | Slayer · wall_segment Unknown (4001) x3 |
| 14:05 | Filpill · wall_segment Unknown (4001) x5 |
| 14:08 | Filpill · wall_segment Unknown (4001) x5 |
| 14:08 | Slayer · wall_segment Unknown (4001) x8 |
| 14:09 | Slayer · wall_segment Unknown (4001) x3 |
| 14:12 | Slayer · wall_segment Unknown (4001) x9 |
| 14:12 | Filpill · wall_segment Unknown (4001) x6 |
| 14:13 | Slayer · wall_segment Unknown (4001) x3 |
| 14:14 | pattomi · wall_segment Unknown (4001) x10 |
| 14:14 | gsnwizard999 · wall_segment Unknown (4001) x11 |
| 14:15 | Filpill · wall_segment Unknown (4001) x5 |
| 14:16 | gsnwizard999 · wall_segment Unknown (4001) x3 |
| 14:18 | gsnwizard999 · wall_segment Unknown (4001) x2 |
| 14:18 | Filpill · wall_segment Unknown (4001) x5 |
| 14:19 | gsnwizard999 · wall_segment Unknown (4001) x10 |
| 14:24 | Filpill · wall_segment Unknown (4001) x4 |
| 14:26 | pattomi · wall_segment Unknown (4001) x9 |
| 14:29 | Filpill · wall_segment Unknown (4001) x4 |
| 14:32 | pattomi · wall_segment Unknown (4001) x3 |
| 14:33 | pattomi · wall_segment Unknown (4001) x1 |
| 14:34 | pattomi · wall_segment Unknown (4001) x1 |
| 14:35 | pattomi · wall_segment Unknown (4001) x1 |
| 14:35 | pattomi · wall_segment Unknown (4001) x1 |
| 14:36 | pattomi · wall_segment Unknown (4001) x1 |
| 14:37 | gsnwizard999 · wall_segment Unknown (4001) x10 |
| 14:37 | pattomi · wall_segment Unknown (4001) x1 |
| 14:38 | pattomi · wall_segment Unknown (4001) x1 |
| 14:38 | pattomi · wall_segment Unknown (4001) x1 |
| 14:39 | pattomi · wall_segment Unknown (4001) x1 |
| 14:40 | pattomi · wall_segment Unknown (4001) x1 |
| 14:40 | pattomi · wall_segment Unknown (4001) x1 |
| 14:41 | pattomi · wall_segment Unknown (4001) x1 |
| 14:42 | pattomi · wall_segment Unknown (4001) x1 |
| 14:42 | pattomi · wall_segment Unknown (4001) x1 |
| 14:43 | pattomi · wall_segment Unknown (4001) x1 |
| 14:43 | Slayer · wall_segment Unknown (4001) x11 |
| 14:43 | gsnwizard999 · wall_segment Unknown (4001) x9 |
| 14:44 | pattomi · wall_segment Unknown (4001) x1 |
| 14:45 | pattomi · wall_segment Unknown (4001) x1 |
| 14:46 | pattomi · wall_segment Unknown (4001) x1 |
| 14:48 | pattomi · wall_segment Unknown (4001) x7 |
| 14:48 | Slayer · wall_segment Unknown (4001) x2 |
| 14:49 | Slayer · wall_segment Unknown (4001) x1 |
| 14:49 | pattomi · wall_segment Unknown (4001) x19 |
| 14:50 | gsnwizard999 · wall_segment Unknown (4001) x13 |
| 14:52 | Slayer · wall_segment Unknown (4001) x10 |
| 14:53 | Slayer · wall_segment Unknown (4001) x2 |
| 14:55 | Slayer · wall_segment Unknown (4001) x1 |
| 14:57 | Slayer · wall_segment Unknown (4001) x11 |
| 14:58 | gsnwizard999 · wall_segment Unknown (4001) x7 |
| 14:58 | Slayer · wall_segment Unknown (4001) x3 |
| 15:01 | Slayer · wall_segment Unknown (4001) x10 |
| 15:02 | gsnwizard999 · wall_segment Unknown (4001) x8 |
| 15:03 | Slayer · wall_segment Unknown (4001) x3 |
| 15:05 | Slayer · wall_segment Unknown (4001) x11 |
| 15:06 | Slayer · wall_segment Unknown (4001) x3 |
| 15:09 | Slayer · wall_segment Unknown (4001) x11 |
| 15:10 | Slayer · wall_segment Unknown (4001) x3 |
| 15:13 | Slayer · wall_segment Unknown (4001) x11 |
| 15:14 | Slayer · wall_segment Unknown (4001) x3 |
| 15:15 | pattomi · wall_segment Unknown (4001) x10 |
| 15:18 | Slayer · wall_segment Unknown (4001) x11 |
| 15:19 | Slayer · wall_segment Unknown (4001) x3 |
| 15:21 | Slayer · wall_segment Unknown (4001) x11 |
| 15:23 | Slayer · wall_segment Unknown (4001) x3 |
| 15:25 | gsnwizard999 · wall_segment Unknown (4001) x10 |
| 15:25 | Slayer · wall_segment Unknown (4001) x11 |
| 15:27 | Slayer · wall_segment Unknown (4001) x3 |
| 15:30 | Filpill · wall_segment Unknown (4001) x1 |
| 15:32 | gsnwizard999 · wall_segment Unknown (4001) x9 |
| 15:34 | Slayer · wall_segment Unknown (4001) x10 |
| 15:35 | pattomi · wall_segment Unknown (4001) x2 |
| 15:35 | gsnwizard999 · wall_segment Unknown (4001) x8 |
| 15:36 | Slayer · wall_segment Unknown (4001) x3 |
| 15:37 | Filpill · wall_segment Unknown (4001) x9 |
| 15:37 | pattomi · wall_segment Unknown (4001) x3 |
| 15:38 | Slayer · wall_segment Unknown (4001) x10 |
| 15:40 | Slayer · wall_segment Unknown (4001) x3 |
| 15:40 | pattomi · wall_segment Unknown (4001) x8 |
| 15:41 | Filpill · wall_segment Unknown (4001) x1 |
| 15:42 | Slayer · wall_segment Unknown (4001) x11 |
| 15:43 | Slayer · wall_segment Unknown (4001) x3 |
| 15:46 | pattomi · wall_segment Unknown (4001) x18 |
| 15:46 | Slayer · wall_segment Unknown (4001) x11 |
| 15:47 | Filpill · wall_segment Unknown (4001) x7 |
| 15:47 | Slayer · wall_segment Unknown (4001) x3 |
| 15:48 | gsnwizard999 · wall_segment Unknown (4001) x7 |
| 15:49 | Slayer · wall_segment Unknown (4001) x11 |
| 15:50 | gsnwizard999 · wall_segment Unknown (4001) x9 |
| 15:50 | Slayer · wall_segment Unknown (4001) x3 |
| 15:53 | Slayer · wall_segment Unknown (4001) x11 |
| 15:54 | Slayer · wall_segment Unknown (4001) x3 |
| 15:56 | Filpill · wall_segment Unknown (4001) x8 |
| 15:59 | Slayer · wall_segment Unknown (4001) x11 |
| 16:00 | Slayer · wall_segment Unknown (4001) x3 |
| 16:00 | gsnwizard999 · wall_segment Unknown (4001) x6 |
| 16:02 | gsnwizard999 · wall_segment Unknown (4001) x7 |
| 16:03 | Filpill · wall_segment Unknown (4001) x8 |
| 16:04 | Slayer · wall_segment Unknown (4001) x11 |
| 16:05 | Slayer · wall_segment Unknown (4001) x3 |
| 16:09 | pattomi · wall_segment Unknown (4001) x4 |
| 16:10 | Filpill · wall_segment Unknown (4001) x7 |
| 16:11 | gsnwizard999 · wall_segment Unknown (4001) x6 |
| 16:11 | Slayer · wall_segment Unknown (4001) x11 |
| 16:13 | pattomi · wall_segment Unknown (4001) x4 |
| 16:13 | Slayer · wall_segment Unknown (4001) x3 |
| 16:16 | Slayer · wall_segment Unknown (4001) x11 |
| 16:16 | gsnwizard999 · wall_segment Unknown (4001) x8 |
| 16:16 | pattomi · wall_segment Unknown (4001) x5 |
| 16:20 | Filpill · wall_segment Unknown (4001) x11 |
| 16:20 | pattomi · wall_segment Unknown (4001) x7 |
| 16:24 | pattomi · wall_segment Unknown (4001) x3 |
| 16:26 | Filpill · wall_segment Unknown (4001) x9 |
| 16:26 | pattomi · wall_segment Unknown (4001) x7 |
| 16:29 | gsnwizard999 · first_building Stable |
| 16:32 | gsnwizard999 · wall_segment Unknown (4001) x6 |
| 16:34 | gsnwizard999 · wall_segment Unknown (4001) x5 |
| 16:35 | pattomi · wall_segment Unknown (4001) x7 |
| 16:35 | gsnwizard999 · wall_segment Unknown (4001) x6 |
| 16:36 | Slayer · wall_segment Unknown (4001) x4 |
| 16:36 | Filpill · wall_segment Unknown (4001) x4 |
| 16:38 | Slayer · wall_segment Unknown (4001) x3 |
| 16:39 | pattomi · wall_segment Unknown (4001) x17 |
| 16:40 | Slayer · wall_segment Unknown (4001) x4 |
| 16:41 | Slayer · wall_segment Unknown (4001) x3 |
| 16:42 | Slayer · wall_segment Unknown (4001) x4 |
| 16:43 | Filpill · wall_segment Unknown (4001) x5 |
| 16:43 | pattomi · wall_segment Unknown (4001) x1 |
| 16:43 | Slayer · wall_segment Unknown (4001) x3 |
| 16:45 | Slayer · wall_segment Unknown (4001) x4 |
| 16:46 | Slayer · wall_segment Unknown (4001) x3 |
| 16:48 | Slayer · wall_segment Unknown (4001) x4 |
| 16:49 | Slayer · wall_segment Unknown (4001) x3 |
| 16:50 | Filpill · wall_segment Unknown (4001) x11 |
| 16:50 | pattomi · wall_segment Unknown (4001) x4 |
| 16:51 | Slayer · wall_segment Unknown (4001) x3 |
| 16:52 | Slayer · wall_segment Unknown (4001) x3 |
| 16:53 | Slayer · wall_segment Unknown (4001) x4 |
| 16:54 | pattomi · wall_segment Unknown (4001) x5 |
| 16:54 | Slayer · wall_segment Unknown (4001) x3 |
| 16:56 | Slayer · wall_segment Unknown (4001) x4 |
| 16:57 | Slayer · wall_segment Unknown (4001) x3 |
| 16:58 | Slayer · wall_segment Unknown (4001) x4 |
| 16:59 | Slayer · wall_segment Unknown (4001) x3 |
| 17:00 | gsnwizard999 · wall_segment Unknown (4006) x6 |
| 17:00 | Filpill · wall_segment Unknown (4001) x8 |
| 17:00 | Slayer · wall_segment Unknown (4001) x4 |
| 17:01 | Slayer · wall_segment Unknown (4001) x4 |
| 17:02 | gsnwizard999 · wall_segment Unknown (4006) x3 |
| 17:03 | gsnwizard999 · wall_segment Unknown (4006) x5 |
| 17:04 | Slayer · wall_segment Unknown (4001) x3 |
| 17:06 | Slayer · wall_segment Unknown (4001) x4 |
| 17:07 | Filpill · wall_segment Unknown (4001) x8 |
| 17:07 | Slayer · wall_segment Unknown (4001) x3 |
| 17:08 | Slayer · wall_segment Unknown (4001) x4 |
| 17:10 | Slayer · wall_segment Unknown (4001) x1 |
| 17:11 | Slayer · wall_segment Unknown (4001) x4 |
| 17:12 | Slayer · wall_segment Unknown (4001) x3 |
| 17:12 | pattomi · wall_segment Unknown (4001) x3 |
| 17:14 | Slayer · wall_segment Unknown (4001) x4 |
| 17:14 | pattomi · wall_segment Unknown (4001) x5 |
| 17:14 | Filpill · wall_segment Unknown (4001) x24 |
| 17:15 | Slayer · wall_segment Unknown (4001) x2 |
| 17:16 | pattomi · wall_segment Unknown (4001) x1 |
| 17:19 | pattomi · wall_segment Unknown (4001) x5 |
| 17:19 | Slayer · wall_segment Unknown (4001) x3 |
| 17:21 | Slayer · wall_segment Unknown (4001) x4 |
| 17:22 | pattomi · wall_segment Unknown (4001) x5 |
| 17:22 | Slayer · wall_segment Unknown (4001) x3 |
| 17:24 | Slayer · wall_segment Unknown (4001) x4 |
| 17:25 | pattomi · wall_segment Unknown (4001) x5 |
| 17:25 | Slayer · wall_segment Unknown (4001) x1 |
| 17:26 | Slayer · wall_segment Unknown (4001) x4 |
| 17:27 | Slayer · wall_segment Unknown (4001) x3 |
| 17:29 | Slayer · wall_segment Unknown (4001) x4 |
| 17:30 | Slayer · wall_segment Unknown (4001) x3 |
| 17:31 | Slayer · wall_segment Unknown (4001) x4 |
| 17:32 | pattomi · wall_segment Unknown (4001) x9 |
| 17:32 | Slayer · wall_segment Unknown (4001) x3 |
| 17:34 | Slayer · wall_segment Unknown (4001) x4 |
| 17:35 | pattomi · wall_segment Unknown (4001) x14 |
| 17:36 | Slayer · wall_segment Unknown (4001) x5 |
| 17:37 | Slayer · wall_segment Unknown (4001) x3 |
| 17:39 | pattomi · wall_segment Unknown (4001) x14 |
| 17:39 | Slayer · wall_segment Unknown (4001) x6 |
| 17:42 | pattomi · wall_segment Unknown (4001) x14 |
| 17:44 | Slayer · wall_segment Unknown (4001) x8 |
| 17:46 | Slayer · wall_segment Unknown (4001) x3 |
| 17:47 | pattomi · wall_segment Unknown (4001) x13 |
| 17:48 | Slayer · wall_segment Unknown (4001) x7 |
| 17:49 | Filpill · wall_segment Unknown (4001) x13 |
| 17:49 | pattomi · wall_segment Unknown (4001) x13 |
| 17:50 | Slayer · wall_segment Unknown (4001) x4 |
| 17:52 | Slayer · wall_segment Unknown (4001) x7 |
| 17:53 | pattomi · wall_segment Unknown (4001) x13 |
| 17:53 | Slayer · wall_segment Unknown (4001) x3 |
| 17:55 | Slayer · wall_segment Unknown (4001) x6 |
| 17:56 | Slayer · wall_segment Unknown (4001) x3 |
| 17:57 | pattomi · wall_segment Unknown (4001) x3 |
| 17:58 | Slayer · wall_segment Unknown (4001) x6 |
| 17:59 | pattomi · wall_segment Unknown (4001) x3 |
| 17:59 | Slayer · wall_segment Unknown (4001) x3 |
| 18:01 | pattomi · wall_segment Unknown (4001) x3 |
| 18:01 | Slayer · wall_segment Unknown (4001) x6 |
| 18:02 | Slayer · wall_segment Unknown (4001) x3 |
| 18:04 | pattomi · wall_segment Unknown (4001) x4 |
| 18:04 | Slayer · wall_segment Unknown (4001) x6 |
| 18:05 | Slayer · wall_segment Unknown (4001) x3 |
| 18:05 | pattomi · wall_segment Unknown (4001) x3 |
| 18:08 | Slayer · wall_segment Unknown (4001) x6 |
| 18:09 | Slayer · wall_segment Unknown (4001) x3 |
| 18:09 | Filpill · wall_segment Unknown (4001) x12 |
| 18:09 | pattomi · wall_segment Unknown (4001) x3 |
| 18:10 | Slayer · wall_segment Unknown (4001) x6 |
| 18:11 | pattomi · wall_segment Unknown (4001) x3 |
| 18:11 | Slayer · wall_segment Unknown (4001) x3 |
| 18:13 | pattomi · wall_segment Unknown (4001) x3 |
| 18:13 | Slayer · wall_segment Unknown (4001) x6 |
| 18:14 | Slayer · wall_segment Unknown (4001) x3 |
| 18:14 | pattomi · wall_segment Unknown (4001) x3 |
| 18:15 | Slayer · wall_segment Unknown (4001) x3 |
| 18:16 | pattomi · wall_segment Unknown (4001) x3 |
| 18:17 | Slayer · wall_segment Unknown (4001) x2 |
| 18:17 | pattomi · wall_segment Unknown (4001) x3 |
| 18:18 | Slayer · wall_segment Unknown (4001) x3 |
| 18:19 | pattomi · wall_segment Unknown (4001) x3 |
| 18:20 | Slayer · wall_segment Unknown (4001) x6 |
| 18:21 | pattomi · wall_segment Unknown (4001) x3 |
| 18:21 | Slayer · wall_segment Unknown (4001) x3 |
| 18:22 | Filpill · wall_segment Unknown (4001) x1 |
| 18:24 | pattomi · wall_segment Unknown (4001) x3 |
| 18:26 | Filpill · wall_segment Unknown (4001) x8 |
| 18:28 | Slayer · wall_segment Unknown (4001) x5 |
| 18:29 | pattomi · wall_segment Unknown (4001) x7 |
| 18:29 | Slayer · wall_segment Unknown (4001) x3 |
| 18:31 | Filpill · wall_segment Unknown (4001) x12 |
| 18:31 | pattomi · wall_segment Unknown (4001) x7 |
| 18:31 | Slayer · wall_segment Unknown (4001) x5 |
| 18:32 | Slayer · wall_segment Unknown (4001) x3 |
| 18:34 | pattomi · wall_segment Unknown (4001) x7 |
| 18:34 | Slayer · wall_segment Unknown (4001) x6 |
| 18:35 | Slayer · wall_segment Unknown (4001) x3 |
| 18:35 | pattomi · wall_segment Unknown (4001) x3 |
| 18:37 | Slayer · wall_segment Unknown (4001) x6 |
| 18:38 | pattomi · wall_segment Unknown (4001) x3 |
| 18:38 | Slayer · wall_segment Unknown (4001) x3 |
| 18:39 | Slayer · wall_segment Unknown (4001) x6 |
| 18:39 | pattomi · wall_segment Unknown (4001) x4 |
| 18:40 | Slayer · wall_segment Unknown (4001) x3 |
| 18:41 | pattomi · wall_segment Unknown (4001) x3 |
| 18:43 | gsnwizard999 · wall_segment Unknown (4006) x1 |
| 18:44 | pattomi · wall_segment Unknown (4001) x4 |
| 18:44 | gsnwizard999 · wall_segment Unknown (4006) x1 |
| 18:45 | gsnwizard999 · wall_segment Unknown (4006) x1 |
| 18:45 | gsnwizard999 · wall_segment Unknown (4006) x1 |
| 18:46 | Filpill · wall_segment Unknown (4001) x2 |
| 18:46 | gsnwizard999 · wall_segment Unknown (4006) x1 |
| 18:47 | gsnwizard999 · wall_segment Unknown (4006) x1 |
| 18:47 | gsnwizard999 · wall_segment Unknown (4006) x1 |
| 18:47 | Filpill · wall_segment Unknown (4001) x9 |
| 18:48 | gsnwizard999 · wall_segment Unknown (4006) x1 |
| 18:52 | Filpill · wall_segment Unknown (4001) x1 |
| 18:55 | Filpill · wall_segment Unknown (4001) x8 |
| 19:05 | gsnwizard999 · wall_segment Unknown (4006) x1 |
| 19:05 | gsnwizard999 · wall_segment Unknown (4006) x1 |
| 19:06 | gsnwizard999 · wall_segment Unknown (4006) x1 |
| 19:07 | gsnwizard999 · wall_segment Unknown (4006) x1 |
| 19:07 | gsnwizard999 · wall_segment Unknown (4006) x1 |
| 19:08 | gsnwizard999 · wall_segment Unknown (4006) x1 |
| 19:08 | Filpill · wall_segment Unknown (4001) x9 |
| 19:08 | gsnwizard999 · wall_segment Unknown (4006) x1 |
| 19:09 | gsnwizard999 · wall_segment Unknown (4006) x1 |
| 19:09 | gsnwizard999 · wall_segment Unknown (4006) x1 |
| 19:10 | gsnwizard999 · wall_segment Unknown (4006) x1 |
| 19:10 | gsnwizard999 · wall_segment Unknown (4006) x1 |
| 19:11 | gsnwizard999 · wall_segment Unknown (4006) x1 |
| 19:11 | gsnwizard999 · wall_segment Unknown (4006) x1 |
| 19:12 | gsnwizard999 · wall_segment Unknown (4006) x1 |
| 19:12 | gsnwizard999 · wall_segment Unknown (4006) x1 |
| 19:13 | gsnwizard999 · wall_segment Unknown (4006) x1 |
| 19:13 | gsnwizard999 · wall_segment Unknown (4006) x1 |
| 19:14 | gsnwizard999 · wall_segment Unknown (4006) x1 |
| 19:14 | gsnwizard999 · wall_segment Unknown (4006) x1 |
| 19:15 | gsnwizard999 · wall_segment Unknown (4006) x1 |
| 19:15 | gsnwizard999 · wall_segment Unknown (4006) x1 |
| 19:16 | gsnwizard999 · wall_segment Unknown (4006) x1 |
| 19:17 | gsnwizard999 · wall_segment Unknown (4006) x2 |
| 19:17 | gsnwizard999 · wall_segment Unknown (4006) x1 |
| 19:18 | gsnwizard999 · wall_segment Unknown (4006) x1 |
| 19:18 | gsnwizard999 · wall_segment Unknown (4006) x1 |
| 19:23 | gsnwizard999 · wall_segment Unknown (4006) x1 |
| 19:24 | gsnwizard999 · wall_segment Unknown (4006) x1 |
| 19:24 | Filpill · wall_segment Unknown (4001) x3 |
| 19:24 | gsnwizard999 · wall_segment Unknown (4006) x1 |
| 19:25 | gsnwizard999 · wall_segment Unknown (4006) x1 |
| 19:25 | gsnwizard999 · wall_segment Unknown (4006) x1 |
| 19:25 | gsnwizard999 · wall_segment Unknown (4006) x1 |
| 19:26 | Filpill · wall_segment Unknown (4001) x7 |
| 19:28 | gsnwizard999 · wall_segment Unknown (4006) x2 |
| 19:29 | gsnwizard999 · wall_segment Unknown (4006) x1 |
| 19:29 | gsnwizard999 · wall_segment Unknown (4006) x1 |
| 19:29 | Filpill · wall_segment Unknown (4001) x4 |
| 19:30 | gsnwizard999 · wall_segment Unknown (4006) x1 |
| 19:30 | gsnwizard999 · wall_segment Unknown (4006) x1 |
| 19:31 | gsnwizard999 · wall_segment Unknown (4006) x1 |
| 19:31 | gsnwizard999 · wall_segment Unknown (4006) x1 |
| 19:32 | Filpill · wall_segment Unknown (4001) x7 |
| 19:32 | gsnwizard999 · wall_segment Unknown (4006) x1 |
| 19:32 | gsnwizard999 · wall_segment Unknown (4006) x1 |
| 19:33 | gsnwizard999 · wall_segment Unknown (4006) x1 |
| 19:33 | gsnwizard999 · wall_segment Unknown (4006) x1 |
| 19:34 | gsnwizard999 · wall_segment Unknown (4006) x1 |
| 19:34 | gsnwizard999 · wall_segment Unknown (4006) x1 |
| 19:35 | gsnwizard999 · wall_segment Unknown (4006) x1 |
| 19:35 | gsnwizard999 · wall_segment Unknown (4006) x1 |
| 19:36 | gsnwizard999 · wall_segment Unknown (4006) x1 |
| 19:37 | Filpill · wall_segment Unknown (4001) x6 |
| 19:37 | gsnwizard999 · wall_segment Unknown (4006) x1 |
| 19:37 | gsnwizard999 · wall_segment Unknown (4006) x1 |
| 19:38 | gsnwizard999 · wall_segment Unknown (4006) x1 |
| 19:39 | gsnwizard999 · wall_segment Unknown (4006) x1 |
| 19:39 | gsnwizard999 · wall_segment Unknown (4006) x1 |
| 19:40 | gsnwizard999 · wall_segment Unknown (4006) x1 |
| 19:40 | Filpill · wall_segment Unknown (4001) x7 |
| 19:41 | gsnwizard999 · wall_segment Unknown (4006) x1 |
| 19:41 | gsnwizard999 · wall_segment Unknown (4006) x1 |
| 19:43 | gsnwizard999 · wall_segment Unknown (4006) x1 |
| 19:43 | gsnwizard999 · wall_segment Unknown (4006) x1 |
| 19:44 | gsnwizard999 · wall_segment Unknown (4006) x1 |
| 19:44 | gsnwizard999 · wall_segment Unknown (4006) x1 |
| 19:45 | gsnwizard999 · wall_segment Unknown (4006) x1 |
| 19:45 | Filpill · wall_segment Unknown (4001) x7 |
| 19:45 | gsnwizard999 · wall_segment Unknown (4006) x1 |
| 19:46 | gsnwizard999 · wall_segment Unknown (4006) x1 |
| 19:46 | gsnwizard999 · wall_segment Unknown (4006) x1 |
| 19:47 | gsnwizard999 · wall_segment Unknown (4006) x1 |
| 19:48 | gsnwizard999 · wall_segment Unknown (4006) x1 |
| 19:48 | Filpill · wall_segment Unknown (4001) x7 |
| 19:49 | gsnwizard999 · wall_segment Unknown (4006) x24 |
| 20:05 | Filpill · wall_segment Unknown (4001) x5 |
| 20:07 | gsnwizard999 · wall_segment Unknown (4006) x12 |
| 20:10 | Filpill · wall_segment Unknown (4001) x6 |
| 20:10 | gsnwizard999 · wall_segment Unknown (4006) x12 |
| 20:18 | Filpill · wall_segment Unknown (4001) x7 |
| 20:48 | pattomi · wall_segment Unknown (4001) x1 |
| 20:50 | pattomi · wall_segment Unknown (4001) x4 |
| 20:54 | pattomi · wall_segment Unknown (4001) x2 |
| 20:58 | pattomi · wall_segment Unknown (4001) x3 |
| 21:05 | pattomi · wall_segment Unknown (4001) x13 |
| 21:21 | pattomi · wall_segment Unknown (4001) x13 |
| 22:03 | pattomi · wall_segment Unknown (4001) x6 |
| 22:04 | pattomi · wall_segment Unknown (4001) x1 |
| 22:05 | gsnwizard999 · wall_segment Unknown (4006) x8 |
| 22:06 | pattomi · wall_segment Unknown (4001) x2 |
| 22:07 | gsnwizard999 · wall_segment Unknown (4006) x1 |
| 22:09 | gsnwizard999 · wall_segment Unknown (4006) x5 |
| 22:11 | pattomi · wall_segment Unknown (4001) x3 |
| 22:14 | gsnwizard999 · wall_segment Unknown (4006) x47 |
| 22:16 | pattomi · wall_segment Unknown (4001) x4 |
| 22:17 | pattomi · wall_segment Unknown (4001) x1 |
| 22:18 | pattomi · wall_segment Unknown (4001) x1 |
| 22:18 | pattomi · wall_segment Unknown (4001) x1 |
| 22:19 | pattomi · wall_segment Unknown (4001) x1 |
| 22:19 | pattomi · wall_segment Unknown (4001) x1 |
| 22:20 | pattomi · wall_segment Unknown (4001) x1 |
| 22:21 | pattomi · wall_segment Unknown (4001) x1 |
| 22:22 | pattomi · wall_segment Unknown (4001) x1 |
| 22:22 | pattomi · wall_segment Unknown (4001) x1 |
| 22:26 | pattomi · wall_segment Unknown (4001) x1 |
| 22:27 | pattomi · wall_segment Unknown (4001) x4 |
| 22:29 | pattomi · wall_segment Unknown (4001) x6 |
| 22:36 | pattomi · wall_segment Unknown (4001) x5 |
| 22:53 | gsnwizard999 · wall_segment Unknown (4006) x34 |
| 22:57 | pattomi · wall_segment Unknown (4001) x4 |
| 23:02 | pattomi · wall_segment Unknown (4001) x1 |
| 23:04 | pattomi · wall_segment Unknown (4001) x5 |
| 23:15 | pattomi · wall_segment Unknown (4001) x8 |
| 23:20 | gsnwizard999 · wall_segment Unknown (4006) x4 |
| 23:21 | pattomi · wall_segment Unknown (4001) x5 |
| 23:22 | pattomi · wall_segment Unknown (4001) x5 |
| 23:24 | gsnwizard999 · wall_segment Unknown (4006) x9 |
| 23:24 | pattomi · wall_segment Unknown (4001) x5 |
| 23:26 | gsnwizard999 · wall_segment Unknown (4006) x8 |
| 23:26 | pattomi · wall_segment Unknown (4001) x5 |
| 23:28 | gsnwizard999 · wall_segment Unknown (4006) x8 |
| 23:29 | pattomi · wall_segment Unknown (4001) x5 |
| 23:31 | gsnwizard999 · wall_segment Unknown (4006) x8 |
| 23:32 | pattomi · wall_segment Unknown (4001) x5 |
| 23:32 | gsnwizard999 · wall_segment Unknown (4006) x8 |
| 23:34 | pattomi · wall_segment Unknown (4001) x5 |
| 23:36 | pattomi · wall_segment Unknown (4001) x5 |
| 24:15 | gsnwizard999 · wall_segment Unknown (4006) x19 |
| 24:17 | gsnwizard999 · wall_segment Unknown (4006) x4 |
| 24:22 | gsnwizard999 · wall_segment Unknown (4006) x3 |
| 24:24 | gsnwizard999 · wall_segment Unknown (4006) x1 |
| 24:25 | gsnwizard999 · wall_segment Unknown (4006) x1 |
| 24:26 | gsnwizard999 · wall_segment Unknown (4006) x1 |
| 24:26 | gsnwizard999 · wall_segment Unknown (4006) x1 |
| 24:27 | gsnwizard999 · wall_segment Unknown (4006) x1 |
| 24:28 | gsnwizard999 · wall_segment Unknown (4006) x1 |
| 24:28 | gsnwizard999 · wall_segment Unknown (4006) x1 |
| 24:29 | gsnwizard999 · wall_segment Unknown (4006) x1 |
| 24:30 | gsnwizard999 · wall_segment Unknown (4006) x1 |
| 24:30 | gsnwizard999 · wall_segment Unknown (4006) x1 |
| 24:31 | gsnwizard999 · wall_segment Unknown (4006) x1 |
| 24:32 | gsnwizard999 · wall_segment Unknown (4006) x1 |
| 24:34 | gsnwizard999 · wall_segment Unknown (4006) x1 |
| 24:39 | gsnwizard999 · wall_segment Unknown (4006) x1 |
| 24:41 | gsnwizard999 · wall_segment Unknown (4006) x1 |
| 24:41 | gsnwizard999 · wall_segment Unknown (4006) x1 |
| 24:43 | gsnwizard999 · wall_segment Unknown (4006) x1 |
| 24:43 | gsnwizard999 · wall_segment Unknown (4006) x1 |
| 24:44 | gsnwizard999 · wall_segment Unknown (4006) x1 |
| 24:45 | gsnwizard999 · wall_segment Unknown (4006) x1 |
| 24:46 | gsnwizard999 · wall_segment Unknown (4006) x1 |
| 24:46 | gsnwizard999 · wall_segment Unknown (4006) x1 |
| 24:48 | gsnwizard999 · wall_segment Unknown (4006) x1 |
| 24:48 | gsnwizard999 · wall_segment Unknown (4006) x1 |
| 24:49 | gsnwizard999 · wall_segment Unknown (4006) x1 |
| 24:50 | gsnwizard999 · wall_segment Unknown (4006) x1 |
| 24:51 | gsnwizard999 · wall_segment Unknown (4006) x1 |
| 24:53 | gsnwizard999 · wall_segment Unknown (4006) x6 |
| 24:55 | gsnwizard999 · wall_segment Unknown (4006) x3 |
| 24:58 | gsnwizard999 · wall_segment Unknown (4006) x9 |
| 25:00 | gsnwizard999 · wall_segment Unknown (4006) x1 |
| 25:03 | gsnwizard999 · wall_segment Unknown (4006) x2 |
| 25:05 | gsnwizard999 · wall_segment Unknown (4006) x4 |
| 25:08 | gsnwizard999 · wall_segment Unknown (4006) x4 |
| 25:13 | gsnwizard999 · wall_segment Unknown (4006) x3 |
| 25:15 | gsnwizard999 · wall_segment Unknown (4006) x2 |
| 25:18 | gsnwizard999 · wall_segment Unknown (4006) x6 |
| 25:22 | gsnwizard999 · wall_segment Unknown (4006) x4 |
| 25:27 | gsnwizard999 · wall_segment Unknown (4006) x1 |
| 25:27 | gsnwizard999 · wall_segment Unknown (4006) x1 |
| 25:28 | gsnwizard999 · wall_segment Unknown (4006) x1 |
| 25:29 | gsnwizard999 · wall_segment Unknown (4006) x1 |
| 25:29 | gsnwizard999 · wall_segment Unknown (4006) x1 |
| 25:30 | gsnwizard999 · wall_segment Unknown (4006) x1 |
| 25:31 | gsnwizard999 · wall_segment Unknown (4006) x1 |
| 25:31 | gsnwizard999 · wall_segment Unknown (4006) x1 |
| 25:32 | gsnwizard999 · wall_segment Unknown (4006) x1 |
| 25:33 | gsnwizard999 · wall_segment Unknown (4006) x1 |
| 25:33 | gsnwizard999 · wall_segment Unknown (4006) x1 |
| 25:34 | gsnwizard999 · wall_segment Unknown (4006) x1 |
| 25:34 | gsnwizard999 · wall_segment Unknown (4006) x1 |
| 25:34 | pattomi · wall_segment Unknown (4001) x9 |
| 25:35 | gsnwizard999 · wall_segment Unknown (4006) x1 |
| 25:36 | gsnwizard999 · wall_segment Unknown (4006) x1 |
| 25:36 | gsnwizard999 · wall_segment Unknown (4006) x1 |
| 25:36 | gsnwizard999 · wall_segment Unknown (4006) x1 |
| 25:37 | gsnwizard999 · wall_segment Unknown (4006) x1 |
| 25:37 | pattomi · wall_segment Unknown (4001) x9 |
| 25:38 | gsnwizard999 · wall_segment Unknown (4006) x1 |
| 25:38 | gsnwizard999 · wall_segment Unknown (4006) x1 |
| 25:39 | gsnwizard999 · wall_segment Unknown (4006) x1 |
| 25:39 | gsnwizard999 · wall_segment Unknown (4006) x1 |
| 25:40 | gsnwizard999 · wall_segment Unknown (4006) x1 |
| 25:40 | gsnwizard999 · wall_segment Unknown (4006) x1 |
| 25:41 | gsnwizard999 · wall_segment Unknown (4006) x1 |
| 25:41 | gsnwizard999 · wall_segment Unknown (4006) x1 |
| 25:42 | pattomi · wall_segment Unknown (4001) x8 |
| 25:42 | gsnwizard999 · wall_segment Unknown (4006) x1 |
| 25:42 | gsnwizard999 · wall_segment Unknown (4006) x1 |
| 25:43 | gsnwizard999 · wall_segment Unknown (4006) x1 |
| 25:43 | gsnwizard999 · wall_segment Unknown (4006) x1 |
| 25:44 | gsnwizard999 · wall_segment Unknown (4006) x1 |
| 25:44 | gsnwizard999 · wall_segment Unknown (4006) x1 |
| 25:44 | pattomi · wall_segment Unknown (4001) x8 |
| 25:45 | gsnwizard999 · wall_segment Unknown (4006) x1 |
| 25:45 | pattomi · wall_segment Unknown (4001) x1 |
| 25:46 | gsnwizard999 · wall_segment Unknown (4006) x1 |
| 25:46 | gsnwizard999 · wall_segment Unknown (4006) x1 |
| 25:47 | gsnwizard999 · wall_segment Unknown (4006) x1 |
| 25:47 | gsnwizard999 · wall_segment Unknown (4006) x1 |
| 25:48 | gsnwizard999 · wall_segment Unknown (4006) x1 |
| 25:48 | gsnwizard999 · wall_segment Unknown (4006) x1 |
| 25:48 | pattomi · wall_segment Unknown (4001) x9 |
| 25:51 | pattomi · wall_segment Unknown (4001) x9 |
| 25:51 | gsnwizard999 · wall_segment Unknown (4006) x1 |
| 25:52 | gsnwizard999 · wall_segment Unknown (4006) x1 |
| 25:52 | gsnwizard999 · wall_segment Unknown (4006) x1 |
| 25:53 | gsnwizard999 · wall_segment Unknown (4006) x1 |
| 25:54 | gsnwizard999 · wall_segment Unknown (4006) x1 |
| 25:54 | gsnwizard999 · wall_segment Unknown (4006) x1 |
| 25:55 | gsnwizard999 · wall_segment Unknown (4006) x1 |
| 25:55 | pattomi · wall_segment Unknown (4001) x10 |
| 25:56 | gsnwizard999 · wall_segment Unknown (4006) x1 |
| 25:56 | gsnwizard999 · wall_segment Unknown (4006) x1 |
| 25:57 | gsnwizard999 · wall_segment Unknown (4006) x1 |
| 25:58 | gsnwizard999 · wall_segment Unknown (4006) x1 |
| 25:58 | gsnwizard999 · wall_segment Unknown (4006) x1 |
| 25:59 | gsnwizard999 · wall_segment Unknown (4006) x1 |
| 25:59 | pattomi · wall_segment Unknown (4001) x11 |
| 25:59 | gsnwizard999 · wall_segment Unknown (4006) x1 |
| 26:00 | gsnwizard999 · wall_segment Unknown (4006) x1 |
| 26:00 | gsnwizard999 · wall_segment Unknown (4006) x1 |
| 26:01 | gsnwizard999 · wall_segment Unknown (4006) x1 |
| 26:01 | gsnwizard999 · wall_segment Unknown (4006) x1 |
| 26:02 | gsnwizard999 · wall_segment Unknown (4006) x1 |
| 26:03 | gsnwizard999 · wall_segment Unknown (4006) x1 |
| 26:03 | gsnwizard999 · wall_segment Unknown (4006) x2 |
| 26:03 | gsnwizard999 · wall_segment Unknown (4006) x1 |
| 26:04 | gsnwizard999 · wall_segment Unknown (4006) x1 |
| 26:08 | gsnwizard999 · wall_segment Unknown (4006) x36 |
| 26:33 | pattomi · wall_segment Unknown (4001) x10 |
| 26:39 | pattomi · wall_segment Unknown (4001) x5 |
| 26:41 | pattomi · wall_segment Unknown (4001) x13 |
| 26:44 | pattomi · wall_segment Unknown (4001) x9 |
| 26:46 | pattomi · wall_segment Unknown (4001) x8 |
| 26:50 | pattomi · wall_segment Unknown (4001) x9 |
| 26:59 | Filpill · wall_segment Unknown (4001) x1 |
| 27:04 | Filpill · wall_segment Unknown (4001) x1 |
| 27:04 | gsnwizard999 · wall_segment Unknown (4006) x16 |
| 27:07 | gsnwizard999 · wall_segment Unknown (4006) x16 |
| 27:10 | gsnwizard999 · wall_segment Unknown (4006) x1 |
| 27:11 | gsnwizard999 · wall_segment Unknown (4006) x1 |
| 27:11 | Filpill · wall_segment Unknown (4001) x11 |
| 27:12 | gsnwizard999 · wall_segment Unknown (4006) x1 |
| 27:12 | gsnwizard999 · wall_segment Unknown (4006) x1 |
| 27:13 | gsnwizard999 · wall_segment Unknown (4006) x1 |
| 27:13 | gsnwizard999 · wall_segment Unknown (4006) x1 |
| 27:14 | gsnwizard999 · wall_segment Unknown (4006) x1 |
| 27:15 | gsnwizard999 · wall_segment Unknown (4006) x1 |
| 27:15 | Filpill · wall_segment Unknown (4001) x1 |
| 27:15 | gsnwizard999 · wall_segment Unknown (4006) x1 |
| 27:16 | gsnwizard999 · wall_segment Unknown (4006) x1 |
| 27:16 | gsnwizard999 · wall_segment Unknown (4006) x1 |
| 27:17 | gsnwizard999 · wall_segment Unknown (4006) x1 |
| 27:18 | gsnwizard999 · wall_segment Unknown (4006) x1 |
| 27:18 | gsnwizard999 · wall_segment Unknown (4006) x1 |
| 27:19 | gsnwizard999 · wall_segment Unknown (4006) x1 |
| 27:20 | gsnwizard999 · wall_segment Unknown (4006) x1 |
| 27:20 | gsnwizard999 · wall_segment Unknown (4006) x1 |
| 27:20 | gsnwizard999 · wall_segment Unknown (4006) x1 |
| 27:21 | gsnwizard999 · wall_segment Unknown (4006) x1 |
| 27:22 | gsnwizard999 · wall_segment Unknown (4006) x1 |
| 27:22 | gsnwizard999 · wall_segment Unknown (4006) x1 |
| 27:22 | Filpill · wall_segment Unknown (4001) x13 |
| 27:23 | gsnwizard999 · wall_segment Unknown (4006) x1 |
| 27:24 | gsnwizard999 · wall_segment Unknown (4006) x1 |
| 27:24 | gsnwizard999 · wall_segment Unknown (4006) x1 |
| 27:25 | gsnwizard999 · wall_segment Unknown (4006) x1 |
| 27:25 | gsnwizard999 · wall_segment Unknown (4006) x1 |
| 27:25 | gsnwizard999 · wall_segment Unknown (4006) x1 |
| 27:25 | pattomi · wall_segment Unknown (4001) x6 |
| 27:26 | gsnwizard999 · wall_segment Unknown (4006) x1 |
| 27:27 | gsnwizard999 · wall_segment Unknown (4006) x1 |
| 27:27 | gsnwizard999 · wall_segment Unknown (4006) x1 |
| 27:28 | gsnwizard999 · wall_segment Unknown (4006) x1 |
| 27:28 | gsnwizard999 · wall_segment Unknown (4006) x1 |
| 27:29 | gsnwizard999 · wall_segment Unknown (4006) x1 |
| 27:29 | pattomi · wall_segment Unknown (4001) x5 |
| 27:29 | gsnwizard999 · wall_segment Unknown (4006) x1 |
| 27:30 | gsnwizard999 · wall_segment Unknown (4006) x1 |
| 27:30 | gsnwizard999 · wall_segment Unknown (4006) x1 |
| 27:31 | gsnwizard999 · wall_segment Unknown (4006) x1 |
| 27:31 | gsnwizard999 · wall_segment Unknown (4006) x1 |
| 27:31 | gsnwizard999 · wall_segment Unknown (4006) x1 |
| 27:32 | Filpill · wall_segment Unknown (4001) x13 |
| 27:32 | pattomi · wall_segment Unknown (4001) x5 |
| 27:32 | gsnwizard999 · wall_segment Unknown (4006) x1 |
| 27:33 | gsnwizard999 · wall_segment Unknown (4006) x1 |
| 27:33 | gsnwizard999 · wall_segment Unknown (4006) x1 |
| 27:34 | gsnwizard999 · wall_segment Unknown (4006) x1 |
| 27:34 | pattomi · wall_segment Unknown (4001) x6 |
| 27:34 | gsnwizard999 · wall_segment Unknown (4006) x1 |
| 27:35 | gsnwizard999 · wall_segment Unknown (4006) x1 |
| 27:36 | gsnwizard999 · wall_segment Unknown (4006) x1 |
| 27:36 | gsnwizard999 · wall_segment Unknown (4006) x1 |
| 27:36 | pattomi · wall_segment Unknown (4001) x5 |
| 27:37 | gsnwizard999 · wall_segment Unknown (4006) x1 |
| 27:37 | gsnwizard999 · wall_segment Unknown (4006) x1 |
| 27:39 | gsnwizard999 · wall_segment Unknown (4006) x5 |
| 27:39 | pattomi · wall_segment Unknown (4001) x5 |
| 27:42 | pattomi · wall_segment Unknown (4001) x5 |
| 27:43 | gsnwizard999 · wall_segment Unknown (4006) x32 |
| 27:45 | Filpill · wall_segment Unknown (4001) x13 |
| 27:45 | pattomi · wall_segment Unknown (4001) x10 |
| 27:47 | Filpill · wall_segment Unknown (4001) x5 |
| 27:49 | pattomi · wall_segment Unknown (4001) x5 |
| 27:52 | pattomi · wall_segment Unknown (4001) x7 |
| 27:53 | Filpill · wall_segment Unknown (4001) x2 |
| 27:54 | pattomi · wall_segment Unknown (4001) x1 |
| 27:54 | Filpill · wall_segment Unknown (4001) x3 |
| 27:55 | pattomi · wall_segment Unknown (4001) x2 |
| 27:56 | Filpill · wall_segment Unknown (4001) x1 |
| 27:56 | pattomi · wall_segment Unknown (4001) x1 |
| 28:00 | Filpill · wall_segment Unknown (4001) x6 |
| 28:03 | Filpill · wall_segment Unknown (4001) x6 |
| 28:05 | pattomi · wall_segment Unknown (4001) x4 |
| 28:07 | Filpill · wall_segment Unknown (4001) x6 |
| 28:07 | pattomi · wall_segment Unknown (4001) x4 |
| 28:10 | gsnwizard999 · wall_segment Unknown (4006) x1 |
| 28:10 | pattomi · wall_segment Unknown (4001) x4 |
| 28:10 | Filpill · wall_segment Unknown (4001) x7 |
| 28:10 | gsnwizard999 · wall_segment Unknown (4006) x1 |
| 28:11 | gsnwizard999 · wall_segment Unknown (4006) x1 |
| 28:12 | gsnwizard999 · wall_segment Unknown (4006) x1 |
| 28:12 | gsnwizard999 · wall_segment Unknown (4006) x1 |
| 28:12 | pattomi · wall_segment Unknown (4001) x5 |
| 28:13 | gsnwizard999 · wall_segment Unknown (4006) x1 |
| 28:13 | Filpill · wall_segment Unknown (4001) x7 |
| 28:14 | gsnwizard999 · wall_segment Unknown (4006) x1 |
| 28:14 | gsnwizard999 · wall_segment Unknown (4006) x1 |
| 28:15 | gsnwizard999 · wall_segment Unknown (4006) x1 |
| 28:15 | gsnwizard999 · wall_segment Unknown (4006) x1 |
| 28:16 | gsnwizard999 · wall_segment Unknown (4006) x1 |
| 28:16 | pattomi · wall_segment Unknown (4001) x6 |
| 28:16 | Filpill · wall_segment Unknown (4001) x7 |
| 28:16 | gsnwizard999 · wall_segment Unknown (4006) x1 |
| 28:17 | pattomi · wall_segment Unknown (4001) x1 |
| 28:17 | gsnwizard999 · wall_segment Unknown (4006) x1 |
| 28:17 | gsnwizard999 · wall_segment Unknown (4006) x1 |
| 28:18 | gsnwizard999 · wall_segment Unknown (4006) x1 |
| 28:19 | gsnwizard999 · wall_segment Unknown (4006) x1 |
| 28:19 | gsnwizard999 · wall_segment Unknown (4006) x1 |
| 28:19 | Filpill · wall_segment Unknown (4001) x7 |
| 28:20 | gsnwizard999 · wall_segment Unknown (4006) x1 |
| 28:20 | pattomi · wall_segment Unknown (4001) x5 |
| 28:20 | gsnwizard999 · wall_segment Unknown (4006) x1 |
| 28:21 | gsnwizard999 · wall_segment Unknown (4006) x1 |
| 28:21 | gsnwizard999 · wall_segment Unknown (4006) x1 |
| 28:22 | gsnwizard999 · wall_segment Unknown (4006) x1 |
| 28:22 | gsnwizard999 · wall_segment Unknown (4006) x1 |
| 28:22 | pattomi · wall_segment Unknown (4001) x5 |
| 28:23 | gsnwizard999 · wall_segment Unknown (4006) x1 |
| 28:23 | gsnwizard999 · wall_segment Unknown (4006) x1 |
| 28:23 | Filpill · wall_segment Unknown (4001) x7 |
| 28:24 | gsnwizard999 · wall_segment Unknown (4006) x1 |
| 28:24 | pattomi · wall_segment Unknown (4001) x1 |
| 28:24 | gsnwizard999 · wall_segment Unknown (4006) x1 |
| 28:25 | gsnwizard999 · wall_segment Unknown (4006) x1 |
| 28:25 | gsnwizard999 · wall_segment Unknown (4006) x1 |
| 28:26 | gsnwizard999 · wall_segment Unknown (4006) x1 |
| 28:26 | gsnwizard999 · wall_segment Unknown (4006) x1 |
| 28:27 | gsnwizard999 · wall_segment Unknown (4006) x1 |
| 28:27 | gsnwizard999 · wall_segment Unknown (4006) x1 |
| 28:28 | gsnwizard999 · wall_segment Unknown (4006) x1 |
| 28:28 | Filpill · wall_segment Unknown (4001) x7 |
| 28:28 | gsnwizard999 · wall_segment Unknown (4006) x1 |
| 28:29 | gsnwizard999 · wall_segment Unknown (4006) x1 |
| 28:30 | gsnwizard999 · wall_segment Unknown (4006) x1 |
| 28:30 | pattomi · wall_segment Unknown (4001) x3 |
| 28:30 | gsnwizard999 · wall_segment Unknown (4006) x1 |
| 28:31 | gsnwizard999 · wall_segment Unknown (4006) x1 |
| 28:31 | Filpill · wall_segment Unknown (4001) x7 |
| 28:31 | pattomi · wall_segment Unknown (4001) x1 |
| 28:32 | gsnwizard999 · wall_segment Unknown (4006) x1 |
| 28:32 | gsnwizard999 · wall_segment Unknown (4006) x1 |
| 28:33 | gsnwizard999 · wall_segment Unknown (4006) x1 |
| 28:33 | gsnwizard999 · wall_segment Unknown (4006) x1 |
| 28:34 | pattomi · wall_segment Unknown (4001) x3 |
| 28:34 | gsnwizard999 · wall_segment Unknown (4006) x1 |
| 28:35 | gsnwizard999 · wall_segment Unknown (4006) x1 |
| 28:35 | Filpill · wall_segment Unknown (4001) x6 |
| 28:35 | gsnwizard999 · wall_segment Unknown (4006) x1 |
| 28:35 | gsnwizard999 · wall_segment Unknown (4006) x1 |
| 28:36 | gsnwizard999 · wall_segment Unknown (4006) x1 |
| 28:37 | gsnwizard999 · wall_segment Unknown (4006) x1 |
| 28:37 | gsnwizard999 · wall_segment Unknown (4006) x1 |
| 28:37 | pattomi · wall_segment Unknown (4001) x3 |
| 28:38 | gsnwizard999 · wall_segment Unknown (4006) x1 |
| 28:38 | gsnwizard999 · wall_segment Unknown (4006) x1 |
| 28:39 | gsnwizard999 · wall_segment Unknown (4006) x1 |
| 28:39 | gsnwizard999 · wall_segment Unknown (4006) x1 |
| 28:40 | pattomi · wall_segment Unknown (4001) x3 |
| 28:40 | gsnwizard999 · wall_segment Unknown (4006) x1 |
| 28:40 | gsnwizard999 · wall_segment Unknown (4006) x1 |
| 28:41 | gsnwizard999 · wall_segment Unknown (4006) x1 |
| 28:42 | gsnwizard999 · wall_segment Unknown (4006) x1 |
| 28:42 | gsnwizard999 · wall_segment Unknown (4006) x1 |
| 28:42 | pattomi · wall_segment Unknown (4001) x3 |
| 28:43 | gsnwizard999 · wall_segment Unknown (4006) x1 |
| 28:43 | gsnwizard999 · wall_segment Unknown (4006) x1 |
| 28:44 | gsnwizard999 · wall_segment Unknown (4006) x1 |
| 28:44 | gsnwizard999 · wall_segment Unknown (4006) x1 |
| 28:45 | gsnwizard999 · wall_segment Unknown (4006) x1 |
| 28:45 | gsnwizard999 · wall_segment Unknown (4006) x1 |
| 28:46 | gsnwizard999 · wall_segment Unknown (4006) x1 |
| 28:46 | pattomi · wall_segment Unknown (4001) x3 |
| 28:46 | gsnwizard999 · wall_segment Unknown (4006) x1 |
| 28:47 | gsnwizard999 · wall_segment Unknown (4006) x1 |
| 28:47 | gsnwizard999 · wall_segment Unknown (4006) x1 |
| 28:48 | gsnwizard999 · wall_segment Unknown (4006) x1 |
| 28:48 | gsnwizard999 · wall_segment Unknown (4006) x1 |
| 28:49 | gsnwizard999 · wall_segment Unknown (4006) x1 |
| 28:49 | gsnwizard999 · wall_segment Unknown (4006) x1 |
| 28:50 | gsnwizard999 · wall_segment Unknown (4006) x1 |
| 28:50 | gsnwizard999 · wall_segment Unknown (4006) x1 |
| 28:51 | gsnwizard999 · wall_segment Unknown (4006) x1 |
| 28:51 | gsnwizard999 · wall_segment Unknown (4006) x1 |
| 28:52 | gsnwizard999 · wall_segment Unknown (4006) x1 |
| 28:52 | gsnwizard999 · wall_segment Unknown (4006) x1 |
| 28:53 | gsnwizard999 · wall_segment Unknown (4006) x1 |
| 28:53 | gsnwizard999 · wall_segment Unknown (4006) x1 |
| 28:54 | gsnwizard999 · wall_segment Unknown (4006) x1 |
| 28:54 | gsnwizard999 · wall_segment Unknown (4006) x1 |
| 28:54 | pattomi · wall_segment Unknown (4001) x5 |
| 28:55 | gsnwizard999 · wall_segment Unknown (4006) x1 |
| 28:55 | gsnwizard999 · wall_segment Unknown (4006) x1 |
| 28:55 | gsnwizard999 · wall_segment Unknown (4006) x1 |
| 28:56 | gsnwizard999 · wall_segment Unknown (4006) x1 |
| 28:57 | gsnwizard999 · wall_segment Unknown (4006) x1 |
| 28:57 | gsnwizard999 · wall_segment Unknown (4006) x1 |
| 28:58 | Filpill · wall_segment Unknown (4001) x1 |
| 28:59 | pattomi · wall_segment Unknown (4001) x5 |
| 29:02 | pattomi · wall_segment Unknown (4001) x2 |
| 29:03 | Filpill · wall_segment Unknown (4001) x1 |
| 29:03 | pattomi · wall_segment Unknown (4001) x2 |
| 29:05 | pattomi · wall_segment Unknown (4001) x2 |
| 29:06 | Filpill · wall_segment Unknown (4001) x1 |
| 29:08 | pattomi · wall_segment Unknown (4001) x7 |
| 29:09 | Filpill · wall_segment Unknown (4001) x1 |
| 29:11 | Filpill · wall_segment Unknown (4001) x1 |
| 29:14 | Filpill · wall_segment Unknown (4001) x1 |
| 29:17 | Filpill · wall_segment Unknown (4001) x1 |
| 29:17 | gsnwizard999 · wall_segment Unknown (4006) x1 |
| 29:18 | gsnwizard999 · wall_segment Unknown (4006) x1 |
| 29:18 | gsnwizard999 · wall_segment Unknown (4006) x1 |
| 29:19 | gsnwizard999 · wall_segment Unknown (4006) x1 |
| 29:19 | Filpill · wall_segment Unknown (4001) x1 |
| 29:20 | gsnwizard999 · wall_segment Unknown (4006) x1 |
| 29:20 | gsnwizard999 · wall_segment Unknown (4006) x1 |
| 29:21 | gsnwizard999 · wall_segment Unknown (4006) x1 |
| 29:21 | gsnwizard999 · wall_segment Unknown (4006) x1 |
| 29:22 | gsnwizard999 · wall_segment Unknown (4006) x1 |
| 29:22 | gsnwizard999 · wall_segment Unknown (4006) x1 |
| 29:23 | gsnwizard999 · wall_segment Unknown (4006) x1 |
| 29:23 | gsnwizard999 · wall_segment Unknown (4006) x1 |
| 29:24 | gsnwizard999 · wall_segment Unknown (4006) x1 |
| 29:24 | Filpill · wall_segment Unknown (4001) x1 |
| 29:24 | gsnwizard999 · wall_segment Unknown (4006) x1 |
| 29:24 | gsnwizard999 · wall_segment Unknown (4006) x1 |
| 29:25 | gsnwizard999 · wall_segment Unknown (4006) x1 |
| 29:25 | Filpill · wall_segment Unknown (4001) x1 |
| 29:25 | gsnwizard999 · wall_segment Unknown (4006) x1 |
| 29:26 | gsnwizard999 · wall_segment Unknown (4006) x1 |
| 29:26 | gsnwizard999 · wall_segment Unknown (4006) x1 |
| 29:27 | gsnwizard999 · wall_segment Unknown (4006) x1 |
| 29:27 | gsnwizard999 · wall_segment Unknown (4006) x1 |
| 29:28 | gsnwizard999 · wall_segment Unknown (4006) x1 |
| 29:28 | gsnwizard999 · wall_segment Unknown (4006) x1 |
| 29:28 | Filpill · wall_segment Unknown (4001) x1 |
| 29:29 | gsnwizard999 · wall_segment Unknown (4006) x1 |
| 29:29 | gsnwizard999 · wall_segment Unknown (4006) x1 |
| 29:30 | gsnwizard999 · wall_segment Unknown (4006) x1 |
| 29:30 | gsnwizard999 · wall_segment Unknown (4006) x1 |
| 29:31 | gsnwizard999 · wall_segment Unknown (4006) x1 |
| 29:32 | gsnwizard999 · wall_segment Unknown (4006) x2 |
| 29:32 | gsnwizard999 · wall_segment Unknown (4006) x1 |
| 29:32 | Filpill · wall_segment Unknown (4001) x3 |
| 29:33 | gsnwizard999 · wall_segment Unknown (4006) x1 |
| 29:33 | gsnwizard999 · wall_segment Unknown (4006) x1 |
| 29:34 | gsnwizard999 · wall_segment Unknown (4006) x1 |
| 29:47 | gsnwizard999 · wall_segment Unknown (4006) x24 |
| 29:55 | Filpill · wall_segment Unknown (4001) x1 |
| 29:57 | Filpill · wall_segment Unknown (4001) x1 |
| 30:04 | Filpill · wall_segment Unknown (4001) x5 |
| 30:09 | Filpill · wall_segment Unknown (4001) x3 |
| 30:11 | Filpill · wall_segment Unknown (4001) x1 |
| 30:12 | Filpill · wall_segment Unknown (4001) x1 |
| 30:14 | Filpill · wall_segment Unknown (4001) x1 |
| 30:25 | pattomi · wall_segment Unknown (4001) x1 |
| 30:26 | Filpill · wall_segment Unknown (4001) x4 |
| 30:29 | Filpill · wall_segment Unknown (4001) x5 |
| 30:35 | Filpill · wall_segment Unknown (4001) x4 |
| 30:37 | pattomi · wall_segment Unknown (4001) x7 |
| 30:41 | Filpill · wall_segment Unknown (4001) x4 |
| 30:50 | Filpill · wall_segment Unknown (4001) x7 |
| 30:50 | pattomi · wall_segment Unknown (4001) x8 |
| 30:53 | pattomi · wall_segment Unknown (4001) x8 |
| 30:57 | gsnwizard999 · wall_segment Unknown (4006) x1 |
| 30:58 | gsnwizard999 · wall_segment Unknown (4006) x1 |
| 30:58 | gsnwizard999 · wall_segment Unknown (4006) x1 |
| 30:58 | pattomi · wall_segment Unknown (4001) x3 |
| 31:00 | gsnwizard999 · wall_segment Unknown (4006) x20 |
| 31:00 | pattomi · wall_segment Unknown (4001) x11 |
| 31:17 | gsnwizard999 · wall_segment Unknown (4006) x4 |
| 31:23 | gsnwizard999 · wall_segment Unknown (4006) x13 |
| 31:53 | gsnwizard999 · wall_segment Unknown (4006) x7 |
| 31:56 | gsnwizard999 · wall_segment Unknown (4006) x7 |
| 32:05 | pattomi · wall_segment Unknown (4001) x20 |
| 32:13 | pattomi · wall_segment Unknown (4001) x29 |
| 32:16 | pattomi · wall_segment Unknown (4001) x3 |
| 32:19 | pattomi · wall_segment Unknown (4001) x3 |
| 32:30 | gsnwizard999 · wall_segment Unknown (4006) x18 |
| 32:45 | gsnwizard999 · wall_segment Unknown (4006) x1 |
| 32:46 | gsnwizard999 · wall_segment Unknown (4006) x1 |
| 32:47 | gsnwizard999 · wall_segment Unknown (4006) x1 |
| 32:47 | gsnwizard999 · wall_segment Unknown (4006) x1 |
| 32:48 | gsnwizard999 · wall_segment Unknown (4006) x1 |
| 32:48 | gsnwizard999 · wall_segment Unknown (4006) x1 |
| 32:49 | gsnwizard999 · wall_segment Unknown (4006) x1 |
| 32:49 | gsnwizard999 · wall_segment Unknown (4006) x1 |
| 32:50 | gsnwizard999 · wall_segment Unknown (4006) x1 |
| 32:51 | gsnwizard999 · wall_segment Unknown (4006) x1 |
| 32:51 | gsnwizard999 · wall_segment Unknown (4006) x1 |
| 32:52 | gsnwizard999 · wall_segment Unknown (4006) x1 |
| 32:52 | gsnwizard999 · wall_segment Unknown (4006) x1 |
| 32:53 | gsnwizard999 · wall_segment Unknown (4006) x1 |
| 32:53 | gsnwizard999 · wall_segment Unknown (4006) x1 |
| 32:54 | gsnwizard999 · wall_segment Unknown (4006) x1 |
| 32:54 | gsnwizard999 · wall_segment Unknown (4006) x1 |
| 32:55 | gsnwizard999 · wall_segment Unknown (4006) x1 |
| 32:56 | gsnwizard999 · wall_segment Unknown (4006) x1 |
| 32:56 | gsnwizard999 · wall_segment Unknown (4006) x1 |
| 32:57 | gsnwizard999 · wall_segment Unknown (4006) x1 |
| 32:57 | gsnwizard999 · wall_segment Unknown (4006) x1 |
| 32:57 | gsnwizard999 · wall_segment Unknown (4006) x1 |
| 32:58 | gsnwizard999 · wall_segment Unknown (4006) x1 |
| 32:59 | gsnwizard999 · wall_segment Unknown (4006) x1 |
| 32:59 | gsnwizard999 · wall_segment Unknown (4006) x1 |
| 33:00 | gsnwizard999 · wall_segment Unknown (4006) x1 |
| 33:00 | gsnwizard999 · wall_segment Unknown (4006) x1 |
| 33:01 | gsnwizard999 · wall_segment Unknown (4006) x1 |
| 33:01 | gsnwizard999 · wall_segment Unknown (4006) x1 |
| 33:02 | gsnwizard999 · wall_segment Unknown (4006) x1 |
| 33:02 | gsnwizard999 · wall_segment Unknown (4006) x1 |
| 33:03 | gsnwizard999 · wall_segment Unknown (4006) x1 |
| 33:04 | gsnwizard999 · wall_segment Unknown (4006) x1 |
| 33:04 | gsnwizard999 · wall_segment Unknown (4006) x1 |
| 33:04 | gsnwizard999 · wall_segment Unknown (4006) x1 |
| 33:05 | gsnwizard999 · wall_segment Unknown (4006) x1 |
| 33:05 | gsnwizard999 · wall_segment Unknown (4006) x1 |
| 33:06 | gsnwizard999 · wall_segment Unknown (4006) x1 |
| 33:07 | gsnwizard999 · wall_segment Unknown (4006) x1 |
| 33:07 | gsnwizard999 · wall_segment Unknown (4006) x1 |
| 33:08 | gsnwizard999 · wall_segment Unknown (4006) x1 |
| 33:08 | gsnwizard999 · wall_segment Unknown (4006) x1 |
| 33:08 | gsnwizard999 · wall_segment Unknown (4006) x1 |
| 33:09 | gsnwizard999 · wall_segment Unknown (4006) x1 |
| 33:10 | gsnwizard999 · wall_segment Unknown (4006) x1 |
| 33:10 | gsnwizard999 · wall_segment Unknown (4006) x1 |
| 33:11 | gsnwizard999 · wall_segment Unknown (4006) x1 |
| 33:11 | gsnwizard999 · wall_segment Unknown (4006) x1 |
| 33:12 | gsnwizard999 · wall_segment Unknown (4006) x1 |
| 33:12 | gsnwizard999 · wall_segment Unknown (4006) x1 |
| 33:12 | gsnwizard999 · wall_segment Unknown (4006) x1 |
| 33:15 | gsnwizard999 · wall_segment Unknown (4006) x7 |
| 33:18 | pattomi · wall_segment Unknown (4001) x2 |
| 33:21 | pattomi · wall_segment Unknown (4001) x2 |
| 33:23 | pattomi · wall_segment Unknown (4001) x2 |
| 33:25 | pattomi · wall_segment Unknown (4001) x2 |
| 33:27 | pattomi · wall_segment Unknown (4001) x3 |
| 33:28 | gsnwizard999 · wall_segment Unknown (4006) x5 |
| 33:29 | pattomi · wall_segment Unknown (4001) x1 |
| 33:29 | gsnwizard999 · wall_segment Unknown (4006) x4 |
| 33:31 | gsnwizard999 · wall_segment Unknown (4006) x6 |
| 33:31 | pattomi · wall_segment Unknown (4001) x2 |
| 33:35 | pattomi · wall_segment Unknown (4001) x6 |
| 33:41 | pattomi · wall_segment Unknown (4001) x2 |
| 33:44 | pattomi · wall_segment Unknown (4001) x22 |
| 33:59 | pattomi · wall_segment Unknown (4001) x31 |
| 33:59 | gsnwizard999 · wall_segment Unknown (4006) x16 |
| 34:05 | pattomi · wall_segment Unknown (4001) x3 |
| 34:05 | pattomi · wall_segment Unknown (4001) x1 |
| 34:06 | pattomi · wall_segment Unknown (4001) x1 |
| 34:07 | pattomi · wall_segment Unknown (4001) x1 |
| 34:08 | pattomi · wall_segment Unknown (4001) x1 |
| 34:08 | pattomi · wall_segment Unknown (4001) x1 |
| 34:09 | pattomi · wall_segment Unknown (4001) x1 |
| 34:10 | pattomi · wall_segment Unknown (4001) x1 |
| 34:10 | pattomi · wall_segment Unknown (4001) x1 |
| 34:11 | pattomi · wall_segment Unknown (4001) x1 |
| 34:12 | pattomi · wall_segment Unknown (4001) x1 |
| 34:12 | pattomi · wall_segment Unknown (4001) x1 |
| 34:13 | pattomi · wall_segment Unknown (4001) x1 |
| 34:13 | pattomi · wall_segment Unknown (4001) x1 |
| 34:14 | pattomi · wall_segment Unknown (4001) x1 |
| 34:14 | pattomi · wall_segment Unknown (4001) x1 |
| 34:15 | pattomi · wall_segment Unknown (4001) x1 |
| 34:16 | pattomi · wall_segment Unknown (4001) x1 |
| 34:16 | pattomi · wall_segment Unknown (4001) x1 |
| 34:17 | pattomi · wall_segment Unknown (4001) x1 |
| 34:17 | pattomi · wall_segment Unknown (4001) x1 |
| 34:18 | pattomi · wall_segment Unknown (4001) x1 |
| 34:18 | pattomi · wall_segment Unknown (4001) x1 |
| 34:19 | gsnwizard999 · wall_segment Unknown (4006) x16 |
| 34:19 | pattomi · wall_segment Unknown (4001) x1 |
| 34:19 | pattomi · wall_segment Unknown (4001) x1 |
| 34:20 | pattomi · wall_segment Unknown (4001) x1 |
| 34:21 | pattomi · wall_segment Unknown (4001) x1 |
| 34:21 | pattomi · wall_segment Unknown (4001) x1 |
| 34:22 | pattomi · wall_segment Unknown (4001) x1 |
| 34:23 | pattomi · wall_segment Unknown (4001) x1 |
| 34:23 | pattomi · wall_segment Unknown (4001) x1 |
| 34:24 | pattomi · wall_segment Unknown (4001) x1 |
| 34:24 | pattomi · wall_segment Unknown (4001) x1 |
| 34:25 | pattomi · wall_segment Unknown (4001) x1 |
| 34:26 | pattomi · wall_segment Unknown (4001) x1 |
| 34:26 | pattomi · wall_segment Unknown (4001) x1 |
| 34:27 | pattomi · wall_segment Unknown (4001) x1 |
| 34:27 | pattomi · wall_segment Unknown (4001) x1 |
| 34:28 | pattomi · wall_segment Unknown (4001) x1 |
| 34:28 | pattomi · wall_segment Unknown (4001) x1 |
| 34:29 | pattomi · wall_segment Unknown (4001) x1 |
| 34:29 | pattomi · wall_segment Unknown (4001) x1 |
| 34:31 | pattomi · wall_segment Unknown (4001) x5 |
| 34:35 | pattomi · wall_segment Unknown (4001) x5 |
| 34:38 | pattomi · wall_segment Unknown (4001) x5 |
| 34:42 | pattomi · wall_segment Unknown (4001) x18 |
| 34:56 | gsnwizard999 · wall_segment Unknown (4006) x4 |
| 34:58 | gsnwizard999 · wall_segment Unknown (4006) x21 |
| 35:16 | gsnwizard999 · wall_segment Unknown (4006) x12 |
| 35:22 | gsnwizard999 · wall_segment Unknown (4006) x1 |
| 35:23 | gsnwizard999 · wall_segment Unknown (4006) x1 |
| 35:23 | gsnwizard999 · wall_segment Unknown (4006) x1 |
| 35:24 | gsnwizard999 · wall_segment Unknown (4006) x1 |
| 35:24 | gsnwizard999 · wall_segment Unknown (4006) x1 |
| 35:25 | gsnwizard999 · wall_segment Unknown (4006) x1 |
| 35:26 | gsnwizard999 · wall_segment Unknown (4006) x1 |
| 35:26 | gsnwizard999 · wall_segment Unknown (4006) x1 |
| 35:27 | gsnwizard999 · wall_segment Unknown (4006) x1 |
| 35:27 | gsnwizard999 · wall_segment Unknown (4006) x1 |
| 35:28 | gsnwizard999 · wall_segment Unknown (4006) x1 |
| 35:28 | gsnwizard999 · wall_segment Unknown (4006) x1 |
| 35:31 | gsnwizard999 · wall_segment Unknown (4006) x8 |
| 36:20 | gsnwizard999 · wall_segment Unknown (4006) x1 |
| 36:22 | gsnwizard999 · wall_segment Unknown (4006) x16 |
| 36:54 | gsnwizard999 · wall_segment Unknown (4006) x7 |
| 37:04 | gsnwizard999 · wall_segment Unknown (4006) x14 |
| 37:06 | gsnwizard999 · wall_segment Unknown (4006) x5 |
| 37:12 | pattomi · wall_segment Unknown (4001) x6 |
| 37:15 | pattomi · wall_segment Unknown (4001) x6 |
| 37:17 | gsnwizard999 · wall_segment Unknown (4006) x6 |
| 37:18 | gsnwizard999 · wall_segment Unknown (4006) x5 |
| 37:22 | gsnwizard999 · wall_segment Unknown (4006) x2 |
| 37:24 | gsnwizard999 · wall_segment Unknown (4006) x18 |
| 37:31 | pattomi · wall_segment Unknown (4001) x24 |
| 38:04 | gsnwizard999 · wall_segment Unknown (4006) x5 |
| 38:31 | gsnwizard999 · wall_segment Unknown (4006) x7 |
| 38:36 | gsnwizard999 · wall_segment Unknown (4006) x16 |
| 38:49 | gsnwizard999 · wall_segment Unknown (4006) x24 |
| 38:51 | gsnwizard999 · wall_segment Unknown (4006) x2 |
| 38:54 | gsnwizard999 · wall_segment Unknown (4006) x3 |
| 38:57 | gsnwizard999 · wall_segment Unknown (4006) x25 |
| 39:29 | pattomi · wall_segment Unknown (4005) x1 |
| 39:30 | pattomi · wall_segment Unknown (4005) x1 |
| 39:31 | pattomi · wall_segment Unknown (4005) x2 |
| 39:36 | pattomi · wall_segment Unknown (4005) x5 |
| 39:43 | pattomi · wall_segment Unknown (4005) x8 |
| 39:46 | pattomi · wall_segment Unknown (4005) x4 |
| 39:46 | pattomi · wall_segment Unknown (4005) x1 |
| 39:47 | pattomi · wall_segment Unknown (4005) x1 |
| 39:48 | pattomi · wall_segment Unknown (4005) x1 |
| 39:48 | gsnwizard999 · wall_segment Unknown (4006) x25 |
| 39:48 | pattomi · wall_segment Unknown (4005) x1 |
| 39:49 | pattomi · wall_segment Unknown (4005) x1 |
| 39:50 | pattomi · wall_segment Unknown (4005) x1 |
| 39:50 | pattomi · wall_segment Unknown (4005) x1 |
| 39:51 | pattomi · wall_segment Unknown (4005) x1 |
| 39:51 | pattomi · wall_segment Unknown (4005) x1 |
| 39:52 | pattomi · wall_segment Unknown (4005) x1 |
| 39:53 | pattomi · wall_segment Unknown (4005) x1 |
| 39:53 | pattomi · wall_segment Unknown (4005) x1 |
| 39:54 | pattomi · wall_segment Unknown (4005) x1 |
| 39:54 | pattomi · wall_segment Unknown (4005) x1 |
| 39:55 | pattomi · wall_segment Unknown (4005) x1 |
| 39:55 | pattomi · wall_segment Unknown (4005) x1 |
| 39:56 | pattomi · wall_segment Unknown (4005) x1 |
| 39:57 | pattomi · wall_segment Unknown (4005) x1 |
| 39:57 | pattomi · wall_segment Unknown (4005) x1 |
| 39:58 | pattomi · wall_segment Unknown (4005) x1 |
| 39:58 | pattomi · wall_segment Unknown (4005) x1 |
| 39:59 | pattomi · wall_segment Unknown (4005) x1 |
| 40:00 | pattomi · wall_segment Unknown (4005) x1 |
| 40:00 | pattomi · wall_segment Unknown (4005) x1 |
| 40:01 | pattomi · wall_segment Unknown (4005) x1 |
| 40:02 | pattomi · wall_segment Unknown (4005) x2 |
| 40:04 | pattomi · wall_segment Unknown (4005) x1 |
| 40:21 | gsnwizard999 · wall_segment Unknown (4006) x25 |
| 41:08 | pattomi · wall_segment Unknown (4005) x2 |
| 41:10 | pattomi · wall_segment Unknown (4005) x3 |
| 41:12 | pattomi · wall_segment Unknown (4005) x3 |
| 41:20 | pattomi · wall_segment Unknown (4005) x5 |
| 41:25 | pattomi · wall_segment Unknown (4005) x14 |
| 41:30 | pattomi · wall_segment Unknown (4005) x9 |
| 41:31 | gsnwizard999 · wall_segment Unknown (4006) x14 |
| 41:34 | pattomi · wall_segment Unknown (4005) x7 |
| 41:40 | pattomi · wall_segment Unknown (4005) x17 |
| 41:42 | Filpill · wall_segment Unknown (4001) x1 |
| 41:48 | gsnwizard999 · wall_segment Unknown (4006) x7 |
| 41:49 | gsnwizard999 · wall_segment Unknown (4006) x8 |
| 41:50 | Filpill · wall_segment Unknown (4001) x12 |
| 41:59 | gsnwizard999 · wall_segment Unknown (4006) x7 |
| 42:07 | Filpill · wall_segment Unknown (4001) x6 |
| 42:08 | pattomi · wall_segment Unknown (4005) x8 |
| 42:12 | pattomi · wall_segment Unknown (4005) x11 |
| 42:13 | Filpill · wall_segment Unknown (4001) x16 |
| 42:26 | pattomi · wall_segment Unknown (4005) x18 |
| 42:28 | Filpill · wall_segment Unknown (4001) x13 |
| 42:29 | pattomi · wall_segment Unknown (4005) x15 |
| 42:34 | Filpill · wall_segment Unknown (4001) x5 |
| 42:35 | pattomi · wall_segment Unknown (4005) x15 |
| 42:40 | Filpill · wall_segment Unknown (4001) x17 |
| 42:42 | gsnwizard999 · wall_segment Unknown (4006) x1 |
| 42:43 | gsnwizard999 · wall_segment Unknown (4006) x1 |
| 42:58 | Filpill · wall_segment Unknown (4001) x15 |
| 43:08 | Filpill · wall_segment Unknown (4001) x8 |
| 43:25 | Filpill · wall_segment Unknown (4001) x11 |
| 43:31 | gsnwizard999 · wall_segment Unknown (4006) x6 |
| 43:31 | Filpill · wall_segment Unknown (4001) x3 |
| 43:33 | gsnwizard999 · wall_segment Unknown (4006) x5 |
| 43:36 | Filpill · wall_segment Unknown (4001) x12 |
| 43:46 | gsnwizard999 · wall_segment Unknown (4006) x6 |
| 43:47 | Filpill · wall_segment Unknown (4001) x2 |
| 43:47 | gsnwizard999 · wall_segment Unknown (4006) x6 |
| 43:49 | Filpill · wall_segment Unknown (4001) x11 |
| 43:49 | Filpill · wall_segment Unknown (4001) x1 |
| 43:51 | pattomi · wall_segment Unknown (4005) x4 |
| 43:52 | Filpill · wall_segment Unknown (4001) x12 |
| 43:54 | pattomi · wall_segment Unknown (4005) x4 |
| 43:57 | pattomi · wall_segment Unknown (4005) x7 |
| 43:59 | pattomi · wall_segment Unknown (4005) x7 |
| 44:04 | pattomi · wall_segment Unknown (4005) x12 |
| 44:08 | Filpill · wall_segment Unknown (4001) x20 |
| 44:10 | pattomi · wall_segment Unknown (4005) x11 |
| 44:11 | Filpill · wall_segment Unknown (4001) x4 |
| 44:14 | pattomi · wall_segment Unknown (4005) x11 |
| 44:30 | Filpill · wall_segment Unknown (4001) x13 |
| 44:32 | gsnwizard999 · wall_segment Unknown (4006) x16 |
| 44:44 | Filpill · wall_segment Unknown (4019) x10 |
| 44:50 | Filpill · wall_segment Unknown (4019) x22 |
| 44:54 | Filpill · wall_segment Unknown (4019) x22 |
| 45:21 | gsnwizard999 · wall_segment Unknown (4006) x22 |
| 45:22 | gsnwizard999 · wall_segment Unknown (4006) x2 |
| 45:45 | gsnwizard999 · wall_segment Unknown (4006) x6 |
| 45:47 | gsnwizard999 · wall_segment Unknown (4006) x5 |
| 45:48 | gsnwizard999 · wall_segment Unknown (4006) x3 |
| 46:01 | gsnwizard999 · wall_segment Unknown (4006) x19 |
| 46:14 | gsnwizard999 · wall_segment Unknown (4006) x1 |
| 46:15 | gsnwizard999 · wall_segment Unknown (4006) x1 |
| 46:15 | gsnwizard999 · wall_segment Unknown (4006) x1 |
| 46:16 | gsnwizard999 · wall_segment Unknown (4006) x1 |
| 46:17 | gsnwizard999 · wall_segment Unknown (4006) x1 |
| 46:17 | gsnwizard999 · wall_segment Unknown (4006) x1 |
| 46:18 | gsnwizard999 · wall_segment Unknown (4006) x1 |
| 46:19 | gsnwizard999 · wall_segment Unknown (4006) x1 |
| 46:19 | gsnwizard999 · wall_segment Unknown (4006) x2 |
| 46:20 | gsnwizard999 · wall_segment Unknown (4006) x1 |
| 46:21 | gsnwizard999 · wall_segment Unknown (4006) x1 |
| 46:21 | gsnwizard999 · wall_segment Unknown (4006) x1 |
| 46:22 | gsnwizard999 · wall_segment Unknown (4006) x1 |
| 46:22 | gsnwizard999 · wall_segment Unknown (4006) x1 |
| 46:22 | gsnwizard999 · wall_segment Unknown (4006) x1 |
| 46:23 | gsnwizard999 · wall_segment Unknown (4006) x1 |
| 46:24 | gsnwizard999 · wall_segment Unknown (4006) x1 |
| 46:24 | gsnwizard999 · wall_segment Unknown (4006) x1 |
| 46:25 | gsnwizard999 · wall_segment Unknown (4006) x1 |
| 46:25 | gsnwizard999 · wall_segment Unknown (4006) x1 |
| 46:26 | gsnwizard999 · wall_segment Unknown (4006) x1 |
| 46:26 | gsnwizard999 · wall_segment Unknown (4006) x1 |
| 46:27 | gsnwizard999 · wall_segment Unknown (4006) x1 |
| 46:27 | gsnwizard999 · wall_segment Unknown (4006) x1 |
| 46:28 | gsnwizard999 · wall_segment Unknown (4006) x1 |
| 46:29 | gsnwizard999 · wall_segment Unknown (4006) x1 |
| 46:29 | pattomi · wall_segment Unknown (4005) x6 |
| 46:29 | gsnwizard999 · wall_segment Unknown (4006) x1 |
| 46:30 | gsnwizard999 · wall_segment Unknown (4006) x1 |
| 46:31 | gsnwizard999 · wall_segment Unknown (4006) x1 |
| 46:31 | gsnwizard999 · wall_segment Unknown (4006) x1 |
| 46:32 | gsnwizard999 · wall_segment Unknown (4006) x1 |
| 46:32 | pattomi · wall_segment Unknown (4005) x8 |
| 46:33 | gsnwizard999 · wall_segment Unknown (4006) x1 |
| 46:33 | gsnwizard999 · wall_segment Unknown (4006) x1 |
| 46:34 | gsnwizard999 · wall_segment Unknown (4006) x1 |
| 46:34 | gsnwizard999 · wall_segment Unknown (4006) x1 |
| 46:35 | gsnwizard999 · wall_segment Unknown (4006) x1 |
| 46:35 | gsnwizard999 · wall_segment Unknown (4006) x1 |
| 46:36 | gsnwizard999 · wall_segment Unknown (4006) x1 |
| 46:36 | gsnwizard999 · wall_segment Unknown (4006) x1 |
| 46:37 | gsnwizard999 · wall_segment Unknown (4006) x1 |
| 46:37 | pattomi · wall_segment Unknown (4005) x6 |
| 46:38 | gsnwizard999 · wall_segment Unknown (4006) x1 |
| 46:38 | gsnwizard999 · wall_segment Unknown (4006) x1 |
| 46:39 | gsnwizard999 · wall_segment Unknown (4006) x1 |
| 46:39 | gsnwizard999 · wall_segment Unknown (4006) x1 |
| 46:40 | gsnwizard999 · wall_segment Unknown (4006) x1 |
| 46:40 | gsnwizard999 · wall_segment Unknown (4006) x1 |
| 46:41 | gsnwizard999 · wall_segment Unknown (4006) x1 |
| 46:41 | gsnwizard999 · wall_segment Unknown (4006) x1 |
| 46:42 | gsnwizard999 · wall_segment Unknown (4006) x1 |
| 46:42 | gsnwizard999 · wall_segment Unknown (4006) x1 |
| 46:43 | pattomi · wall_segment Unknown (4005) x9 |
| 46:43 | gsnwizard999 · wall_segment Unknown (4006) x1 |
| 46:43 | gsnwizard999 · wall_segment Unknown (4006) x1 |
| 46:44 | gsnwizard999 · wall_segment Unknown (4006) x1 |
| 46:45 | gsnwizard999 · wall_segment Unknown (4006) x1 |
| 46:45 | gsnwizard999 · wall_segment Unknown (4006) x1 |
| 46:46 | gsnwizard999 · wall_segment Unknown (4006) x1 |
| 46:47 | gsnwizard999 · wall_segment Unknown (4006) x1 |
| 46:47 | gsnwizard999 · wall_segment Unknown (4006) x1 |
| 46:48 | gsnwizard999 · wall_segment Unknown (4006) x1 |
| 46:48 | gsnwizard999 · wall_segment Unknown (4006) x1 |
| 46:48 | gsnwizard999 · wall_segment Unknown (4006) x1 |
| 46:49 | pattomi · wall_segment Unknown (4005) x4 |
| 46:55 | gsnwizard999 · wall_segment Unknown (4006) x1 |
| 46:56 | pattomi · wall_segment Unknown (4005) x2 |
| 46:56 | gsnwizard999 · wall_segment Unknown (4006) x1 |
| 46:57 | gsnwizard999 · wall_segment Unknown (4006) x1 |
| 46:57 | gsnwizard999 · wall_segment Unknown (4006) x1 |
| 46:58 | gsnwizard999 · wall_segment Unknown (4006) x1 |
| 46:58 | gsnwizard999 · wall_segment Unknown (4006) x1 |
| 46:59 | gsnwizard999 · wall_segment Unknown (4006) x1 |
| 47:00 | gsnwizard999 · wall_segment Unknown (4006) x1 |
| 47:00 | gsnwizard999 · wall_segment Unknown (4006) x1 |
| 47:00 | pattomi · wall_segment Unknown (4005) x3 |
| 47:01 | gsnwizard999 · wall_segment Unknown (4006) x1 |
| 47:01 | gsnwizard999 · wall_segment Unknown (4006) x1 |
| 47:01 | gsnwizard999 · wall_segment Unknown (4006) x1 |
| 47:02 | gsnwizard999 · wall_segment Unknown (4006) x1 |
| 47:03 | gsnwizard999 · wall_segment Unknown (4006) x1 |
| 47:03 | pattomi · wall_segment Unknown (4005) x8 |
| 47:03 | gsnwizard999 · wall_segment Unknown (4006) x1 |
| 47:04 | gsnwizard999 · wall_segment Unknown (4006) x1 |
| 47:04 | gsnwizard999 · wall_segment Unknown (4006) x1 |
| 47:05 | gsnwizard999 · wall_segment Unknown (4006) x1 |
| 47:05 | gsnwizard999 · wall_segment Unknown (4006) x1 |
| 47:06 | gsnwizard999 · wall_segment Unknown (4006) x1 |
| 47:06 | gsnwizard999 · wall_segment Unknown (4006) x1 |
| 47:07 | gsnwizard999 · wall_segment Unknown (4006) x1 |
| 47:07 | pattomi · wall_segment Unknown (4005) x6 |
| 47:08 | gsnwizard999 · wall_segment Unknown (4006) x1 |
| 47:08 | gsnwizard999 · wall_segment Unknown (4006) x1 |
| 47:10 | gsnwizard999 · wall_segment Unknown (4006) x1 |
| 47:11 | gsnwizard999 · wall_segment Unknown (4006) x1 |
| 47:11 | gsnwizard999 · wall_segment Unknown (4006) x1 |
| 47:12 | gsnwizard999 · wall_segment Unknown (4006) x1 |
| 47:12 | gsnwizard999 · wall_segment Unknown (4006) x1 |
| 47:12 | gsnwizard999 · wall_segment Unknown (4006) x1 |
| 47:13 | gsnwizard999 · wall_segment Unknown (4006) x1 |
| 47:14 | gsnwizard999 · wall_segment Unknown (4006) x1 |
| 47:14 | gsnwizard999 · wall_segment Unknown (4006) x1 |
| 47:14 | pattomi · wall_segment Unknown (4005) x1 |
| 47:15 | gsnwizard999 · wall_segment Unknown (4006) x1 |
| 47:17 | gsnwizard999 · wall_segment Unknown (4006) x5 |
| 47:19 | pattomi · wall_segment Unknown (4005) x13 |
| 47:19 | gsnwizard999 · wall_segment Unknown (4006) x5 |
| 47:24 | gsnwizard999 · wall_segment Unknown (4006) x24 |
| 47:27 | pattomi · wall_segment Unknown (4005) x10 |
| 47:32 | gsnwizard999 · wall_segment Unknown (4006) x1 |
| 47:33 | gsnwizard999 · wall_segment Unknown (4006) x1 |
| 47:34 | gsnwizard999 · wall_segment Unknown (4006) x1 |
| 47:35 | gsnwizard999 · wall_segment Unknown (4006) x1 |
| 47:36 | gsnwizard999 · wall_segment Unknown (4006) x1 |
| 47:36 | gsnwizard999 · wall_segment Unknown (4006) x1 |
| 47:37 | gsnwizard999 · wall_segment Unknown (4006) x1 |
| 47:38 | gsnwizard999 · wall_segment Unknown (4006) x1 |
| 47:39 | gsnwizard999 · wall_segment Unknown (4006) x1 |
| 47:39 | pattomi · wall_segment Unknown (4005) x24 |
| 47:39 | gsnwizard999 · wall_segment Unknown (4006) x1 |
| 47:40 | gsnwizard999 · wall_segment Unknown (4006) x1 |
| 47:40 | gsnwizard999 · wall_segment Unknown (4006) x1 |
| 47:41 | gsnwizard999 · wall_segment Unknown (4006) x1 |
| 47:41 | gsnwizard999 · wall_segment Unknown (4006) x1 |
| 47:42 | gsnwizard999 · wall_segment Unknown (4006) x1 |
| 47:43 | gsnwizard999 · wall_segment Unknown (4006) x1 |
| 47:43 | gsnwizard999 · wall_segment Unknown (4006) x1 |
| 47:44 | gsnwizard999 · wall_segment Unknown (4006) x1 |
| 47:45 | gsnwizard999 · wall_segment Unknown (4006) x1 |
| 47:45 | gsnwizard999 · wall_segment Unknown (4006) x1 |
| 47:46 | gsnwizard999 · wall_segment Unknown (4006) x1 |
| 47:46 | gsnwizard999 · wall_segment Unknown (4006) x1 |
| 47:47 | gsnwizard999 · wall_segment Unknown (4006) x1 |
| 47:47 | gsnwizard999 · wall_segment Unknown (4006) x1 |
| 47:48 | gsnwizard999 · wall_segment Unknown (4006) x2 |
| 47:48 | gsnwizard999 · wall_segment Unknown (4006) x1 |
| 47:49 | gsnwizard999 · wall_segment Unknown (4006) x1 |
| 47:54 | gsnwizard999 · wall_segment Unknown (4006) x1 |
| 47:55 | gsnwizard999 · wall_segment Unknown (4006) x1 |
| 47:55 | gsnwizard999 · wall_segment Unknown (4006) x1 |
| 47:56 | gsnwizard999 · wall_segment Unknown (4006) x1 |
| 47:57 | gsnwizard999 · wall_segment Unknown (4006) x1 |
| 47:57 | gsnwizard999 · wall_segment Unknown (4006) x1 |
| 47:58 | gsnwizard999 · wall_segment Unknown (4006) x1 |
| 47:58 | gsnwizard999 · wall_segment Unknown (4006) x1 |
| 47:59 | gsnwizard999 · wall_segment Unknown (4006) x1 |
| 47:59 | gsnwizard999 · wall_segment Unknown (4006) x1 |
| 48:00 | gsnwizard999 · wall_segment Unknown (4006) x1 |
| 48:00 | gsnwizard999 · wall_segment Unknown (4006) x1 |
| 48:01 | gsnwizard999 · wall_segment Unknown (4006) x1 |
| 48:01 | gsnwizard999 · wall_segment Unknown (4006) x1 |
| 48:02 | gsnwizard999 · wall_segment Unknown (4006) x1 |
| 48:02 | gsnwizard999 · wall_segment Unknown (4006) x1 |
| 48:03 | gsnwizard999 · wall_segment Unknown (4006) x1 |
| 48:03 | gsnwizard999 · wall_segment Unknown (4006) x1 |
| 48:06 | gsnwizard999 · wall_segment Unknown (4006) x1 |
| 48:06 | gsnwizard999 · wall_segment Unknown (4006) x1 |
| 48:07 | gsnwizard999 · wall_segment Unknown (4006) x1 |
| 48:07 | gsnwizard999 · wall_segment Unknown (4006) x1 |
| 48:08 | gsnwizard999 · wall_segment Unknown (4006) x1 |
| 48:08 | gsnwizard999 · wall_segment Unknown (4006) x1 |
| 48:09 | gsnwizard999 · wall_segment Unknown (4006) x1 |
| 48:09 | gsnwizard999 · wall_segment Unknown (4006) x1 |
| 48:10 | gsnwizard999 · wall_segment Unknown (4006) x1 |
| 48:10 | pattomi · wall_segment Unknown (4005) x8 |
| 48:12 | gsnwizard999 · wall_segment Unknown (4006) x11 |
| 48:14 | pattomi · wall_segment Unknown (4005) x5 |
| 48:17 | pattomi · wall_segment Unknown (4005) x2 |
| 48:18 | pattomi · wall_segment Unknown (4005) x2 |
| 48:21 | pattomi · wall_segment Unknown (4005) x2 |
| 48:22 | pattomi · wall_segment Unknown (4005) x2 |
| 48:23 | gsnwizard999 · wall_segment Unknown (4006) x4 |
| 48:25 | pattomi · wall_segment Unknown (4005) x1 |
| 48:26 | gsnwizard999 · wall_segment Unknown (4006) x7 |
| 48:28 | pattomi · wall_segment Unknown (4005) x2 |
| 48:29 | gsnwizard999 · wall_segment Unknown (4006) x16 |
| 48:30 | pattomi · wall_segment Unknown (4005) x2 |
| 48:34 | pattomi · wall_segment Unknown (4005) x2 |
| 48:38 | pattomi · wall_segment Unknown (4005) x4 |
| 48:39 | pattomi · wall_segment Unknown (4005) x1 |
| 48:40 | pattomi · wall_segment Unknown (4005) x1 |
| 48:43 | pattomi · wall_segment Unknown (4005) x2 |
| 48:45 | pattomi · wall_segment Unknown (4005) x7 |
| 48:49 | gsnwizard999 · wall_segment Unknown (4006) x14 |
| 48:51 | gsnwizard999 · wall_segment Unknown (4006) x4 |
| 48:54 | gsnwizard999 · wall_segment Unknown (4006) x29 |
| 49:18 | pattomi · wall_segment Unknown (4005) x7 |
| 49:22 | pattomi · wall_segment Unknown (4005) x3 |
| 49:24 | pattomi · wall_segment Unknown (4005) x3 |
| 49:24 | gsnwizard999 · wall_segment Unknown (4006) x2 |
| 49:25 | gsnwizard999 · wall_segment Unknown (4006) x2 |
| 49:27 | gsnwizard999 · wall_segment Unknown (4006) x11 |
| 49:27 | pattomi · wall_segment Unknown (4005) x3 |
| 49:27 | gsnwizard999 · wall_segment Unknown (4006) x1 |
| 49:28 | pattomi · wall_segment Unknown (4005) x3 |
| 49:30 | pattomi · wall_segment Unknown (4005) x3 |
| 49:30 | gsnwizard999 · wall_segment Unknown (4006) x17 |
| 49:34 | pattomi · wall_segment Unknown (4005) x3 |
| 49:36 | pattomi · wall_segment Unknown (4005) x3 |
| 49:38 | pattomi · wall_segment Unknown (4005) x3 |
| 49:39 | pattomi · wall_segment Unknown (4005) x3 |
| 49:42 | pattomi · wall_segment Unknown (4005) x3 |
| 49:44 | pattomi · wall_segment Unknown (4005) x3 |
| 49:46 | pattomi · wall_segment Unknown (4005) x3 |
| 49:48 | pattomi · wall_segment Unknown (4005) x3 |
| 49:50 | pattomi · wall_segment Unknown (4005) x3 |
| 49:53 | pattomi · wall_segment Unknown (4005) x3 |
| 49:55 | pattomi · wall_segment Unknown (4005) x3 |
| 50:00 | gsnwizard999 · wall_segment Unknown (4006) x13 |
| 50:16 | gsnwizard999 · wall_segment Unknown (4006) x17 |
| 50:20 | pattomi · wall_segment Unknown (4005) x5 |
| 50:22 | pattomi · wall_segment Unknown (4005) x4 |
| 50:24 | pattomi · wall_segment Unknown (4005) x3 |
| 50:26 | pattomi · wall_segment Unknown (4005) x3 |
| 50:27 | pattomi · wall_segment Unknown (4005) x3 |
| 50:28 | gsnwizard999 · wall_segment Unknown (4006) x8 |
| 50:29 | pattomi · wall_segment Unknown (4005) x3 |
| 50:31 | gsnwizard999 · wall_segment Unknown (4006) x18 |
| 50:42 | pattomi · wall_segment Unknown (4005) x3 |
| 50:45 | pattomi · wall_segment Unknown (4005) x3 |
| 50:47 | pattomi · wall_segment Unknown (4005) x3 |
| 50:49 | pattomi · wall_segment Unknown (4005) x3 |
| 50:51 | pattomi · wall_segment Unknown (4005) x5 |
| 50:54 | pattomi · wall_segment Unknown (4005) x4 |
| 50:57 | gsnwizard999 · wall_segment Unknown (4006) x19 |
| 50:58 | pattomi · wall_segment Unknown (4005) x17 |
| 51:06 | pattomi · wall_segment Unknown (4005) x16 |
| 51:10 | gsnwizard999 · wall_segment Unknown (4006) x16 |
[ AI ANALYSIS · 1 CREDIT ]
What really happened in this match?
Wolo.gg analyzes every decision: build order, eco, micro, common mistakes by bracket. Personalized analysis on WhatsApp or Discord in 30 seconds.
Civ guide
Mongols
Perfil
中国卢氏